Workbook
Name \a: #REF!
Name \a: #REF!
Name \a: #REF!
Name \b: #REF!
Name \b: #REF!
Name \b: #REF!
Name \c: #REF!
Name \c: #REF!
Name \c: #REF!
Name \l: #REF!
Name \l: #REF!
Name \l: #REF!
Name a: #REF!
Name a: #REF!
Name a: #REF!
Name A_impresión_IM: #REF!
Name A_impresión_IM: #REF!
Name A_impresión_IM: #REF!
Name aiu_mat: [1]PRESUPUESTO!$AD$891
Name campamentos: [1]PRESUPUESTO!$AD$883
Name CUAESTRUCT: #REF!
Name CUAESTRUCT: #REF!
Name CUAESTRUCT: #REF!
Name CUAPRUEBAS: #REF!
Name CUAPRUEBAS: #REF!
Name CUAPRUEBAS: #REF!
Name equipos: [1]PRESUPUESTO!$AD$876
Name FM: #REF!
Name FM: #REF!
Name FM: #REF!
Name FMA: #REF!
Name FMA: #REF!
Name FMA: #REF!
Name FMB: #REF!
Name FMB: #REF!
Name FMB: #REF!
Name FMC: #REF!
Name FMC: #REF!
Name FMC: #REF!
Name FMD: #REF!
Name FMD: #REF!
Name FMD: #REF!
Name FME: #REF!
Name FME: #REF!
Name FME: #REF!
Name fmr: #REF!
Name fmr: #REF!
Name fmr: #REF!
Name g: #REF!
Name g: #REF!
Name g: #REF!
Name gastos_contrato: [1]PRESUPUESTO!$AD$885
Name herramientas: [1]PRESUPUESTO!$AD$878
Name INDI1: #REF!
Name INDI1: #REF!
Name INDI1: #REF!
Name inst_provis: [1]PRESUPUESTO!$AD$882
Name mano_obra_apoyo: [1]PRESUPUESTO!$AD$881
Name mano_obra_direccion: [1]PRESUPUESTO!$AD$880
Name mano_obra_directa: [1]PRESUPUESTO!$AD$872

Sheet MC 3,1
D2: MEMORIA DE CALCULO DE CANTIDADES DE OBRA | I2: Página 1 de 1
I3: Código: F-GIN-103 Versión: 3 Fecha: ENERO/2020
D4: Público Reservado Clasificado
B10: CAPÍTULO: | E10: DESCRIPCIÓN ÍTEM
B11: ITEM Nº. | D11: UNIDAD | E11: ='PRESUPUESTO PLAZA 07042022'!B5 -> Excavación manual de material heterogéneo de 0-2 m., bajo cualquier grado de humedad. Incluye: roca descompuesta, bolas de roca de volumen inferior a 0.35 m³., el cargue, transporte interno y externo, botada de material proveniente de las excavaciones en los sitios donde lo indique la interventoría y su medida será en el sitio. No incluye entibado.
B12: 3.1 | D12: M3
E13: LOCALIZACIÓN | F13: MEDIDAS | I13: CANTIDAD | J13: TOTAL
F14: LARGO (m) | G14: ANCHO (m) | H14: ALTO (m)
E16: EXCAVACIONES | I16: 268 | J16: =I16 -> 268
E35: SUBTOTAL | J35: =SUM(J15:J34) -> 268
F36: CONTINUA EN LA FICHA FICHA Nº
E37: CANTIDAD | J37: =+J35+J36 -> 268
E38: OBSERVACIONES:
D43: NOMBRE
D44: FIRMA

Sheet MC 3,2
C2: MEMORIA DE CALCULO DE CANTIDADES DE OBRA | H2: Página 1 de 1
H3: Código: F-GIN-103 Versión: 3 Fecha: ENERO/2020
C4: Público Reservado Clasificado
A10: CAPÍTULO: | D10: DESCRIPCIÓN ÍTEM
A11: ITEM Nº. | C11: UNIDAD | D11: ='PRESUPUESTO PLAZA 07042022'!B6 -> Excavación mecanica bajo cualquier grado de humedad. Incluye: roca descompuesta, bolas de roca de volumen inferior a 0.35 m³., el cargue, transporte interno y externo, botada de material proveniente de las excavaciones en los sitios donde lo indique la interventoría y su medida será en el sitio. No incluye entibado.
A12: 3.2 | C12: M2
D13: LOCALIZACIÓN | E13: MEDIDAS | H13: CANTIDAD | I13: TOTAL
E14: LARGO (m) | F14: ANCHO (m) | G14: ALTO (m)
D16: EXCAVACIONES | H16: 266 | I16: =H16 -> 266
D35: SUBTOTAL | I35: =SUM(I15:I34) -> 266
E36: CONTINUA EN LA FICHA FICHA Nº
D37: CANTIDAD | I37: =+I35+I36 -> 266
D38: OBSERVACIONES:
C43: NOMBRE
C44: FIRMA

Sheet 3,5
D1: MEMORIA DE CALCULO DE CANTIDADES DE OBRA | I1: Página 1 de 1
B4: PROYECTO: CENTRO COMERCIAL AGROPECUARIO PLAZA DE MERCADO
B5: DIRECCIÓN OBRA: CARMEN DE VIBORAL - ANTIOQUIA
B6: CONSULTORIA: | E6: LLENOS CON LIMO
B8: CAPÍTULO: | C8: MOVIMIENTOS DE TIERRA Y LLENOS
B9: ITEM Nº. | D9: UNIDAD | E9: ='[3]PRESUPUESTO PLAZA DPS V29032022'!C7 -> Llenos con material de préstamo, compactados mecánicamente hasta obtener una densidad del 98% de la máxima obtenida en el ensayo del próctor modificado. Incluye el suministro, transporte, colocación de material, la compactación de la misma y transporte interno. Y su medida será en sitio ya compactado.
D10: =+[4]PRESUPUESTO!C13 -> M3
E11: LOCALIZACIÓN | F11: MEDIDAS | I11: CANTIDAD | J11: TOTAL
F12: ALTO (m) | G12: ANCHO (m) | H12: LARGO (m)
E13: PLATAFORMA PLAZA | F13: 0.05 | G13: 26.6 | H13: 100 | I13: 1 | J13: =+ROUND((F13*I13*G13*H13),2) -> 133
E147: ZAPATAS
E148: EJE A | F148: 1 | G148: 1 | H148: 1 | I148: 18 | J148: =+ROUND((F148*I148*G148*H148),2) -> 18
E149: EJE B | F149: 1 | G149: =+$G$13 -> 26.6 | H149: 1 | I149: 2 | J149: =+ROUND((F149*I149*G149*H149),2) -> 53.2
E150: EJE B | F150: 1 | G150: 1.6 | H150: 1.6 | I150: 12 | J150: =+ROUND((F150*I150*G150*H150),2) -> 30.72
E151: EJE B | F151: 1 | G151: 1.8 | H151: 1.8 | I151: 4 | J151: =+ROUND((F151*I151*G151*H151),2) -> 12.96
E152: EJE C | F152: 1 | G152: 1.6 | H152: 1.6 | I152: 4 | J152: =+ROUND((F152*I152*G152*H152),2) -> 10.24
E153: EJE F | F153: 1 | G153: =+$G$13 -> 26.6 | H153: 1 | I153: 2 | J153: =+ROUND((F153*I153*G153*H153),2) -> 53.2
E154: EJE F | F154: 1 | G154: 1.6 | H154: 1.6 | I154: 12 | J154: =+ROUND((F154*I154*G154*H154),2) -> 30.72
E155: EJE F | F155: 1 | G155: 1.8 | H155: 1.8 | I155: 4 | J155: =+ROUND((F155*I155*G155*H155),2) -> 12.96
E156: EJE G | F156: 1 | G156: 1 | H156: 1 | I156: 18 | J156: =+ROUND((F156*I156*G156*H156),2) -> 18
E164: SUBTOTAL | J164: =SUM(J13:J163) -> 373
F165: CONTINUA EN LA FICHA FICHA Nº
E166: CANTIDAD | J166: =+J164+J165 -> 373
E167: OBSERVACIONES:
D172: NOMBRE
D173: FIRMA

Sheet MC 3,5
C2: MEMORIA DE CALCULO DE CANTIDADES DE OBRA | H2: Página 1 de 1
H3: Código: F-GIN-103 Versión: 3 Fecha: ENERO/2020
C4: Público Reservado Clasificado
A10: CAPÍTULO: | D10: DESCRIPCIÓN ÍTEM
A11: ITEM Nº. | C11: UNIDAD | D11: ='PRESUPUESTO PLAZA 07042022'!B7 -> Llenos con material de préstamo, compactados mecánicamente hasta obtener una densidad del 98% de la máxima obtenida en el ensayo del próctor modificado. Incluye el suministro, transporte, colocación de material, la compactación de la misma y transporte interno. Y su medida será en sitio ya compactado.
A12: 3.5 | C12: M3
D13: LOCALIZACIÓN | E13: MEDIDAS | H13: CANTIDAD | I13: TOTAL
E14: LARGO (m) | F14: ANCHO (m) | G14: ALTO (m)
D16: LLENOS | H16: 345.8 | I16: =H16 -> 345.8
D35: SUBTOTAL | I35: =SUM(I15:I34) -> 345.8
E36: CONTINUA EN LA FICHA FICHA Nº
D37: CANTIDAD | I37: =+I35+I36 -> 345.8
D38: OBSERVACIONES:
C43: NOMBRE
C44: FIRMA

Sheet MC 3,6
C2: MEMORIA DE CALCULO DE CANTIDADES DE OBRA | H2: Página 1 de 1
H3: Código: F-GIN-103 Versión: 3 Fecha: ENERO/2020
C4: Público Reservado Clasificado
A10: CAPÍTULO: | D10: DESCRIPCIÓN ÍTEM
A11: ITEM Nº. | C11: UNIDAD | D11: ='PRESUPUESTO PLAZA 07042022'!B8 -> Llenos con material proveniente de excavación compactados mecánicamente. Incluye transporte interno. Su medida será en sitio ya compactado.
A12: 3.6 | C12: M3
D13: LOCALIZACIÓN | E13: MEDIDAS | H13: CANTIDAD | I13: TOTAL
E14: LARGO (m) | F14: ANCHO (m) | G14: ALTO (m)
D16: LLENOS | H16: 20 | I16: =H16 -> 20
D35: SUBTOTAL | I35: =SUM(I15:I34) -> 20
E36: CONTINUA EN LA FICHA FICHA Nº
D37: CANTIDAD | I37: =+I35+I36 -> 20
D38: OBSERVACIONES:
C43: NOMBRE
C44: FIRMA

Sheet MC 3,7
C2: MEMORIA DE CALCULO DE CANTIDADES DE OBRA | H2: Página 1 de 1
H3: Código: F-GIN-103 Versión: 3 Fecha: ENERO/2020
C4: Público Reservado Clasificado
A10: CAPÍTULO: | D10: DESCRIPCIÓN ÍTEM
A11: ITEM Nº. | C11: UNIDAD | D11: Suministro, transporte y colocación de base granular de máximo Ø 1½", reacomodado con medios mecánicos y compactado al 95% mínimo del ensayo del proctor modificado, según normas para la construcción de pavimentos en el Valle de Aburrá, y todo lo necesario para su correcta construcción y funcionamiento Su medida sera tomada en sitio ya compactado.
A12: 3.7 | C12: M3
D13: LOCALIZACIÓN | E13: MEDIDAS | H13: CANTIDAD | I13: TOTAL
E14: LARGO (m) | F14: ANCHO (m) | G14: ALTO (m)
D16: LLENOS | E16: 151.73 | F16: 23.3 | G16: 0.3 | H16: 1060.57 | I16: =H16 -> 1060.57
D35: SUBTOTAL | I35: =SUM(I15:I34) -> 1060.57
E36: CONTINUA EN LA FICHA FICHA Nº
D37: CANTIDAD | I37: =+I35+I36 -> 1060.57
D38: OBSERVACIONES:
C43: NOMBRE
C44: FIRMA

Sheet 4,1
D1: MEMORIA DE CALCULO DE CANTIDADES DE OBRA | I1: Página 1 de 1
B4: PROYECTO: CENTRO COMERCIAL AGROPECUARIO PLAZA DE MERCADO
B5: DIRECCIÓN OBRA: CARMEN DE VIBORAL - ANTIOQUIA
B6: CONSULTORIA: | E6: LLENOS
B8: CAPÍTULO: | C8: MOVIMIENTOS DE TIERRA Y LLENOS
B9: ITEM Nº. | D9: UNIDAD | E9: ='[3]PRESUPUESTO PLAZA DPS V29032022'!C10 -> Concreto preparado en obra de 21 MPa para estructuras con acabado a la vista. Incluye suministro, transporte e instalación del concreto, mano de obra, vibrado, protección y curado, para estructuras de acuerdo con las diferentes dimensiones establecidas en los planos y diseños. No incluye acero de refuerzo. Según diseño.
D10: =+[4]PRESUPUESTO!C13 -> M3
E11: LOCALIZACIÓN | F11: MEDIDAS | I11: CANTIDAD | J11: TOTAL
F12: ALTO (m) | G12: ANCHO (m) | H12: LARGO (m)
E13: EJE A | F13: 0.4 | G13: 1 | H13: 1 | I13: 18 | J13: =+ROUND((F13*I13*G13*H13),2) -> 7.2
E14: EJE B | F14: 0.4 | G14: =+$G$13 -> 1 | H14: 1 | I14: 2 | J14: =+ROUND((F14*I14*G14*H14),2) -> 0.8
E15: EJE B | F15: 0.4 | G15: 1.6 | H15: 1.6 | I15: 12 | J15: =+ROUND((F15*I15*G15*H15),2) -> 12.29
E16: EJE B | F16: 0.4 | G16: 1.8 | H16: 1.8 | I16: 4 | J16: =+ROUND((F16*I16*G16*H16),2) -> 5.18
E17: EJE C | F17: 0.4 | G17: 1.6 | H17: 1.6 | I17: 4 | J17: =+ROUND((F17*I17*G17*H17),2) -> 4.1
E18: EJE F | F18: 0.4 | G18: =+$G$13 -> 1 | H18: 1 | I18: 2 | J18: =+ROUND((F18*I18*G18*H18),2) -> 0.8
E19: EJE F | F19: 0.4 | G19: 1.6 | H19: 1.6 | I19: 12 | J19: =+ROUND((F19*I19*G19*H19),2) -> 12.29
E20: EJE F | F20: 0.4 | G20: 1.8 | H20: 1.8 | I20: 4 | J20: =+ROUND((F20*I20*G20*H20),2) -> 5.18
E21: EJE G | F21: 0.4 | G21: 1 | H21: 1 | I21: 18 | J21: =+ROUND((F21*I21*G21*H21),2) -> 7.2
E148: PLATAFORMA PLAZA | F148: 0.08 | G148: 26.8 | H148: 100 | I148: 1 | J148: =+ROUND((F148*I148*G148*H148),2) -> 214.4
J149: =+ROUND((F149*I149*G149*H149),2) -> 0
E150: COLUMNAS | F150: 5 | G150: 0.3 | H150: 0.6 | I150: 76 | J150: =+ROUND((F150*I150*G150*H150),2) -> 68.4
J151: =+ROUND((F151*I151*G151*H151),2) -> 0
E152: VIGAS FUNDACION | F152: 0.4 | G152: 0.5 | H152: 100 | I152: 5 | J152: =+ROUND((F152*I152*G152*H152),2) -> 100
E153: VIGAS FUNDACION | F153: 0.4 | G153: 0.5 | H153: 26.6 | I153: 18 | J153: =+ROUND((F153*I153*G153*H153),2) -> 95.76
J154: =+ROUND((F154*I154*G154*H154),2) -> 0
E155: VIGAS CUBIERTA | F155: 0.3 | G155: 0.5 | H155: 100 | I155: 5 | J155: =+ROUND((F155*I155*G155*H155),2) -> 75
E156: VIGAS CUBIERTA | F156: 0.3 | G156: 0.5 | H156: 26.6 | I156: 18 | J156: =+ROUND((F156*I156*G156*H156),2) -> 71.82
J157: =+ROUND((F157*I157*G157*H157),2) -> 0
E158: LOSAS DE CUBIERTA | F158: 0.12 | G158: 6 | H158: 26.6 | I158: 2 | J158: =+ROUND((F158*I158*G158*H158),2) -> 38.3
E159: LOSAS DE CUBIERTA | F159: 0.12 | G159: 100 | H159: 1 | I159: 2 | J159: =+ROUND((F159*I159*G159*H159),2) -> 24
E164: SUBTOTAL | J164: =SUM(J13:J163) -> 742.72
F165: CONTINUA EN LA FICHA FICHA Nº
E166: CANTIDAD | J166: =+J164+J165 -> 742.72
E167: OBSERVACIONES:
D172: NOMBRE
D173: FIRMA

Sheet MC 4,1
C2: MEMORIA DE CALCULO DE CANTIDADES DE OBRA | H2: Página 1 de 1
H3: Código: F-GIN-103 Versión: 3 Fecha: ENERO/2020
C4: Público Reservado Clasificado
A10: CAPÍTULO: | D10: DESCRIPCIÓN ÍTEM
A11: ITEM Nº. | C11: UNIDAD | D11: ='PRESUPUESTO PLAZA 07042022'!B10 -> Concreto preparado en obra de 21 MPa para estructuras con acabado a la vista. Incluye suministro, transporte e instalación del concreto, mano de obra, vibrado, protección y curado, para estructuras de acuerdo con las diferentes dimensiones establecidas en los planos y diseños. No incluye acero de refuerzo. Según diseño.
A12: 4.1 | C12: M3
D13: LOCALIZACIÓN | E13: MEDIDAS | H13: CANTIDAD | I13: TOTAL
E14: LARGO (m) | F14: ANCHO (m) | G14: ALTO (m)
D16: CONCRETO | H16: 742.42 | I16: =H16 -> 742.42
D35: SUBTOTAL | I35: =SUM(I15:I34) -> 742.42
E36: CONTINUA EN LA FICHA FICHA Nº
D37: CANTIDAD | I37: =+I35+I36 -> 742.42
D38: OBSERVACIONES:
C43: NOMBRE
C44: FIRMA

Sheet 4,2
D1: MEMORIA DE CALCULO DE CANTIDADES DE OBRA | I1: Página 1 de 1
B4: PROYECTO: CENTRO COMERCIAL AGROPECUARIO PLAZA DE MERCADO
B5: DIRECCIÓN OBRA: CARMEN DE VIBORAL - ANTIOQUIA
B6: CONSULTORIA:
B8: CAPÍTULO: | C8: =+[4]PRESUPUESTO!B24 -> CIMENTACIÓN Y ESTRUCTURA | E8: DESCRIPCIÓN ÍTEM
B9: ITEM Nº. | D9: UNIDAD | E9: =+[4]PRESUPUESTO!B29 -> SUMINISTRO E INSTALACIÓN ACERO DE REFUERZO DE 60000 PSI
D10: =+[4]PRESUPUESTO!C29 -> KG
E11: LOCALIZACIÓN | F11: MEDIDAS | I11: CANTIDAD | J11: TOTAL
F12: ALTO (m) | G12: ANCHO (m) | H12: LARGO (m)
E13: VIGAS DE CIMENTACIÓN
E14: VIGA 2,7,8 | F14: KG/ML | G14: No. DE VARILLAS | H14: LARGO (m) | I14: CANTIDAD VIGAS
E15: REFUERZO SUPERIOR (No.5) | F15: 1.552 | G15: 3 | H15: =8.3+12 -> 20.3 | I15: 3 | J15: =+ROUND((I15*F15*H15*G15),2) -> 283.55
E16: REFUERZO INFERIOR (No.5) | F16: 1.552 | G16: 3 | H16: =10.5+8 -> 18.5 | I16: =+$I$15 -> 3 | J16: =+ROUND((I16*F16*H16*G16),2) -> 258.41
E17: FLEJES A-B | F17: 0.56 | G17: 38 | H17: 1.15 | I17: =+$I$15 -> 3 | J17: =+ROUND((I17*F17*H17*G17),2) -> 73.42
E18: FLEJES B-C | F18: 0.56 | G18: 57 | H18: 1.15 | I18: =+$I$15 -> 3 | J18: =+ROUND((I18*F18*H18*G18),2) -> 110.12
E19: FLEJES C-D | F19: 0.56 | G19: 30 | H19: 1.15 | I19: =+$I$15 -> 3 | J19: =+ROUND((I19*F19*H19*G19),2) -> 57.96
E20: VIGA 3' Y 5' | F20: KG/ML | G20: No. DE VARILLAS | H20: LARGO (m) | I20: CANTIDAD VIGAS
E21: REFUERZO SUPERIOR (No.5) | F21: 1.552 | G21: 3 | H21: 9 | I21: 2 | J21: =+ROUND((I21*F21*H21*G21),2) -> 83.81
E22: REFUERZO INFERIOR (No.5) | F22: 1.552 | G22: 2 | H22: 9 | I22: =+$I$21 -> 2 | J22: =+ROUND((I22*F22*H22*G22),2) -> 55.87
E23: FLEJES B'-C | F23: 0.56 | G23: 20 | H23: 1.15 | I23: =+$I$21 -> 2 | J23: =+ROUND((I23*F23*H23*G23),2) -> 25.76
E24: FLEJES C-D | F24: 0.56 | G24: 33 | H24: 1.15 | I24: =+$I$21 -> 2 | J24: =+ROUND((I24*F24*H24*G24),2) -> 42.5
E25: VIGA 3 Y 6 | F25: KG/ML | G25: No. DE VARILLAS | H25: LARGO (m) | I25: CANTIDAD VIGAS
E26: REFUERZO SUPERIOR (No.5) | F26: 1.552 | G26: 3 | H26: =11.4+12+10+9.8 -> 43.2 | I26: 2 | J26: =+ROUND((I26*F26*H26*G26),2) -> 402.28
E27: REFUERZO INFERIOR (No.5) | F27: 1.552 | G27: 3 | H27: =7.8+8+12+9.4+7 -> 44.2 | I27: =+$I$26 -> 2 | J27: =+ROUND((I27*F27*H27*G27),2) -> 411.59
E28: FLEJES D-E | F28: 0.56 | G28: 22 | H28: 1.15 | I28: =+$I$26 -> 2 | J28: =+ROUND((I28*F28*H28*G28),2) -> 28.34
E29: FLEJES E-F | F29: 0.56 | G29: 31 | H29: 1.15 | I29: =+$I$26 -> 2 | J29: =+ROUND((I29*F29*H29*G29),2) -> 39.93
E30: FLEJES F-G | F30: 0.56 | G30: 29 | H30: 1.15 | I30: =+$I$26 -> 2 | J30: =+ROUND((I30*F30*H30*G30),2) -> 37.35
E31: FLEJES G-H | F31: 0.56 | G31: 29 | H31: 1.15 | I31: =+$I$26 -> 2 | J31: =+ROUND((I31*F31*H31*G31),2) -> 37.35
E32: FLEJES H-I | F32: 0.56 | G32: 32 | H32: 1.15 | I32: =+$I$26 -> 2 | J32: =+ROUND((I32*F32*H32*G32),2) -> 41.22
E33: FLEJES I-J | F33: 0.56 | G33: 58 | H33: 1.15 | I33: =+$I$26 -> 2 | J33: =+ROUND((I33*F33*H33*G33),2) -> 74.7
E34: FLEJES J-K | F34: 0.56 | G34: 30 | H34: 1.15 | I34: =+$I$26 -> 2 | J34: =+ROUND((I34*F34*H34*G34),2) -> 38.64
E35: FLEJES K-L | F35: 0.56 | G35: 31 | H35: 1.15 | I35: =+$I$26 -> 2 | J35: =+ROUND((I35*F35*H35*G35),2) -> 39.93
E36: VIGA A | F36: KG/ML | G36: No. DE VARILLAS | H36: LARGO (m) | I36: CANTIDAD VIGAS
E37: REFUERZO SUPERIOR (No.5) | F37: 1.552 | G37: 3 | H37: =6+12+9.55 -> 27.55 | I37: 1 | J37: =+ROUND((I37*F37*H37*G37),2) -> 128.27
E38: REFUERZO INFERIOR (No.5) | F38: 1.552 | G38: 3 | H38: =8.1+7.4+12 -> 27.5 | I38: =+$I$37 -> 1 | J38: =+ROUND((I38*F38*H38*G38),2) -> 128.04
E39: FLEJES 2-4 | F39: 0.56 | G39: 49 | H39: 1.15 | I39: =+$I$37 -> 1 | J39: =+ROUND((I39*F39*H39*G39),2) -> 31.56
E40: FLEJES 4-5 | F40: 0.56 | G40: 50 | H40: 1.15 | I40: =+$I$37 -> 1 | J40: =+ROUND((I40*F40*H40*G40),2) -> 32.2
E41: FLEJES 5-7 | F41: 0.56 | G41: 42 | H41: 1.15 | I41: =+$I$37 -> 1 | J41: =+ROUND((I41*F41*H41*G41),2) -> 27.05
E42: FLEJES 7-8 | F42: 0.56 | G42: 26 | H42: 1.15 | I42: =+$I$37 -> 1 | J42: =+ROUND((I42*F42*H42*G42),2) -> 16.74
E43: VIGA B | F43: KG/ML | G43: No. DE VARILLAS | H43: LARGO (m) | I43: CANTIDAD VIGAS
E44: REFUERZO SUPERIOR (No.5) | F44: 1.552 | G44: 3 | H44: 4.8 | I44: 1 | J44: =+ROUND((I44*F44*H44*G44),2) -> 22.35
E45: REFUERZO INFERIOR (No.5) | F45: 1.552 | G45: 3 | H45: 4.8 | I45: =+$I$44 -> 1 | J45: =+ROUND((I45*F45*H45*G45),2) -> 22.35
E46: FLEJES 7-8 | F46: 0.56 | G46: 26 | H46: 1.15 | I46: =+$I$44 -> 1 | J46: =+ROUND((I46*F46*H46*G46),2) -> 16.74
E47: VIGA B' | F47: KG/ML | G47: No. DE VARILLAS | H47: LARGO (m) | I47: CANTIDAD VIGAS
E48: REFUERZO SUPERIOR (No.5) | F48: 1.552 | G48: 3 | H48: =6+10.2+7.3 -> 23.5 | I48: 1 | J48: =+ROUND((I48*F48*H48*G48),2) -> 109.42
E49: REFUERZO INFERIOR (No.5) | F49: 1.552 | G49: 3 | H49: =10.6+12 -> 22.6 | I49: =+$I$48 -> 1 | J49: =+ROUND((I49*F49*H49*G49),2) -> 105.23
E50: FLEJES 2-3' | F50: 0.56 | G50: 33 | H50: 1.15 | I50: =+$I$48 -> 1 | J50: =+ROUND((I50*F50*H50*G50),2) -> 21.25
E51: FLEJES 3'-5' | F51: 0.56 | G51: 81 | H51: 1.15 | I51: =+$I$48 -> 1 | J51: =+ROUND((I51*F51*H51*G51),2) -> 52.16
E52: FLEJES 5'-7 | F52: 0.56 | G52: 27 | H52: 1.15 | I52: =+$I$48 -> 1 | J52: =+ROUND((I52*F52*H52*G52),2) -> 17.39
E53: VIGA C Y D | F53: KG/ML | G53: No. DE VARILLAS | H53: LARGO (m) | I53: CANTIDAD VIGAS
E54: REFUERZO SUPERIOR (No.5) | F54: 1.552 | G54: 3 | H54: =10+10.2+7.3 -> 27.5 | I54: 2 | J54: =+ROUND((I54*F54*H54*G54),2) -> 256.08
E55: REFUERZO INFERIOR (No.5) | F55: 1.552 | G55: 3 | H55: =7.6+8+12 -> 27.6 | I55: =+$I$54 -> 2 | J55: =+ROUND((I55*F55*H55*G55),2) -> 257.01
E56: FLEJES 2-3' | F56: 0.56 | G56: 33 | H56: 1.15 | I56: =+$I$54 -> 2 | J56: =+ROUND((I56*F56*H56*G56),2) -> 42.5
E57: FLEJES 3'-5' | F57: 0.56 | G57: 81 | H57: 1.15 | I57: =+$I$54 -> 2 | J57: =+ROUND((I57*F57*H57*G57),2) -> 104.33
E58: FLEJES 5'-7 | F58: 0.56 | G58: 27 | H58: 1.15 | I58: =+$I$54 -> 2 | J58: =+ROUND((I58*F58*H58*G58),2) -> 34.78
E59: FLEJES 7-8 | F59: 0.56 | G59: 26 | H59: 1.15 | I59: =+$I$54 -> 2 | J59: =+ROUND((I59*F59*H59*G59),2) -> 33.49
E60: VIGA I,J,L | F60: KG/ML | G60: No. DE VARILLAS | H60: LARGO (m) | I60: CANTIDAD VIGAS
E61: REFUERZO SUPERIOR (No.5) | F61: 1.552 | G61: 3 | H61: =7.1+5.9+7.6 -> 20.6 | I61: 3 | J61: =+ROUND((I61*F61*H61*G61),2) -> 287.74
E62: REFUERZO INFERIOR (No.5) | F62: 1.552 | G62: 3 | H62: =9.5+10.1 -> 19.6 | I62: =+$I$61 -> 3 | J62: =+ROUND((I62*F62*H62*G62),2) -> 273.77
E63: FLEJES 3-4 | F63: 0.56 | G63: 35 | H63: 1.15 | I63: =+$I$61 -> 3 | J63: =+ROUND((I63*F63*H63*G63),2) -> 67.62
E64: FLEJES 4-5 | F64: 0.56 | G64: 50 | H64: 1.15 | I64: =+$I$61 -> 3 | J64: =+ROUND((I64*F64*H64*G64),2) -> 96.6
E65: FLEJES 5-6 | F65: 0.56 | G65: 35 | H65: 1.15 | I65: =+$I$61 -> 3 | J65: =+ROUND((I65*F65*H65*G65),2) -> 67.62
E66: VIGA 4,5 | F66: KG/ML | G66: No. DE VARILLAS | H66: LARGO (m) | I66: CANTIDAD VIGAS
E67: REFUERZO SUPERIOR (No.5) | F67: 1.552 | G67: 3 | H67: =11.4+7.9 -> 19.3 | I67: 2 | J67: =+ROUND((I67*F67*H67*G67),2) -> 179.72
E68: REFUERZO INFERIOR (No.5) | F68: 1.552 | G68: 3 | H68: =7.8+11.45 -> 19.25 | I68: =+$I$67 -> 2 | J68: =+ROUND((I68*F68*H68*G68),2) -> 179.26
E69: FLEJES I-J | F69: 0.56 | G69: 58 | H69: 1.15 | I69: =+$I$67 -> 2 | J69: =+ROUND((I69*F69*H69*G69),2) -> 74.7
E70: FLEJES J-K | F70: 0.56 | G70: 70 | H70: 1.15 | I70: =+$I$67 -> 2 | J70: =+ROUND((I70*F70*H70*G70),2) -> 90.16
E71: PILOTES | F71: Kg/ML | G71: No. DE VARILLAS | H71: LARGO (m)
E72: REFUERZO TRANSVERSAL (No.8) | F72: 3.973 | G72: 8 | H72: 6.6 | I72: 175 | J72: =+ROUND((I72*F72*H72*G72),2) -> 36710.52
E73: FLEJE (No.3) | F73: 0.56 | G73: 46 | H73: 1.35 | I73: 175 | J73: =+ROUND((I73*F73*H73*G73),2) -> 6085.8
E74: REFUERZO DADO SENTIDO 1 (No.6) | F74: 2.235 | G74: 10 | H74: 2.07 | I74: 69 | J74: =+ROUND((I74*F74*H74*G74),2) -> 3192.25
E75: REFUERZO DADO SENTIDO 2 (No.6) | F75: 2.235 | G75: 11 | H75: 1.96 | I75: 69 | J75: =+ROUND((I75*F75*H75*G75),2) -> 3324.88
E76: TANQUE SUMINISTRO Y CUARTO DE BOMBAS | F76: Kg/ML | H76: LARGO (m)
E77: MURO 1 - T | F77: 0.994 | H77: =3.61+0.17*2 -> 3.95 | I77: =21*2 -> 42 | J77: =+ROUND((I77*F77*H77),2) -> 164.9
E78: MURO 1 - L | F78: =+$F$77 -> 0.994 | H78: =5.11+0.17*2 -> 5.45 | I78: =15*2 -> 30 | J78: =+ROUND((I78*F78*H78),2) -> 162.52
E79: MURO 2 - T | F79: =+$F$77 -> 0.994 | H79: =4.21+0.17*2 -> 4.55 | I79: =7*2 -> 14 | J79: =+ROUND((I79*F79*H79),2) -> 63.32
E80: MURO 2 - L | F80: =+$F$77 -> 0.994 | H80: =1.55+0.17*2 -> 1.89 | I80: =2*17 -> 34 | J80: =+ROUND((I80*F80*H80),2) -> 63.87
E81: MURO 3 - T | F81: =+$F$77 -> 0.994 | H81: =3.61*0.17 -> 0.6137 | I81: =17*2 -> 34 | J81: =+ROUND((I81*F81*H81),2) -> 20.74
E82: MURO 3 - L | F82: =+$F$77 -> 0.994 | H82: =4.18+0.17*2 -> 4.52 | I82: =15*2 -> 30 | J82: =+ROUND((I82*F82*H82),2) -> 134.79
E83: MURO 4 - T | F83: =+$F$77 -> 0.994 | H83: =3.61+0.17*2 -> 3.95 | I83: =21*2 -> 42 | J83: =+ROUND((I83*F83*H83),2) -> 164.9
E84: MURO 4 - L | F84: =+$F$77 -> 0.994 | H84: =5.11+0.17*2 -> 5.45 | I84: =15*2 -> 30 | J84: =+ROUND((I84*F84*H84),2) -> 162.52
E85: MURO 5 - T | F85: =+$F$77 -> 0.994 | H85: =4.21+0.17*2 -> 4.55 | I85: =7*2 -> 14 | J85: =+ROUND((I85*F85*H85),2) -> 63.32
E86: MURO 5 - L | F86: =+$F$77 -> 0.994 | H86: =1.55+0.17*2 -> 1.89 | I86: =2*17 -> 34 | J86: =+ROUND((I86*F86*H86),2) -> 63.87
E87: MURO 6 - T | F87: =+$F$77 -> 0.994 | H87: =3.61+0.17*2 -> 3.95 | I87: =17*2 -> 34 | J87: =+ROUND((I87*F87*H87),2) -> 133.49
E88: MURO 6 - L | F88: =+$F$77 -> 0.994 | H88: =4.18+0.17*2 -> 4.52 | I88: =15*2 -> 30 | J88: =+ROUND((I88*F88*H88),2) -> 134.79
E89: MURO 7 - T | F89: =+$F$77 -> 0.994 | H89: =3.61+0.17*2 -> 3.95 | I89: =27*2 -> 54 | J89: =+ROUND((I89*F89*H89),2) -> 212.02
E90: MURO 7 - L | F90: =+$F$77 -> 0.994 | H90: =6.56+0.17*2 -> 6.9 | I90: =15*2 -> 30 | J90: =+ROUND((I90*F90*H90),2) -> 205.76
E91: MURO 8 - T | F91: =+$F$77 -> 0.994 | H91: =3.61+0.17*2 -> 3.95 | I91: =27*2 -> 54 | J91: =+ROUND((I91*F91*H91),2) -> 212.02
E92: MURO 8 - L | F92: =+$F$77 -> 0.994 | H92: =6.56+0.17*2 -> 6.9 | I92: =15*2 -> 30 | J92: =+ROUND((I92*F92*H92),2) -> 205.76
E93: MURO 9 - T | F93: =+$F$77 -> 0.994 | H93: =8.53+0.17*2 -> 8.87 | I93: =27*2 -> 54 | J93: =+ROUND((I93*F93*H93),2) -> 476.11
E94: MURO 9 - L | F94: =+$F$77 -> 0.994 | H94: =6.56+0.17*2 -> 6.9 | I94: =18*2 -> 36 | J94: =+ROUND((I94*F94*H94),2) -> 246.91
E95: CONTRAPISO 1 | F95: =+$F$77 -> 0.994 | H95: =6.53+0.17*2 -> 6.87 | I95: =44*2 -> 88 | J95: =+ROUND((I95*F95*H95),2) -> 600.93
E96: CONTRAPISO 2 | F96: =+$F$77 -> 0.994 | H96: =10.84+0.17*2 -> 11.18 | I96: =27*2 -> 54 | J96: =+ROUND((I96*F96*H96),2) -> 600.1
E97: COLUMNA TIPO 1 | F97: =+$F$77 -> 0.994 | H97: =3.71+0.17*2 -> 4.05 | I97: =8*6 -> 48 | J97: =+ROUND((I97*F97*H97),2) -> 193.23
E98: COLUMNA TIPO 2 | F98: =+$F$77 -> 0.994 | H98: =4.31+0.17*2 -> 4.65 | I98: =8*3 -> 24 | J98: =+ROUND((I98*F98*H98),2) -> 110.93
E99: FLEJES COLUMNA TIPO 1 | F99: 0.55936 | H99: =1.7+0.2 -> 1.9 | I99: =14*6 -> 84 | J99: =+ROUND((I99*F99*H99),2) -> 89.27
E100: FLEJES COLUMNA TIPO 2 | F100: 0.55936 | H100: =1.7+0.2 -> 1.9 | I100: =17*3 -> 51 | J100: =+ROUND((I100*F100*H100),2) -> 54.2
E101: CIMENTACION | F101: Kg/ML | H101: LARGO (m)
E102: ZAPATA 1X1X0,2 | F102: 0.994 | H102: =0.87+0.17*2 -> 1.21 | I102: =10*12 -> 120 | J102: =+ROUND((I102*F102*H102),2) -> 144.33
E103: COLUMNA 0,3X0,3 | F103: 0.994 | H103: =3.5+0.17*2 -> 3.84 | I103: =6*12 -> 72 | J103: =+ROUND((I103*F103*H103),2) -> 274.82
...

Sheet MC 4,2
C2: MEMORIA DE CALCULO DE CANTIDADES DE OBRA | H2: Página 1 de 1
H3: Código: F-GIN-103 Versión: 3 Fecha: ENERO/2020
C4: Público Reservado Clasificado
A10: CAPÍTULO: | D10: DESCRIPCIÓN ÍTEM
A11: ITEM Nº. | C11: UNIDAD | D11: ='PRESUPUESTO PLAZA 07042022'!B11 -> Suministro de acero estructural Grado 60 (fy=4,200 kg/cm²). Incluye Figurado y Colocación. Según diseño.
A12: 4.2 | C12: KG
D13: LOCALIZACIÓN | E13: MEDIDAS | H13: CANTIDAD | I13: TOTAL
E14: LARGO (m) | F14: ANCHO (m) | G14: ALTO (m)
D15: ACERO ESTRUCTURAL | H15: 66463.82 | I15: =H15 -> 66463.82
D35: SUBTOTAL | I35: =SUM(I15:I34) -> 66463.82
E36: CONTINUA EN LA FICHA FICHA Nº
D37: CANTIDAD | I37: =+I35+I36 -> 66463.82
D38: OBSERVACIONES:
C43: NOMBRE
C44: FIRMA

Sheet MC 5,1
C2: MEMORIA DE CALCULO DE CANTIDADES DE OBRA | H2: Página 1 de 1
H3: Código: F-GIN-103 Versión: 3 Fecha: ENERO/2020
C4: Público Reservado Clasificado
A10: CAPÍTULO: | D10: DESCRIPCIÓN ÍTEM
A11: ITEM Nº. | C11: UNIDAD | D11: ='PRESUPUESTO PLAZA 07042022'!B13 -> Construcción de mampostería en ladrillo de 10x20x40cm, revitado ambas caras. Incluye el suministro y transporte del ladrillo, el mortero de pega 1:4 espesor máx.=0.01 m y todos los demás elementos necesarios para su correcta construcción y funcionamiento. Se deben lavar muy bien los muros una vez han sido brechadas debidamente todas las juntas, garantizando una apariencia adecuada para mampostería a la vista.
A12: 5.1 | C12: M2
D13: LOCALIZACIÓN | E13: MEDIDAS | H13: CANTIDAD | I13: TOTAL
E14: LARGO (m) | F14: ANCHO (m) | G14: ALTO (m)
D15: MAMPOSTERIA | H15: 1757.4 | I15: =H15 -> 1757.4
D35: SUBTOTAL | I35: =SUM(I15:I34) -> 1757.4
E36: CONTINUA EN LA FICHA FICHA Nº
D37: CANTIDAD | I37: =+I35+I36 -> 1757.4
D38: OBSERVACIONES:
C43: NOMBRE
C44: FIRMA

Sheet MC 5,2
C2: MEMORIA DE CALCULO DE CANTIDADES DE OBRA | H2: Página 1 de 1
H3: Código: F-GIN-103 Versión: 3 Fecha: ENERO/2020
C4: Público Reservado Clasificado
A10: CAPÍTULO: | D10: DESCRIPCIÓN ÍTEM
A11: ITEM Nº. | C11: UNIDAD | D11: ='PRESUPUESTO PLAZA 07042022'!B14 -> Colocación de revoque con mortero 1:4 impermeabilizado con Sika 1 o equivalente, en muros. Incluye suministro y transporte de los materiales, fajas, ranuras, filetes, y todos los demás elementos necesarios para su correcta construcción.
A12: 5.2 | C12: M2
D13: LOCALIZACIÓN | E13: MEDIDAS | H13: CANTIDAD | I13: TOTAL
E14: LARGO (m) | F14: ANCHO (m) | G14: ALTO (m)
D15: REVOQUES | H15: 3514.8 | I15: =H15 -> 3514.8
D35: SUBTOTAL | I35: =SUM(I15:I34) -> 3514.8
E36: CONTINUA EN LA FICHA FICHA Nº
D37: CANTIDAD | I37: =+I35+I36 -> 3514.8
D38: OBSERVACIONES:
C43: NOMBRE
C44: FIRMA

Sheet MC 5,3
C2: MEMORIA DE CALCULO DE CANTIDADES DE OBRA | H2: Página 1 de 1
H3: Código: F-GIN-103 Versión: 3 Fecha: ENERO/2020
C4: Público Reservado Clasificado
A10: CAPÍTULO: | D10: DESCRIPCIÓN ÍTEM
A11: ITEM Nº. | C11: UNIDAD | D11: ='PRESUPUESTO PLAZA 07042022'!B15 -> Instalación de estuco plástico para interiores y exteriores sobre muros revocados. Incluye suministro y transporte de los materiales, fajas, ranuras, filetes, y todos los demás elementos necesarios para su correcta construcción.
A12: 5.3 | C12: M2
D13: LOCALIZACIÓN | E13: MEDIDAS | H13: CANTIDAD | I13: TOTAL
E14: LARGO (m) | F14: ANCHO (m) | G14: ALTO (m)
D15: ESTUCO | H15: 3514.8 | I15: =H15 -> 3514.8
D35: SUBTOTAL | I35: =SUM(I15:I34) -> 3514.8
E36: CONTINUA EN LA FICHA FICHA Nº
D37: CANTIDAD | I37: =+I35+I36 -> 3514.8
D38: OBSERVACIONES:
C43: NOMBRE
C44: FIRMA

Sheet MC 5,4
C2: MEMORIA DE CALCULO DE CANTIDADES DE OBRA | H2: Página 1 de 1
H3: Código: F-GIN-103 Versión: 3 Fecha: ENERO/2020
C4: Público Reservado Clasificado
A10: CAPÍTULO: | D10: DESCRIPCIÓN ÍTEM
A11: ITEM Nº. | C11: UNIDAD | D11: ='PRESUPUESTO PLAZA 07042022'!B16 -> Aplicación de pintura a base de agua en muros interiores con vinilo tipo 1 de primera calidad sobre muros revocados, estucados o revitados, tres manos o las necesarias hasta obtener una superficie pareja y homogénea. Incluye suministro y transporte de los materiales, resanes, tapa poros en estuco plástico tipo plastestuco o equivalente diluido en agua proporción 1:2, adecuación de la superficie a intervenir hasta obtener una superficie pareja y homogénea, color a definir según aprobación de la interventoría.
A12: 5.4 | C12: M2
D13: LOCALIZACIÓN | E13: MEDIDAS | H13: CANTIDAD | I13: TOTAL
E14: LARGO (m) | F14: ANCHO (m) | G14: ALTO (m)
D15: PINTURAS | H15: 3088.8 | I15: =H15 -> 3088.8
D35: SUBTOTAL | I35: =SUM(I15:I34) -> 3088.8
E36: CONTINUA EN LA FICHA FICHA Nº
D37: CANTIDAD | I37: =+I35+I36 -> 3088.8
D38: OBSERVACIONES:
C43: NOMBRE
C44: FIRMA

Sheet MC 6,1
C2: MEMORIA DE CALCULO DE CANTIDADES DE OBRA | H2: Página 1 de 1
H3: Código: F-GIN-103 Versión: 3 Fecha: ENERO/2020
C4: Público Reservado Clasificado
A10: CAPÍTULO: | D10: DESCRIPCIÓN ÍTEM
A11: ITEM Nº. | C11: UNIDAD | D11: ='PRESUPUESTO PLAZA 07042022'!B19 -> Construcción de mortero para acabados en piso de espesor de 0.08 m., . Incluye suministro y transporte de los materiales, nivelación del terreno y adecuación de la superficie, malla electrosoldada D-84, curado y todo lo necesario para su correcta construcción y funcionamiento. Según diseño. Las excavaciones o descapotes se pagarán en su ítem respectivo.
A12: 6.1 | C12: M2
D13: LOCALIZACIÓN | E13: MEDIDAS | H13: CANTIDAD | I13: TOTAL
E14: LARGO (m) | F14: ANCHO (m) | G14: ALTO (m)
D15: MORTEROS | H15: 2443.54 | I15: =H15 -> 2443.54
D35: SUBTOTAL | I35: =SUM(I15:I34) -> 2443.54
E36: CONTINUA EN LA FICHA FICHA Nº
D37: CANTIDAD | I37: =+I35+I36 -> 2443.54
D38: OBSERVACIONES:
C43: NOMBRE
C44: FIRMA

Sheet MC 6,2
C2: MEMORIA DE CALCULO DE CANTIDADES DE OBRA | H2: Página 1 de 1
H3: Código: F-GIN-103 Versión: 3 Fecha: ENERO/2020
C4: Público Reservado Clasificado
A10: CAPÍTULO: | D10: DESCRIPCIÓN ÍTEM
A11: ITEM Nº. | C11: UNIDAD | D11: ='PRESUPUESTO PLAZA 07042022'!B20 -> Colocación de Piso en Baldosa antideslizante para interiores tipo trafico alto, acabado satinado tipo y calidad Atmósferas o equivalente. Incluye suministro y transporte de los materiales, adhesivo o equivalente, juntas de dilatación y todos los demás elementos necesarios para su correcta construcción y funcionamiento. Muestras previas y color para la aprobación del arquitecto y la interventoría. Los ensayos que se requieran serán por cuenta del contratista y las muestras se escogerán del material puesto en obra. Incluye morteo de nivelación y pulida.
A12: 6.2 | C12: M2
D13: LOCALIZACIÓN | E13: MEDIDAS | H13: CANTIDAD | I13: TOTAL
E14: LARGO (m) | F14: ANCHO (m) | G14: ALTO (m)
D15: MORTEROS | H15: 2443.54 | I15: =H15 -> 2443.54
D35: SUBTOTAL | I35: =SUM(I15:I34) -> 2443.54
E36: CONTINUA EN LA FICHA FICHA Nº
D37: CANTIDAD | I37: =+I35+I36 -> 2443.54
D38: OBSERVACIONES:
C43: NOMBRE
C44: FIRMA

Sheet MC 6,3
C2: MEMORIA DE CALCULO DE CANTIDADES DE OBRA | H2: Página 1 de 1
H3: Código: F-GIN-103 Versión: 3 Fecha: ENERO/2020
C4: Público Reservado Clasificado
A10: CAPÍTULO: | D10: DESCRIPCIÓN ÍTEM
A11: ITEM Nº. | C11: UNIDAD | D11: ='PRESUPUESTO PLAZA 07042022'!B21 -> Construcción de zócalo en media caña en granito pulido y brillado de color igual al de la baldosa, desarrollo de 20 cm, con una altura de 10 cm sobre el nivel de piso acabado y embebido en muro. Incluye mortero de nivelación, cemento color, grano No. 1, varilla de aluminio de 3 mm a lo largo del muro y mediacañas cada 0,90m, cortes en piso y muro, remates, pulida y brillada, y todos los demás elementos necesarios para su correcto vaciado. La capa de desgaste no debe ser inferior a 10 mm después de pulida.
A12: 6.3 | C12: M
D13: LOCALIZACIÓN | E13: MEDIDAS | H13: CANTIDAD | I13: TOTAL
E14: LARGO (m) | F14: ANCHO (m) | G14: ALTO (m)
D15: MORTEROS | H15: 678 | I15: =H15 -> 678
D35: SUBTOTAL | I35: =SUM(I15:I34) -> 678
E36: CONTINUA EN LA FICHA FICHA Nº
D37: CANTIDAD | I37: =+I35+I36 -> 678
D38: OBSERVACIONES:
C43: NOMBRE
C44: FIRMA

Sheet MC 7,1
C2: MEMORIA DE CALCULO DE CANTIDADES DE OBRA | H2: Página 1 de 1
H3: Código: F-GIN-103 Versión: 3 Fecha: ENERO/2020
C4: Público Reservado Clasificado
A10: CAPÍTULO: | D10: DESCRIPCIÓN ÍTEM
A11: ITEM Nº. | C11: UNIDAD | D11: ='PRESUPUESTO PLAZA 07042022'!B24 -> Suministro, transporte e instalación de salidas de abasto en diametro de 1/2"con tubería RDE 9, 500 PSI, incluye todos los accesorios en PVC de diámetro 1/2" que se requieran para su correcta instalación. Estos deberán estar correctamente pegados usando limpiador, soldadura y teflón apropiados, sin presentar fugas, fisuras o cualquier otra clase de anomalía. Se debe garantizar la correcta instalación y funcionamiento. Incluye además las perforaciones (canchas) de paredes o pisos que lo requieran incluyendo cargue, transporte y botada de escombros en botaderos oficiales o donde indique la interventoría.
A12: 7.1 | C12: UNIDAD
D13: LOCALIZACIÓN | E13: MEDIDAS | H13: CANTIDAD | I13: TOTAL
E14: LARGO (m) | F14: ANCHO (m) | G14: ALTO (m)
D15: SALIDAS | H15: 165 | I15: =H15 -> 165
D35: SUBTOTAL | I35: =SUM(I15:I34) -> 165
E36: CONTINUA EN LA FICHA FICHA Nº
D37: CANTIDAD | I37: =+I35+I36 -> 165
D38: OBSERVACIONES:
C43: NOMBRE
C44: FIRMA

Sheet MC 7,2
C2: MEMORIA DE CALCULO DE CANTIDADES DE OBRA | H2: Página 1 de 1
H3: Código: F-GIN-103 Versión: 3 Fecha: ENERO/2020
C4: Público Reservado Clasificado
A10: CAPÍTULO: | D10: DESCRIPCIÓN ÍTEM
A11: ITEM Nº. | C11: UNIDAD | D11: ='PRESUPUESTO PLAZA 07042022'!B25 -> Suministro, transporte e instalación de tubería presión diámetro 1/2", RDE 9, 500 PSI, incluye todos los accesorios en PVC de diámetro 1/2" incluyendo todos los accesorios reducidos que se requieran para su correcta instalación. Estos deberán estar correctamente pegados usando limpiador, soldadura y teflón apropiados, sin presentar fugas, fisuras o cualquier otra clase de anomalía. Se debe garantizar la correcta instalación y funcionamiento. Incluye conexión a red de abasto existente. Incluye además las perforaciones (canchas) de paredes o pisos que lo requieran incluyendo cargue, transporte y botada de escombros en botaderos oficiales o donde indique la interventoría.
A12: 7.2 | C12: M
D13: LOCALIZACIÓN | E13: MEDIDAS | H13: CANTIDAD | I13: TOTAL
E14: LARGO (m) | F14: ANCHO (m) | G14: ALTO (m)
D15: TUBERIAS | H15: 330 | I15: =H15 -> 330
D35: SUBTOTAL | I35: =SUM(I15:I34) -> 330
E36: CONTINUA EN LA FICHA FICHA Nº
D37: CANTIDAD | I37: =+I35+I36 -> 330
D38: OBSERVACIONES:
C43: NOMBRE
C44: FIRMA

Sheet MC 7,3
C2: MEMORIA DE CALCULO DE CANTIDADES DE OBRA | H2: Página 1 de 1
H3: Código: F-GIN-103 Versión: 3 Fecha: ENERO/2020
C4: Público Reservado Clasificado
A10: CAPÍTULO: | D10: DESCRIPCIÓN ÍTEM
A11: ITEM Nº. | C11: UNIDAD | D11: ='PRESUPUESTO PLAZA 07042022'!B26 -> Suministro, transporte e instalación de válvula compuerta marca RW 1/2" o equivalente. Se entregará debidamente instalada sin presencia de fugas ni fisuras, sometida al sistema ya presurizado. Incluye todos los elementos requeridos para su correcta instalación y funcionamiento.
A12: 7.3 | C12: M
D13: LOCALIZACIÓN | E13: MEDIDAS | H13: CANTIDAD | I13: TOTAL
E14: LARGO (m) | F14: ANCHO (m) | G14: ALTO (m)
D15: VALVULA | H15: 138 | I15: =H15 -> 138
D35: SUBTOTAL | I35: =SUM(I15:I34) -> 138
E36: CONTINUA EN LA FICHA FICHA Nº
D37: CANTIDAD | I37: =+I35+I36 -> 138
D38: OBSERVACIONES:
C43: NOMBRE
C44: FIRMA

Sheet MC 7,4
C2: MEMORIA DE CALCULO DE CANTIDADES DE OBRA | H2: Página 1 de 1
H3: Código: F-GIN-103 Versión: 3 Fecha: ENERO/2020
C4: Público Reservado Clasificado
A10: CAPÍTULO: | D10: DESCRIPCIÓN ÍTEM
A11: ITEM Nº. | C11: UNIDAD | D11: ='PRESUPUESTO PLAZA 07042022'!B27 -> Suministro, transporte e instalación de medidor en 1/2" con acometida de 1/2" (el ítem no incluye la tubería de acometida pues está en otro ítem) incluye caja de andén, tee partida o collar de derivación según como se requiera, válvula de incorporación, codos o medios codos de cobre, llave de corte universal, universal, machos cobre, filtro de 1",válvula de paso, cheque y accesorios necesarios para su adecuada instalación de acuerdo a las normas de EE.PP.M. Todos los accesorios serán en 1/2". La rotura de pavimento, cargue, transporte, botada de escombros y pavimentación o parcheo no están incluidas pues se tendrán en cuenta en su ítem respectivo.
A12: 7.4 | C12: UNIDAD
D13: LOCALIZACIÓN | E13: MEDIDAS | H13: CANTIDAD | I13: TOTAL
E14: LARGO (m) | F14: ANCHO (m) | G14: ALTO (m)
D15: MEDIDOR | H15: 90 | I15: =H15 -> 90
D35: SUBTOTAL | I35: =SUM(I15:I34) -> 90
E36: CONTINUA EN LA FICHA FICHA Nº
D37: CANTIDAD | I37: =+I35+I36 -> 90
D38: OBSERVACIONES:
C43: NOMBRE
C44: FIRMA

Sheet MC 7,5
C2: MEMORIA DE CALCULO DE CANTIDADES DE OBRA | H2: Página 1 de 1
H3: Código: F-GIN-103 Versión: 3 Fecha: ENERO/2020
C4: Público Reservado Clasificado
A10: CAPÍTULO: | D10: DESCRIPCIÓN ÍTEM
A11: ITEM Nº. | C11: UNIDAD | D11: ='PRESUPUESTO PLAZA 07042022'!B28 -> Suministro, transporte e instalación de tubería presión diámetro 1", RDE 9, 500 PSI, incluye todos los accesorios en PVC de diámetro 1" incluyendo todos los accesorios reducidos que se requieran para su correcta instalación. Estos deberán estar correctamente pegados usando limpiador, soldadura y teflón apropiados, sin presentar fugas, fisuras o cualquier otra clase de anomalía. Se debe garantizar la correcta instalación y funcionamiento. Incluye conexión a red de abasto existente. Incluye además las perforaciones (canchas) de paredes o pisos que lo requieran incluyendo cargue, transporte y botada de escombros en botaderos oficiales o donde indique la interventoría.
A12: 7.5 | C12: M
D13: LOCALIZACIÓN | E13: MEDIDAS | H13: CANTIDAD | I13: TOTAL
E14: LARGO (m) | F14: ANCHO (m) | G14: ALTO (m)
D15: TUBERIA | H15: 282 | I15: =H15 -> 282
D35: SUBTOTAL | I35: =SUM(I15:I34) -> 282
E36: CONTINUA EN LA FICHA FICHA Nº
D37: CANTIDAD | I37: =+I35+I36 -> 282
D38: OBSERVACIONES:
C43: NOMBRE
C44: FIRMA

Sheet MC 7,6
C2: MEMORIA DE CALCULO DE CANTIDADES DE OBRA | H2: Página 1 de 1
H3: Código: F-GIN-103 Versión: 3 Fecha: ENERO/2020
C4: Público Reservado Clasificado
A10: CAPÍTULO: | D10: DESCRIPCIÓN ÍTEM
A11: ITEM Nº. | C11: UNIDAD | D11: ='PRESUPUESTO PLAZA 07042022'!B29 -> Suministro, transporte e instalación de válvula compuerta marca RW 1" o equivalente. Se entregará debidamente instalada sin presencia de fugas ni fisuras, sometida al sistema ya presurizado. Incluye todos los elementos requeridos para su correcta instalación y funcionamiento.
A12: 7.6 | C12: UNIDAD
D13: LOCALIZACIÓN | E13: MEDIDAS | H13: CANTIDAD | I13: TOTAL
E14: LARGO (m) | F14: ANCHO (m) | G14: ALTO (m)
D15: VALVULA | H15: 5 | I15: =H15 -> 5
D35: SUBTOTAL | I35: =SUM(I15:I34) -> 5
E36: CONTINUA EN LA FICHA FICHA Nº
D37: CANTIDAD | I37: =+I35+I36 -> 5
D38: OBSERVACIONES:
C43: NOMBRE
C44: FIRMA

Sheet MC 7,7
C2: MEMORIA DE CALCULO DE CANTIDADES DE OBRA | H2: Página 1 de 1
H3: Código: F-GIN-103 Versión: 3 Fecha: ENERO/2020
C4: Público Reservado Clasificado
A10: CAPÍTULO: | D10: DESCRIPCIÓN ÍTEM
A11: ITEM Nº. | C11: UNIDAD | D11: ='PRESUPUESTO PLAZA 07042022'!B30 -> Suministro, transporte e instalación de medidor en 1" con acometida de 1" (el ítem no incluye la tubería de acometida pues está en otro ítem) incluye caja de andén, tee partida o collar de derivación según como se requiera, válvula de incorporación, codos o medios codos de cobre, llave de corte universal, universal, machos cobre, filtro de 1",válvula de paso, cheque y accesorios necesarios para su adecuada instalación de acuerdo a las normas de EE.PP.M. Todos los accesorios serán en 1". La rotura de pavimento, cargue, transporte, botada de escombros y pavimentación o parcheo no están incluidas pues se tendrán en cuenta en su ítem respectivo.
A12: 7.7 | C12: UNIDAD
D13: LOCALIZACIÓN | E13: MEDIDAS | H13: CANTIDAD | I13: TOTAL
E14: LARGO (m) | F14: ANCHO (m) | G14: ALTO (m)
D15: MEDIDOR | H15: 1 | I15: =H15 -> 1
D35: SUBTOTAL | I35: =SUM(I15:I34) -> 1
E36: CONTINUA EN LA FICHA FICHA Nº
D37: CANTIDAD | I37: =+I35+I36 -> 1
D38: OBSERVACIONES:
C43: NOMBRE
C44: FIRMA

Sheet MC 7,8
C2: MEMORIA DE CALCULO DE CANTIDADES DE OBRA | H2: Página 1 de 1
H3: Código: F-GIN-103 Versión: 3 Fecha: ENERO/2020
C4: Público Reservado Clasificado
A10: CAPÍTULO: | D10: DESCRIPCIÓN ÍTEM
A11: ITEM Nº. | C11: UNIDAD | D11: ='PRESUPUESTO PLAZA 07042022'!B31 -> Suministro, transporte e instalación de salida sanitaria de 1-1/2". Incluye todos los accesorios hasta el tapón de prueba. Se pagará dicha salida hasta un recorrido máximo de tubería no mayor a 2 m. Estos deberán estar correctamente pegados usando limpiador, soldadura y teflón apropiados, sin presentar fugas, fisuras o cualquier otra clase de anomalía. Incluye además las perforaciones (canchas) de paredes o pisos que lo requieran incluyendo cargue, transporte y botada de escombros en botaderos oficiales o donde indique la interventoría o supervisión de obra.
A12: 7.8 | C12: UNIDAD
D13: LOCALIZACIÓN | E13: MEDIDAS | H13: CANTIDAD | I13: TOTAL
E14: LARGO (m) | F14: ANCHO (m) | G14: ALTO (m)
D15: SALIDAS | H15: 150 | I15: =H15 -> 150
D35: SUBTOTAL | I35: =SUM(I15:I34) -> 150
E36: CONTINUA EN LA FICHA FICHA Nº
D37: CANTIDAD | I37: =+I35+I36 -> 150
D38: OBSERVACIONES:
C43: NOMBRE
C44: FIRMA

Sheet MC 7,9
C2: MEMORIA DE CALCULO DE CANTIDADES DE OBRA | H2: Página 1 de 1
H3: Código: F-GIN-103 Versión: 3 Fecha: ENERO/2020
C4: Público Reservado Clasificado
A10: CAPÍTULO: | D10: DESCRIPCIÓN ÍTEM
A11: ITEM Nº. | C11: UNIDAD | D11: ='PRESUPUESTO PLAZA 07042022'!B32 -> Suministro, transporte e instalación de tubería sanitaria de 1-1/2". Incluye todos los accesorios en PVC de diámetro 1 1/2" incluyendo todos los accesorios reducidos que se requieran para su correcta instalación. Estos deberán estar correctamente pegados usando limpiador, soldadura y teflón apropiados, sin presentar fugas, fisuras o cualquier otra clase de anomalía. Se debe garantizar la correcta instalación y funcionamiento. Incluye conexión a red sanitaria existente. Incluye además las perforaciones (canchas) de paredes o pisos que lo requieran incluyendo cargue, transporte y botada de escombros en botaderos oficiales o donde indique la interventoría.
A12: 7.9 | C12: M
D13: LOCALIZACIÓN | E13: MEDIDAS | H13: CANTIDAD | I13: TOTAL
E14: LARGO (m) | F14: ANCHO (m) | G14: ALTO (m)
D15: TUBERIA | H15: 75 | I15: =H15 -> 75
D35: SUBTOTAL | I35: =SUM(I15:I34) -> 75
E36: CONTINUA EN LA FICHA FICHA Nº
D37: CANTIDAD | I37: =+I35+I36 -> 75
D38: OBSERVACIONES:
C43: NOMBRE
C44: FIRMA

Sheet MC 7,10
C2: MEMORIA DE CALCULO DE CANTIDADES DE OBRA | H2: Página 1 de 1
H3: Código: F-GIN-103 Versión: 3 Fecha: ENERO/2020
C4: Público Reservado Clasificado
A10: CAPÍTULO: | D10: DESCRIPCIÓN ÍTEM
A11: ITEM Nº. | C11: UNIDAD | D11: ='PRESUPUESTO PLAZA 07042022'!B33 -> Suministro, transporte e instalación de salida sanitaria de 2". Incluye todos los accesorios hasta el tapón de prueba. Se pagará dicha salida hasta un recorrido máximo de tubería no mayor a 2 m. Estos deberán estar correctamente pegados usando limpiador, soldadura y teflón apropiados, sin presentar fugas, fisuras o cualquier otra clase de anomalía. Incluye además las perforaciones (canchas) de paredes o pisos que lo requieran incluyendo cargue, transporte y botada de escombros en botaderos oficiales o donde indique la interventoría o supervisión de obra.
A12: 7.1 | C12: UNIDAD
D13: LOCALIZACIÓN | E13: MEDIDAS | H13: CANTIDAD | I13: TOTAL
E14: LARGO (m) | F14: ANCHO (m) | G14: ALTO (m)
D15: SALIDA | H15: 195 | I15: =H15 -> 195
D35: SUBTOTAL | I35: =SUM(I15:I34) -> 195
E36: CONTINUA EN LA FICHA FICHA Nº
D37: CANTIDAD | I37: =+I35+I36 -> 195
D38: OBSERVACIONES:
C43: NOMBRE
C44: FIRMA

Sheet MC 7,11
C2: MEMORIA DE CALCULO DE CANTIDADES DE OBRA | H2: Página 1 de 1
H3: Código: F-GIN-103 Versión: 3 Fecha: ENERO/2020
C4: Público Reservado Clasificado
A10: CAPÍTULO: | D10: DESCRIPCIÓN ÍTEM
A11: ITEM Nº. | C11: UNIDAD | D11: ='PRESUPUESTO PLAZA 07042022'!B34 -> Suministro, transporte e instalación de tubería sanitaria de 2". Incluye todos los accesorios en PVC de diámetro 2" incluyendo todos los accesorios reducidos que se requieran para su correcta instalación. Estos deberán estar correctamente pegados usando limpiador, soldadura y teflón apropiados, sin presentar fugas, fisuras o cualquier otra clase de anomalía. Se debe garantizar la correcta instalación y funcionamiento. Incluye conexión a red sanitaria existente. Incluye además las perforaciones (canchas) de paredes o pisos que lo requieran incluyendo cargue, transporte y botada de escombros en botaderos oficiales o donde indique la interventoría.
A12: 7.11 | C12: M
D13: LOCALIZACIÓN | E13: MEDIDAS | H13: CANTIDAD | I13: TOTAL
E14: LARGO (m) | F14: ANCHO (m) | G14: ALTO (m)
D15: TUBERIA | H15: 75 | I15: =H15 -> 75
D35: SUBTOTAL | I35: =SUM(I15:I34) -> 75
E36: CONTINUA EN LA FICHA FICHA Nº
D37: CANTIDAD | I37: =+I35+I36 -> 75
D38: OBSERVACIONES:
C43: NOMBRE
C44: FIRMA

Sheet MC 7,12
C2: MEMORIA DE CALCULO DE CANTIDADES DE OBRA | H2: Página 1 de 1
H3: Código: F-GIN-103 Versión: 3 Fecha: ENERO/2020
C4: Público Reservado Clasificado
A10: CAPÍTULO: | D10: DESCRIPCIÓN ÍTEM
A11: ITEM Nº. | C11: UNIDAD | D11: ='PRESUPUESTO PLAZA 07042022'!B35 -> Suministro, transporte e instalación de salida sanitaria de 3". Incluye todos los accesorios hasta el tapón de prueba. Se pagará dicha salida hasta un recorrido máximo de tubería no mayor a 2 m. Estos deberán estar correctamente pegados usando limpiador, soldadura y teflón apropiados, sin presentar fugas, fisuras o cualquier otra clase de anomalía. Incluye además las perforaciones (canchas) de paredes o pisos que lo requieran incluyendo cargue, transporte y botada de escombros en botaderos oficiales o donde indique la interventoría o supervisión de obra.
A12: 7.12 | C12: UNIDAD
D13: LOCALIZACIÓN | E13: MEDIDAS | H13: CANTIDAD | I13: TOTAL
E14: LARGO (m) | F14: ANCHO (m) | G14: ALTO (m)
D15: SALIDA | H15: 30 | I15: =H15 -> 30
D35: SUBTOTAL | I35: =SUM(I15:I34) -> 30
E36: CONTINUA EN LA FICHA FICHA Nº
D37: CANTIDAD | I37: =+I35+I36 -> 30
D38: OBSERVACIONES:
C43: NOMBRE
C44: FIRMA

Sheet MC 7,13
C2: MEMORIA DE CALCULO DE CANTIDADES DE OBRA | H2: Página 1 de 1
H3: Código: F-GIN-103 Versión: 3 Fecha: ENERO/2020
C4: Público Reservado Clasificado
A10: CAPÍTULO: | D10: DESCRIPCIÓN ÍTEM
A11: ITEM Nº. | C11: UNIDAD | D11: ='PRESUPUESTO PLAZA 07042022'!B35 -> Suministro, transporte e instalación de salida sanitaria de 3". Incluye todos los accesorios hasta el tapón de prueba. Se pagará dicha salida hasta un recorrido máximo de tubería no mayor a 2 m. Estos deberán estar correctamente pegados usando limpiador, soldadura y teflón apropiados, sin presentar fugas, fisuras o cualquier otra clase de anomalía. Incluye además las perforaciones (canchas) de paredes o pisos que lo requieran incluyendo cargue, transporte y botada de escombros en botaderos oficiales o donde indique la interventoría o supervisión de obra.
A12: 7.13 | C12: M
D13: LOCALIZACIÓN | E13: MEDIDAS | H13: CANTIDAD | I13: TOTAL
E14: LARGO (m) | F14: ANCHO (m) | G14: ALTO (m)
D15: SALIDA | H15: 30 | I15: =H15 -> 30
D35: SUBTOTAL | I35: =SUM(I15:I34) -> 30
E36: CONTINUA EN LA FICHA FICHA Nº
D37: CANTIDAD | I37: =+I35+I36 -> 30
D38: OBSERVACIONES:
C43: NOMBRE
C44: FIRMA

Sheet M.C-7.14
D2: MEMORIA DE CALCULO DE CANTIDADES DE OBRA | I2: Página 1 de 1
D4: Público Reservado Clasificado
B6: DIRECCIÓN OBRA: CARMEN DE VIBORAL - ANTIOQUIA
B10: CAPÍTULO: | C10: INSTALACIONES HIDROSANITARIAS | E10: DESCRIPCIÓN ÍTEM
B11: ITEM Nº. | D11: UNIDAD | E11: Suministro, transporte e instalación de salida sanitaria de 4".
B12: =+'PRESUPUESTO PLAZA 07042022'!A37 -> 7.14 | D12: =+'PRESUPUESTO PLAZA 07042022'!C37 -> un
E13: LOCALIZACIÓN | F13: MEDIDAS | I13: CANTIDAD | J13: TOTAL
F14: LARGO (m) | G14: ANCHO (m) | H14: ALTO (m)
E16: Redes internas | I16: =+'PRESUPUESTO PLAZA 07042022'!D37 -> 10 | J16: =I16 -> 10
E35: SUBTOTAL | J35: =SUM(J15:J34) -> 10
F36: CONTINUA EN LA FICHA FICHA Nº
E37: CANTIDAD | J37: =+J35+J36 -> 10
E38: OBSERVACIONES:
D43: NOMBRE
D44: FIRMA

Sheet M.C-7.15
D2: MEMORIA DE CALCULO DE CANTIDADES DE OBRA | I2: Página 1 de 1
D4: Público Reservado Clasificado
B6: DIRECCIÓN OBRA: CARMEN DE VIBORAL - ANTIOQUIA
B10: CAPÍTULO: | C10: INSTALACIONES HIDROSANITARIAS | E10: DESCRIPCIÓN ÍTEM
B11: ITEM Nº. | D11: UNIDAD | E11: Suministro, transporte e instalación de tubería sanitaria de 4".
B12: =+'PRESUPUESTO PLAZA 07042022'!A38 -> 7.15 | D12: =+'PRESUPUESTO PLAZA 07042022'!C38 -> m
E13: LOCALIZACIÓN | F13: MEDIDAS | I13: CANTIDAD | J13: TOTAL
F14: LARGO (m) | G14: ANCHO (m) | H14: ALTO (m)
E16: Redes internas | I16: =+'PRESUPUESTO PLAZA 07042022'!D38 -> 210 | J16: =I16 -> 210
E35: SUBTOTAL | J35: =SUM(J15:J34) -> 210
F36: CONTINUA EN LA FICHA FICHA Nº
E37: CANTIDAD | J37: =+J35+J36 -> 210
E38: OBSERVACIONES:
D43: NOMBRE
D44: FIRMA

Sheet M.C-7.16
D2: MEMORIA DE CALCULO DE CANTIDADES DE OBRA | I2: Página 1 de 1
D4: Público Reservado Clasificado
B6: DIRECCIÓN OBRA: CARMEN DE VIBORAL - ANTIOQUIA
B10: CAPÍTULO: | C10: INSTALACIONES HIDROSANITARIAS | E10: DESCRIPCIÓN ÍTEM
B11: ITEM Nº. | D11: UNIDAD | E11: Suministro, transporte e instalación de salida sanitaria de 6".
B12: =+'PRESUPUESTO PLAZA 07042022'!A39 -> 7.16 | D12: =+'PRESUPUESTO PLAZA 07042022'!C39 -> un
E13: LOCALIZACIÓN | F13: MEDIDAS | I13: CANTIDAD | J13: TOTAL
F14: LARGO (m) | G14: ANCHO (m) | H14: ALTO (m)
E16: Redes internas | I16: =+'PRESUPUESTO PLAZA 07042022'!D39 -> 4 | J16: =I16 -> 4
E35: SUBTOTAL | J35: =SUM(J15:J34) -> 4
F36: CONTINUA EN LA FICHA FICHA Nº
E37: CANTIDAD | J37: =+J35+J36 -> 4
E38: OBSERVACIONES:
D43: NOMBRE
D44: FIRMA

Sheet M.C-7.17
D2: MEMORIA DE CALCULO DE CANTIDADES DE OBRA | I2: Página 1 de 1
D4: Público Reservado Clasificado
B6: DIRECCIÓN OBRA: CARMEN DE VIBORAL - ANTIOQUIA
B10: CAPÍTULO: | C10: INSTALACIONES HIDROSANITARIAS | E10: DESCRIPCIÓN ÍTEM
B11: ITEM Nº. | D11: UNIDAD | E11: Suministro, transporte e instalación de tubería sanitaria de 6".
B12: =+'PRESUPUESTO PLAZA 07042022'!A40 -> 7.17 | D12: =+'PRESUPUESTO PLAZA 07042022'!C40 -> m
E13: LOCALIZACIÓN | F13: MEDIDAS | I13: CANTIDAD | J13: TOTAL
F14: LARGO (m) | G14: ANCHO (m) | H14: ALTO (m)
E16: Redes internas | I16: =+'PRESUPUESTO PLAZA 07042022'!D40 -> 85 | J16: =I16 -> 85
E35: SUBTOTAL | J35: =SUM(J15:J34) -> 85
F36: CONTINUA EN LA FICHA FICHA Nº
E37: CANTIDAD | J37: =+J35+J36 -> 85
E38: OBSERVACIONES:
E39: EN COLOR VERDE SE ENCUENTRA LA LONGITUD CORRESPONDIENTE AL CERRAMIENTO PROVISIONAL DE OBRA
D43: NOMBRE
D44: FIRMA

Sheet M.C-7.18
D2: MEMORIA DE CALCULO DE CANTIDADES DE OBRA | I2: Página 1 de 1
D4: Público Reservado Clasificado
B6: DIRECCIÓN OBRA: CARMEN DE VIBORAL - ANTIOQUIA
B10: CAPÍTULO: | C10: INSTALACIONES HIDROSANITARIAS | E10: DESCRIPCIÓN ÍTEM
B11: ITEM Nº. | D11: UNIDAD | E11: Suministro, transporte e instalación de Tubería PVC- NOVAFORT con un Diámetro 8" (200 mm).
B12: =+'PRESUPUESTO PLAZA 07042022'!A41 -> 7.18 | D12: =+'PRESUPUESTO PLAZA 07042022'!C41 -> m
E13: LOCALIZACIÓN | F13: MEDIDAS | I13: CANTIDAD | J13: TOTAL
F14: LARGO (m) | G14: ANCHO (m) | H14: ALTO (m)
E16: Redes internas | I16: =+'PRESUPUESTO PLAZA 07042022'!D41 -> 149.577 | J16: =I16 -> 149.577
E35: SUBTOTAL | J35: =SUM(J15:J34) -> 149.577
F36: CONTINUA EN LA FICHA FICHA Nº
E37: CANTIDAD | J37: =+J35+J36 -> 149.577
E38: OBSERVACIONES:
D43: NOMBRE
D44: FIRMA

Sheet M.C-7.21
D2: MEMORIA DE CALCULO DE CANTIDADES DE OBRA | I2: Página 1 de 1
D4: Público Reservado Clasificado
B6: DIRECCIÓN OBRA: CARMEN DE VIBORAL - ANTIOQUIA
B10: CAPÍTULO: | C10: INSTALACIONES HIDROSANITARIAS | E10: DESCRIPCIÓN ÍTEM
B11: ITEM Nº. | D11: UNIDAD | E11: Suministro, transporte e instalación de Kit silla YEE o silla TEE 8" (200 mm) x 4" (110 mm).
B12: =+'PRESUPUESTO PLAZA 07042022'!A44 -> 7.21 | D12: =+'PRESUPUESTO PLAZA 07042022'!C44 -> un
E13: LOCALIZACIÓN | F13: MEDIDAS | I13: CANTIDAD | J13: TOTAL
F14: LARGO (m) | G14: ANCHO (m) | H14: ALTO (m)
E16: Redes internas | I16: =+'PRESUPUESTO PLAZA 07042022'!D44 -> 20 | J16: =I16 -> 20
E35: SUBTOTAL | J35: =SUM(J15:J34) -> 20
F36: CONTINUA EN LA FICHA FICHA Nº
E37: CANTIDAD | J37: =+J35+J36 -> 20
E38: OBSERVACIONES:
D43: NOMBRE
D44: FIRMA

Sheet M.C-7.22
D2: MEMORIA DE CALCULO DE CANTIDADES DE OBRA | I2: Página 1 de 1
D4: Público Reservado Clasificado
B6: DIRECCIÓN OBRA: CARMEN DE VIBORAL - ANTIOQUIA
B10: CAPÍTULO: | C10: INSTALACIONES HIDROSANITARIAS | E10: DESCRIPCIÓN ÍTEM
B11: ITEM Nº. | D11: UNIDAD | E11: Suministro, transporte e instalación de Kit silla YEE o silla TEE 8" (200 mm) x 6" (160 mm).
B12: =+'PRESUPUESTO PLAZA 07042022'!A45 -> 7.22 | D12: =+'PRESUPUESTO PLAZA 07042022'!C45 -> un
E13: LOCALIZACIÓN | F13: MEDIDAS | I13: CANTIDAD | J13: TOTAL
F14: LARGO (m) | G14: ANCHO (m) | H14: ALTO (m)
E16: Redes internas | I16: =+'PRESUPUESTO PLAZA 07042022'!D45 -> 10 | J16: =I16 -> 10
E35: SUBTOTAL | J35: =SUM(J15:J34) -> 10
F36: CONTINUA EN LA FICHA FICHA Nº
E37: CANTIDAD | J37: =+J35+J36 -> 10
E38: OBSERVACIONES:
D43: NOMBRE
D44: FIRMA

Sheet M.C-7.23
D2: MEMORIA DE CALCULO DE CANTIDADES DE OBRA | I2: Página 1 de 1
D4: Público Reservado Clasificado
B6: DIRECCIÓN OBRA: CARMEN DE VIBORAL - ANTIOQUIA
B10: CAPÍTULO: | C10: INSTALACIONES HIDROSANITARIAS | E10: DESCRIPCIÓN ÍTEM
B11: ITEM Nº. | D11: UNIDAD | E11: Suministro, transporte e instalación de Kit silla YEE o silla TEE 10" (250 mm) x 6" (160 mm).
B12: =+'PRESUPUESTO PLAZA 07042022'!A46 -> 7.23 | D12: =+'PRESUPUESTO PLAZA 07042022'!C46 -> un
E13: LOCALIZACIÓN | F13: MEDIDAS | I13: CANTIDAD | J13: TOTAL
F14: LARGO (m) | G14: ANCHO (m) | H14: ALTO (m)
E16: Redes internas | I16: =+'PRESUPUESTO PLAZA 07042022'!D46 -> 5 | J16: =I16 -> 5
E35: SUBTOTAL | J35: =SUM(J15:J34) -> 5
F36: CONTINUA EN LA FICHA FICHA Nº
E37: CANTIDAD | J37: =+J35+J36 -> 5
E38: OBSERVACIONES:
D43: NOMBRE
D44: FIRMA

Sheet M.C-8.1
D2: MEMORIA DE CALCULO DE CANTIDADES DE OBRA | I2: Página 1 de 1
D4: Público Reservado Clasificado
B6: DIRECCIÓN OBRA: CARMEN DE VIBORAL - ANTIOQUIA
B10: CAPÍTULO: | C10: CAJAS, TANQUES, SUMIDEROS Y MH | E10: DESCRIPCIÓN ÍTEM
B11: ITEM Nº. | D11: UNIDAD | E11: Construcción de cajas de registro de 0.8m x 0.8m medidas externas
B12: =+'PRESUPUESTO PLAZA 07042022'!A49 -> 8.1 | D12: =+'PRESUPUESTO PLAZA 07042022'!C49 -> un
E13: LOCALIZACIÓN | F13: MEDIDAS | I13: CANTIDAD | J13: TOTAL
F14: LARGO (m) | G14: ANCHO (m) | H14: ALTO (m)
E16: Redes internas | I16: =+'PRESUPUESTO PLAZA 07042022'!D49 -> 9 | J16: =+I16 -> 9
E35: SUBTOTAL | J35: =SUM(J15:J34) -> 9
F36: CONTINUA EN LA FICHA FICHA Nº
E37: CANTIDAD | J37: =+J35+J36 -> 9
E38: OBSERVACIONES:
D43: NOMBRE
D44: FIRMA

Sheet M.C-8.2
D2: MEMORIA DE CALCULO DE CANTIDADES DE OBRA | I2: Página 1 de 1
D4: Público Reservado Clasificado
B6: DIRECCIÓN OBRA: CARMEN DE VIBORAL - ANTIOQUIA
B10: CAPÍTULO: | C10: CAJAS, TANQUES, SUMIDEROS Y MH | E10: DESCRIPCIÓN ÍTEM
B11: ITEM Nº. | D11: UNIDAD | E11: Construcción de sumidero de aguas lluvias 1.10m x 0.80m medidas externas
B12: =+'PRESUPUESTO PLAZA 07042022'!A50 -> 8.2 | D12: =+'PRESUPUESTO PLAZA 07042022'!C50 -> un
E13: LOCALIZACIÓN | F13: MEDIDAS | I13: CANTIDAD | J13: TOTAL
F14: LARGO (m) | G14: ANCHO (m) | H14: ALTO (m)
E16: Redes internas | I16: =+'PRESUPUESTO PLAZA 07042022'!D50 -> 6 | J16: =+I16 -> 6
E35: SUBTOTAL | J35: =SUM(J15:J34) -> 6
F36: CONTINUA EN LA FICHA FICHA Nº
E37: CANTIDAD | J37: =+J35+J36 -> 6
E38: OBSERVACIONES:
D43: NOMBRE
D44: FIRMA

Sheet M.C-8.3
D2: MEMORIA DE CALCULO DE CANTIDADES DE OBRA | I2: Página 1 de 1
D4: Público Reservado Clasificado
B5: PROYECTO: TEATRO MUNICIPAL DE CARMEN DE VIBORAL
B7: =+[5]PRESUPUESTO!$A$2 -> OBJETO: "REALIZAR LOS ESTUDIOS Y DISEÑOS PARA LA CONSTRUCCION DEL TEATRO MUNICIPAL DE CARMEN DE VIBORAL, CON CARGO AL CONTRATO INTERADMINISTRATIVO 3048 DE 2020 - MINCULTURA"
B10: CAPÍTULO: | C10: CAJAS, TANQUES, SUMIDEROS Y MH | E10: DESCRIPCIÓN ÍTEM
B11: ITEM Nº. | D11: UNIDAD | E11: Construcción de tanque para almacenamiento de agua de 4 x 4 x 4m medidas internas
B12: =+'PRESUPUESTO PLAZA 07042022'!A51 -> 8.3 | D12: =+'PRESUPUESTO PLAZA 07042022'!C51 -> un
E13: LOCALIZACIÓN | F13: MEDIDAS | I13: CANTIDAD | J13: TOTAL
F14: LARGO (m) | G14: ANCHO (m) | H14: ALTO (m)
E16: Redes internas | I16: =+'PRESUPUESTO PLAZA 07042022'!D51 -> 3 | J16: =+I16 -> 3
E35: SUBTOTAL | J35: =SUM(J15:J34) -> 3
F36: CONTINUA EN LA FICHA FICHA Nº
E37: CANTIDAD | J37: =+J35+J36 -> 3
E38: OBSERVACIONES:
D43: NOMBRE
D44: FIRMA

Sheet M.C-8.4
D2: MEMORIA DE CALCULO DE CANTIDADES DE OBRA | I2: Página 1 de 1
D4: Público Reservado Clasificado
B6: DIRECCIÓN OBRA: CARMEN DE VIBORAL - ANTIOQUIA
B10: CAPÍTULO: | C10: CAJAS, TANQUES, SUMIDEROS Y MH | E10: DESCRIPCIÓN ÍTEM
B11: ITEM Nº. | D11: UNIDAD | E11: Construcción de base y cañuela para MH de diametro hasta de 1,50m.
B12: =+'PRESUPUESTO PLAZA 07042022'!A52 -> 8.4 | D12: =+'PRESUPUESTO PLAZA 07042022'!C52 -> un
E13: LOCALIZACIÓN | F13: MEDIDAS | I13: CANTIDAD | J13: TOTAL
F14: LARGO (m) | G14: ANCHO (m) | H14: ALTO (m)
E16: Redes internas | I16: =+'PRESUPUESTO PLAZA 07042022'!D52 -> 5 | J16: =+I16 -> 5
E35: SUBTOTAL | J35: =SUM(J15:J34) -> 5
F36: CONTINUA EN LA FICHA FICHA Nº
E37: CANTIDAD | J37: =+J35+J36 -> 5
E38: OBSERVACIONES:
D43: NOMBRE
D44: FIRMA

Sheet M.C-8.5
D2: MEMORIA DE CALCULO DE CANTIDADES DE OBRA | I2: Página 1 de 1
D4: Público Reservado Clasificado
B6: DIRECCIÓN OBRA: CARMEN DE VIBORAL - ANTIOQUIA
B10: CAPÍTULO: | C10: CAJAS, TANQUES, SUMIDEROS Y MH | E10: DESCRIPCIÓN ÍTEM
B11: ITEM Nº. | D11: UNIDAD | E11: Suministro transporte e instalación de Cilindro MH
B12: =+'PRESUPUESTO PLAZA 07042022'!A53 -> 8.5 | D12: =+'PRESUPUESTO PLAZA 07042022'!C53 -> un
E13: LOCALIZACIÓN | F13: MEDIDAS | I13: CANTIDAD | J13: TOTAL
F14: LARGO (m) | G14: ANCHO (m) | H14: ALTO (m)
E16: Redes internas | I16: =+'PRESUPUESTO PLAZA 07042022'!D53 -> 5 | J16: =+I16 -> 5
E35: SUBTOTAL | J35: =SUM(J15:J34) -> 5
F36: CONTINUA EN LA FICHA FICHA Nº
E37: CANTIDAD | J37: =+J35+J36 -> 5
E38: OBSERVACIONES:
D43: NOMBRE
D44: FIRMA

Sheet M.C-8.6
D2: MEMORIA DE CALCULO DE CANTIDADES DE OBRA | I2: Página 1 de 1
D4: Público Reservado Clasificado
B6: DIRECCIÓN OBRA: CARMEN DE VIBORAL - ANTIOQUIA
B10: CAPÍTULO: | C10: CAJAS, TANQUES, SUMIDEROS Y MH | E10: DESCRIPCIÓN ÍTEM
B11: ITEM Nº. | D11: UNIDAD | E11: Suministro transporte e instalación de Cilindro MH
B12: =+'PRESUPUESTO PLAZA 07042022'!A54 -> 8.6 | D12: =+'PRESUPUESTO PLAZA 07042022'!C54 -> un
E13: LOCALIZACIÓN | F13: MEDIDAS | I13: CANTIDAD | J13: TOTAL
F14: LARGO (m) | G14: ANCHO (m) | H14: ALTO (m)
E16: Redes internas | I16: =+'PRESUPUESTO PLAZA 07042022'!D54 -> 5 | J16: =+I16 -> 5
E35: SUBTOTAL | J35: =SUM(J15:J34) -> 5
F36: CONTINUA EN LA FICHA FICHA Nº
E37: CANTIDAD | J37: =+J35+J36 -> 5
E38: OBSERVACIONES:
D43: NOMBRE
D44: FIRMA

Sheet M.C-8.7
D2: MEMORIA DE CALCULO DE CANTIDADES DE OBRA | I2: Página 1 de 1
D4: Público Reservado Clasificado
B6: DIRECCIÓN OBRA: CARMEN DE VIBORAL - ANTIOQUIA
B10: CAPÍTULO: | C10: CAJAS, TANQUES, SUMIDEROS Y MH | E10: DESCRIPCIÓN ÍTEM
B11: ITEM Nº. | D11: UNIDAD | E11: Suministro, transporte e instalación de Cuello en concreto de 21 Mpa para MH
B12: =+'PRESUPUESTO PLAZA 07042022'!A55 -> 8.7 | D12: =+'PRESUPUESTO PLAZA 07042022'!C55 -> un
E13: LOCALIZACIÓN | F13: MEDIDAS | I13: CANTIDAD | J13: TOTAL
F14: LARGO (m) | G14: ANCHO (m) | H14: ALTO (m)
E16: Redes internas | I16: =+'PRESUPUESTO PLAZA 07042022'!D55 -> 5 | J16: =+I16 -> 5
E35: SUBTOTAL | J35: =SUM(J15:J34) -> 5
F36: CONTINUA EN LA FICHA FICHA Nº
E37: CANTIDAD | J37: =+J35+J36 -> 5
E38: OBSERVACIONES:
D43: NOMBRE
D44: FIRMA

Sheet M.C-8.8
D2: MEMORIA DE CALCULO DE CANTIDADES DE OBRA | I2: Página 1 de 1
D4: Público Reservado Clasificado
B6: DIRECCIÓN OBRA: CARMEN DE VIBORAL - ANTIOQUIA
B10: CAPÍTULO: | C10: CAJAS, TANQUES, SUMIDEROS Y MH | E10: DESCRIPCIÓN ÍTEM
B11: ITEM Nº. | D11: UNIDAD | E11: Suministro, transporte e instalación de Tapa en concreto de 21 MPa para MH de 1,20; 1,50 y 2,0m de diámetro
B12: =+'PRESUPUESTO PLAZA 07042022'!A56 -> 8.8 | D12: =+'PRESUPUESTO PLAZA 07042022'!C56 -> un
E13: LOCALIZACIÓN | F13: MEDIDAS | I13: CANTIDAD | J13: TOTAL
F14: LARGO (m) | G14: ANCHO (m) | H14: ALTO (m)
E16: Redes internas | I16: =+'PRESUPUESTO PLAZA 07042022'!D56 -> 5 | J16: =+I16 -> 5
E35: SUBTOTAL | J35: =SUM(J15:J34) -> 5
F36: CONTINUA EN LA FICHA FICHA Nº
E37: CANTIDAD | J37: =+J35+J36 -> 5
E38: OBSERVACIONES:
D43: NOMBRE
D44: FIRMA

Sheet MC 9,1
C1: MEMORIA DE CALCULO DE CANTIDADES DE OBRA | H1: Página 1 de 1
C3: Público Reservado Clasificado
A5: DIRECCIÓN OBRA: CARMEN DE VIBORAL - ANTIOQUIA
A9: CAPÍTULO: | D9: DESCRIPCIÓN ÍTEM
A10: ITEM Nº. | C10: UNIDAD | D10: ='PRESUPUESTO PLAZA 07042022'!B58 -> Instalación de Sanitario Integral Uso Institucional color Blanco con fluxómetro anti-vandálico, incluye el suministro y transporte del sanitario, sifón esmaltado, grifería antisifón, anillo abierto, abasto metálico, válvula de regulación metálica con manguera flexible, brida de fijación, tapón roscado y todos los demás elementos necesarios para su correcta instalación y funcionamiento.
A11: 9.1 | C11: UNIDAD
D12: LOCALIZACIÓN | E12: MEDIDAS | H12: CANTIDAD | I12: TOTAL
E13: LARGO (m) | F13: ANCHO (m) | G13: ALTO (m)
D15: SANITARIOS | H15: 6 | I15: =+H15 -> 6
D34: SUBTOTAL | I34: =SUM(I14:I33) -> 6
E35: CONTINUA EN LA FICHA FICHA Nº
D36: CANTIDAD | I36: =+I34+I35 -> 6
D37: OBSERVACIONES:
C42: NOMBRE
C43: FIRMA

Sheet MC 9,2
C1: MEMORIA DE CALCULO DE CANTIDADES DE OBRA | H1: Página 1 de 1
C3: Público Reservado Clasificado
A5: DIRECCIÓN OBRA: CARMEN DE VIBORAL - ANTIOQUIA
A9: CAPÍTULO: | D9: DESCRIPCIÓN ÍTEM
A10: ITEM Nº. | C10: UNIDAD | D10: ='PRESUPUESTO PLAZA 07042022'!B59 -> Suministro, transporte y Colocación de lavamanos Uso institucional. Incluye Grifería galaxia, abasto metálico, sifón botella y todos los demás elementos necesarios para su correcta instalación y funcionamiento.
A11: 9.2 | C11: UNIDAD
D12: LOCALIZACIÓN | E12: MEDIDAS | H12: CANTIDAD | I12: TOTAL
E13: LARGO (m) | F13: ANCHO (m) | G13: ALTO (m)
D15: LAVAMANOS | H15: 7 | I15: =+H15 -> 7
D34: SUBTOTAL | I34: =SUM(I14:I33) -> 7
E35: CONTINUA EN LA FICHA FICHA Nº
D36: CANTIDAD | I36: =+I34+I35 -> 7
D37: OBSERVACIONES:
C42: NOMBRE
C43: FIRMA

Sheet MC 9,3
C1: MEMORIA DE CALCULO DE CANTIDADES DE OBRA | H1: Página 1 de 1
C3: Público Reservado Clasificado
A5: DIRECCIÓN OBRA: CARMEN DE VIBORAL - ANTIOQUIA
A9: CAPÍTULO: | D9: DESCRIPCIÓN ÍTEM
A10: ITEM Nº. | C10: UNIDAD | D10: ='PRESUPUESTO PLAZA 07042022'!B60 -> Suministro, transporte y colocación de orinal mediano línea institucional de corona o equivalente con fluxómetro anti vandálico, color blanco con grifería automatica de push antivandalica ref 71300. Incluye grifería, abasto metálico y todos los elementos necesarios para su correcta instalación y funcionamiento.
A11: 9.3 | C11: UNIDAD
D12: LOCALIZACIÓN | E12: MEDIDAS | H12: CANTIDAD | I12: TOTAL
E13: LARGO (m) | F13: ANCHO (m) | G13: ALTO (m)
D15: LAVAMANOS | H15: 2 | I15: =+H15 -> 2
D34: SUBTOTAL | I34: =SUM(I14:I33) -> 2
E35: CONTINUA EN LA FICHA FICHA Nº
D36: CANTIDAD | I36: =+I34+I35 -> 2
D37: OBSERVACIONES:
C42: NOMBRE
C43: FIRMA

Sheet MC 9,4
C1: MEMORIA DE CALCULO DE CANTIDADES DE OBRA | H1: Página 1 de 1
C3: Público Reservado Clasificado
A5: DIRECCIÓN OBRA: CARMEN DE VIBORAL - ANTIOQUIA
A9: CAPÍTULO: | D9: DESCRIPCIÓN ÍTEM
A10: ITEM Nº. | C10: UNIDAD | D10: ='PRESUPUESTO PLAZA 07042022'!B61 -> Modulos elaborados en lámina de Acero inoxidable para divisiones de baños AISI SAE 304 con estructura interna en polímero de alta densidad inyectado.
A11: 9.4 | C11: M2
D12: LOCALIZACIÓN | E12: MEDIDAS | H12: CANTIDAD | I12: TOTAL
E13: LARGO (m) | F13: ANCHO (m) | G13: ALTO (m)
D15: MODULOS | H15: 37.6 | I15: =+H15 -> 37.6
D34: SUBTOTAL | I34: =SUM(I14:I33) -> 37.6
E35: CONTINUA EN LA FICHA FICHA Nº
D36: CANTIDAD | I36: =+I34+I35 -> 37.6
D37: OBSERVACIONES:
C42: NOMBRE
C43: FIRMA

Sheet MC 9,5
C1: MEMORIA DE CALCULO DE CANTIDADES DE OBRA | H1: Página 1 de 1
C3: Público Reservado Clasificado
A5: DIRECCIÓN OBRA: CARMEN DE VIBORAL - ANTIOQUIA
A9: CAPÍTULO: | D9: DESCRIPCIÓN ÍTEM
A10: ITEM Nº. | C10: UNIDAD | D10: ='PRESUPUESTO PLAZA 07042022'!B62 -> Suministro, transporte y colocación de barra de seguridad para personas con movilidad reducida, con una longitud de 60 cm. y un diámetro de 1¼" en acero inoxidable. Incluye pernos para anclaje, escudos en acero inoxidable y todos los elementos necesarios para su correcta instalación y funcionamiento, según diseño.
A11: 9.5 | C11: UNIDAD
D12: LOCALIZACIÓN | E12: MEDIDAS | H12: CANTIDAD | I12: TOTAL
E13: LARGO (m) | F13: ANCHO (m) | G13: ALTO (m)
D15: BARRA | H15: 3 | I15: =+H15 -> 3
D34: SUBTOTAL | I34: =SUM(I14:I33) -> 3
E35: CONTINUA EN LA FICHA FICHA Nº
D36: CANTIDAD | I36: =+I34+I35 -> 3
D37: OBSERVACIONES:
C42: NOMBRE
C43: FIRMA

Sheet MC 9,6
C1: MEMORIA DE CALCULO DE CANTIDADES DE OBRA | H1: Página 1 de 1
C3: Público Reservado Clasificado
A5: DIRECCIÓN OBRA: CARMEN DE VIBORAL - ANTIOQUIA
A9: CAPÍTULO: | D9: DESCRIPCIÓN ÍTEM
A10: ITEM Nº. | C10: UNIDAD | D10: ='PRESUPUESTO PLAZA 07042022'!B63 -> Suministro, transporte y colocación de lavaescobas prefabricado en concreto forrado en granito de 42 x 60 x 25 cm. fondo gris. Incluye mortero 1:4, llave bocamanguera, sifón y todo los demás elementos necesarios para su correcta instalación y funcionamiento.
A11: 9.6 | C11: UNIDAD
D12: LOCALIZACIÓN | E12: MEDIDAS | H12: CANTIDAD | I12: TOTAL
E13: LARGO (m) | F13: ANCHO (m) | G13: ALTO (m)
D15: LAVA ESCOBAS | H15: 2 | I15: =+H15 -> 2
D34: SUBTOTAL | I34: =SUM(I14:I33) -> 2
E35: CONTINUA EN LA FICHA FICHA Nº
D36: CANTIDAD | I36: =+I34+I35 -> 2
D37: OBSERVACIONES:
C42: NOMBRE
C43: FIRMA

Sheet MC 11,1
C1: MEMORIA DE CALCULO DE CANTIDADES DE OBRA | H1: Página 1 de 1
C3: Público Reservado Clasificado
A5: DIRECCIÓN OBRA: CARMEN DE VIBORAL - ANTIOQUIA
A9: CAPÍTULO: | D9: DESCRIPCIÓN ÍTEM
A10: ITEM Nº. | C10: UNIDAD | D10: ='PRESUPUESTO PLAZA 07042022'!B65 -> Construcción de Anden en concreto preparado en obra de 21 MPa. con un espesor de 0.10m. Incluye suministro, transporte e instalación del concreto, mano de obra, vibrado, protección y curado, para estructuras de acuerdo con las diferentes dimensiones establecidas en los planos y diseños. Según diseño.
A11: 11.1 | C11: M2
D12: LOCALIZACIÓN | E12: MEDIDAS | H12: CANTIDAD | I12: TOTAL
E13: LARGO (m) | F13: ANCHO (m) | G13: ALTO (m)
D15: anden | H15: 120 | I15: =+H15 -> 120
D34: SUBTOTAL | I34: =SUM(I14:I33) -> 120
E35: CONTINUA EN LA FICHA FICHA Nº
D36: CANTIDAD | I36: =+I34+I35 -> 120
D37: OBSERVACIONES:
C42: NOMBRE
C43: FIRMA

Sheet MC 11,2
C1: MEMORIA DE CALCULO DE CANTIDADES DE OBRA | H1: Página 1 de 1
C3: Público Reservado Clasificado
A5: DIRECCIÓN OBRA: CARMEN DE VIBORAL - ANTIOQUIA
A9: CAPÍTULO: | D9: DESCRIPCIÓN ÍTEM
A10: ITEM Nº. | C10: UNIDAD | D10: ='PRESUPUESTO PLAZA 07042022'!B66 -> Suministro, transporte y colocación deTableta tipo loserna lisa de dimension 0.6 x 0.3 x 0.04 m color a definir por la interventoría. Incluye suministro y transporte de los materiales, cortes a máquina. Seguir recomendación del MEP MEDELLÍN y patrones de instalación del ICPC. Incluye: mortero para cama de asiento con espesor de 4cm compactados, sello con boquilla con látex, cortes con equipo manual y/o mecanico y todas las demás actividades necesarias para su correcta colocación y funcionamiento.
A11: 11.2 | C11: M2
D12: LOCALIZACIÓN | E12: MEDIDAS | H12: CANTIDAD | I12: TOTAL
E13: LARGO (m) | F13: ANCHO (m) | G13: ALTO (m)
D15: TABLETA | H15: 400 | I15: =+H15 -> 400
D34: SUBTOTAL | I34: =SUM(I14:I33) -> 400
E35: CONTINUA EN LA FICHA FICHA Nº
D36: CANTIDAD | I36: =+I34+I35 -> 400
D37: OBSERVACIONES:
C42: NOMBRE
C43: FIRMA

Sheet MC 11,8
C1: MEMORIA DE CALCULO DE CANTIDADES DE OBRA | H1: Página 1 de 1
C3: Público Reservado Clasificado
A5: DIRECCIÓN OBRA: CARMEN DE VIBORAL - ANTIOQUIA
A9: CAPÍTULO: | D9: DESCRIPCIÓN ÍTEM
A10: ITEM Nº. | C10: UNIDAD | D10: ='PRESUPUESTO PLAZA 07042022'!B72 -> Suministro, transporte y colocación de Cerramiento en malla eslabonada calibre 10 ojo No. 5, tubería galvanizada de 1.9" calibre 14, cerramiento tipo Inder. altura de 3.0m medidos a partir de la cara superior de la viga de fundación, dos hilas de mampostería en bloque de 20x20x40, columna cada 2m de 20cmx20cm, viga de fundación en concreto ciclópeo 40% piedra y concreto de 21Mpa al 60% de 40cm x 30cm, incluye acero de refuerzo y todo lo necesario para su correcta construcción. Según diseño.
A11: 11.8 | C11: M
D12: LOCALIZACIÓN | E12: MEDIDAS | H12: CANTIDAD | I12: TOTAL
E13: LARGO (m) | F13: ANCHO (m) | G13: ALTO (m)
D15: CERRAMIENTO | H15: 250 | I15: =+H15 -> 250
D34: SUBTOTAL | I34: =SUM(I14:I33) -> 250
E35: CONTINUA EN LA FICHA FICHA Nº
D36: CANTIDAD | I36: =+I34+I35 -> 250
D37: OBSERVACIONES:
C42: NOMBRE
C43: FIRMA

Sheet 12,1
D1: MEMORIA DE CALCULO DE CANTIDADES DE OBRA | I1: Página 1 de 1
B4: PROYECTO: CENTRO COMERCIAL AGROPECUARIO PLAZA DE MERCADO
B5: DIRECCIÓN OBRA: CARMEN DE VIBORAL - ANTIOQUIA
B6: CONSULTORIA:
B8: CAPÍTULO: | C8: CUBIERTA | E8: DESCRIPCIÓN ÍTEM
B9: ITEM Nº. | D9: UNIDAD | E9: ='[3]PRESUPUESTO PLAZA DPS V29032022'!C76 -> Construcción de estructura metálica para soporte principal de cubierta. Incluye columnas, cerchas, correas, viga perimetral amarre, platinas de apoyo, pernos de anclaje, arrostramientos principal y secundario, pintura anticorrosiva cromato de zinc y esmalte de primera calidad para intemperie y todo lo necesario para su correcta construcción.
D10: =+[4]PRESUPUESTO!C41 -> KG
E11: LOCALIZACIÓN | F11: MEDIDAS | I11: CANTIDAD | J11: TOTAL
G12: ANCHO (m) | H12: LARGO (m)
E13: PRIMER PISO | F13: Kg/ML
E14: SOPORTE | F14: 2.1 | H14: 15.73 | I14: 10 | J14: =+ROUND((F14*I14*H14),2) -> 330.33
E15: ELEMENTOS | F15: Kg/M2
E16: A - 1 | F16: 26.22 | G16: 1.2 | H16: 16.3 | I16: 3 | J16: =+ROUND((F16*I16*H16*G16),2) -> 1538.59
E17: A - 2 | F17: =+$F$16 -> 26.22 | G17: 13.75 | H17: 0.9 | I17: 3 | J17: =+ROUND((F17*I17*H17*G17),2) -> 973.42
E18: A - 3 | F18: =+$F$16 -> 26.22 | G18: 1.45 | H18: 2.8 | I18: 3 | J18: =+ROUND((F18*I18*H18*G18),2) -> 319.36
E19: A - 4 | F19: =+$F$16 -> 26.22 | G19: 12.51 | H19: 2.22 | I19: 3 | J19: =+ROUND((F19*I19*H19*G19),2) -> 2184.56
E20: A - 5 | F20: =+$F$16 -> 26.22 | G20: 1.36 | H20: 16.56 | I20: 3 | J20: =+ROUND((F20*I20*H20*G20),2) -> 1771.55
E21: A - 6 | F21: =+$F$16 -> 26.22 | G21: 1.22 | H21: 12.53 | I21: 3 | J21: =+ROUND((F21*I21*H21*G21),2) -> 1202.44
E22: A - 7 | F22: =+$F$16 -> 26.22 | G22: 1.18 | H22: 20 | I22: 3 | J22: =+ROUND((F22*I22*H22*G22),2) -> 1856.38
E23: A - 8 | F23: =+$F$16 -> 26.22 | G23: 0.29 | H23: 0.9 | I23: 3 | J23: =+ROUND((F23*I23*H23*G23),2) -> 20.53
E24: A - 9 | F24: =+$F$16 -> 26.22 | G24: 1.2 | H24: 15.4 | I24: 3 | J24: =+ROUND((F24*I24*H24*G24),2) -> 1453.64
E25: A - 17 | F25: =+$F$16 -> 26.22 | G25: 1.8 | H25: 0.8 | I25: 3 | J25: =+ROUND((F25*I25*H25*G25),2) -> 113.27
E26: ELEMENTOS | F26: Kg/M2
E27: ZONA 1 | F27: =+$F$16 -> 26.22 | G27: 1.5 | H27: 0.37 | I27: 20 | J27: =+ROUND((F27*I27*H27*G27),2) -> 291.04
E28: ZONA 2 | F28: =+$F$16 -> 26.22 | G28: 1.5 | H28: 0.37 | I28: 12 | J28: =+ROUND((F28*I28*H28*G28),2) -> 174.63
E29: ZONA 3 | F29: =+$F$16 -> 26.22 | G29: 1.5 | H29: 0.37 | I29: 16 | J29: =+ROUND((F29*I29*H29*G29),2) -> 232.83
E30: ZONA 4 | F30: =+$F$16 -> 26.22 | G30: 1.5 | H30: 0.37 | I30: 20 | J30: =+ROUND((F30*I30*H30*G30),2) -> 291.04
E31: ZONA 5 | F31: =+$F$16 -> 26.22 | G31: 1.5 | H31: 0.37 | I31: 12 | J31: =+ROUND((F31*I31*H31*G31),2) -> 174.63
E32: ZONA 6 | F32: =+$F$16 -> 26.22 | G32: 1.5 | H32: 0.37 | I32: 16 | J32: =+ROUND((F32*I32*H32*G32),2) -> 232.83
E33: CERCHAS | F33: Kg/M2
E34: A - 15 | F34: =+$F$16 -> 26.22 | G34: 13.55 | H34: 2.5 | I34: 2 | J34: =+ROUND((F34*I34*H34*G34),2) -> 1776.41
E35: A - 16 | F35: =+$F$16 -> 26.22 | G35: 1.8 | H35: 1.75 | I35: 2 | J35: =+ROUND((F35*I35*H35*G35),2) -> 165.19
E36: CORREAS CUBIERTA TÍPICA Y TRAMOYA | F36: KG/ML
E37: PHR 220X80X2 | F37: =+VLOOKUP((E37),([4]!EM[#Data]),(3),(FALSE)) -> #REF! | H37: 27.5 | I37: 32 | J37: =+ROUND((F37*I37*H37),2) -> #REF!
E38: PHR 220X80X2 | F38: =+VLOOKUP((E38),([4]!EM[#Data]),(3),(FALSE)) -> #REF! | H38: 19.9 | I38: 30 | J38: =+ROUND((F38*I38*H38),2) -> #REF!
E39: ESTRUCTURA DE SOPORTE | F39: KG/ML
E41: SUBTOTAL | J41: =SUM(J14:J40) -> #REF!
F42: CONTINUA EN LA FICHA FICHA Nº
E43: CANTIDAD | J43: =SUM(J41) -> #REF!
E44: OBSERVACIONES:
D49: NOMBRE
D50: FIRMA

Sheet MC 12,1
C1: MEMORIA DE CALCULO DE CANTIDADES DE OBRA | H1: Página 1 de 1
C3: Público Reservado Clasificado
A5: DIRECCIÓN OBRA: CARMEN DE VIBORAL - ANTIOQUIA
A9: CAPÍTULO: | D9: DESCRIPCIÓN ÍTEM
A10: ITEM Nº. | C10: UNIDAD | D10: ='PRESUPUESTO PLAZA 07042022'!B75 -> Construcción de estructura metálica para soporte principal de cubierta. Incluye columnas, cerchas, correas, viga perimetral amarre, platinas de apoyo, pernos de anclaje, arrostramientos principal y secundario, pintura anticorrosiva cromato de zinc y esmalte de primera calidad para intemperie y todo lo necesario para su correcta construcción.
A11: 12.1 | C11: KG
D12: LOCALIZACIÓN | E12: MEDIDAS | H12: CANTIDAD | I12: TOTAL
E13: LARGO (m) | F13: ANCHO (m) | G13: ALTO (m)
D15: ESTRUCTURA | H15: 24511.16 | I15: =+H15 -> 24511.16
D34: SUBTOTAL | I34: =SUM(I14:I33) -> 24511.16
E35: CONTINUA EN LA FICHA FICHA Nº
D36: CANTIDAD | I36: =+I34+I35 -> 24511.16
D37: OBSERVACIONES:
C42: NOMBRE
C43: FIRMA

Sheet MC 12,2 (2)
C1: MEMORIA DE CALCULO DE CANTIDADES DE OBRA | H1: Página 1 de 1
C3: Público Reservado Clasificado
A5: DIRECCIÓN OBRA: CARMEN DE VIBORAL - ANTIOQUIA
A9: CAPÍTULO: | D9: DESCRIPCIÓN ÍTEM
A10: ITEM Nº. | C10: UNIDAD | D10: Suministro e instalación de teja termo-acustica tipo Panel Sandwch de 18mm con aislamiento en poliuretano y laminas de acero de 0.035mm
A11: 12.2 | C11: M2
D12: LOCALIZACIÓN | E12: MEDIDAS | H12: CANTIDAD | I12: TOTAL
E13: LARGO (m) | F13: ANCHO (m) | G13: ALTO (m)
D15: Cubierta | H15: 2443 | I15: =+H15 -> 2443
D34: SUBTOTAL | I34: =SUM(I14:I33) -> 2443
E35: CONTINUA EN LA FICHA FICHA Nº
D36: CANTIDAD | I36: =+I34+I35 -> 2443
D37: OBSERVACIONES:
C42: NOMBRE
C43: FIRMA

Sheet MC 12,2
C1: MEMORIA DE CALCULO DE CANTIDADES DE OBRA | H1: Página 1 de 1
C3: Público Reservado Clasificado
A5: DIRECCIÓN OBRA: CARMEN DE VIBORAL - ANTIOQUIA
A9: CAPÍTULO: | D9: DESCRIPCIÓN ÍTEM
A10: ITEM Nº. | C10: UNIDAD | D10: ='PRESUPUESTO PLAZA 07042022'!B76 -> Suministro e instalación de teja termo-acustica tipo standing seam de 1-1/2 cal 26 pintada por ambas caras, incluye tornillos y ganchos de fijación.
A11: 12.2 | C11: M2
D12: LOCALIZACIÓN | E12: MEDIDAS | H12: CANTIDAD | I12: TOTAL
E13: LARGO (m) | F13: ANCHO (m) | G13: ALTO (m)
D15: TEJA | H15: 2443 | I15: =+H15 -> 2443
D34: SUBTOTAL | I34: =SUM(I14:I33) -> 2443
E35: CONTINUA EN LA FICHA FICHA Nº
D36: CANTIDAD | I36: =+I34+I35 -> 2443
D37: OBSERVACIONES:
C42: NOMBRE
C43: FIRMA

Sheet MC 12,3
C1: MEMORIA DE CALCULO DE CANTIDADES DE OBRA | H1: Página 1 de 1
C3: Público Reservado Clasificado
A5: DIRECCIÓN OBRA: CARMEN DE VIBORAL - ANTIOQUIA
A9: CAPÍTULO: | D9: DESCRIPCIÓN ÍTEM
A10: ITEM Nº. | C10: UNIDAD | D10: ='PRESUPUESTO PLAZA 07042022'!B77 -> Suministro e instalación de canoa en lámina galvanizada calibre 20 grafada, desarrollo de 120 cm y soldada en las uniones, incluye pintura anticorrosiva y de acabado y todos los elementos necesarios para su correcta instalación y funcionamiento.
A11: 12.3 | C11: M
D12: LOCALIZACIÓN | E12: MEDIDAS | H12: CANTIDAD | I12: TOTAL
E13: LARGO (m) | F13: ANCHO (m) | G13: ALTO (m)
D15: CANOA | H15: 339 | I15: =+H15 -> 339
D34: SUBTOTAL | I34: =SUM(I14:I33) -> 339
E35: CONTINUA EN LA FICHA FICHA Nº
D36: CANTIDAD | I36: =+I34+I35 -> 339
D37: OBSERVACIONES:
C42: NOMBRE
C43: FIRMA

Sheet MC 12,4
C1: MEMORIA DE CALCULO DE CANTIDADES DE OBRA | H1: Página 1 de 1
C3: Público Reservado Clasificado
A5: DIRECCIÓN OBRA: CARMEN DE VIBORAL - ANTIOQUIA
A9: CAPÍTULO: | D9: DESCRIPCIÓN ÍTEM
A10: ITEM Nº. | C10: UNIDAD | D10: ='PRESUPUESTO PLAZA 07042022'!B94 -> Suministro, transporte e instalación de tubería PVC Ventilación en bajantes con un diámetro de 4", agua lluvias. Incluye suministro y transporte de los materiales, bocas, accesorios, pegante, limpiador, wash primer, acabado en esmalte mate, color a definir por parte de interventoría, andamios, abrazaderas y todos los elementos necesarios para su correcta instalación y funcionamiento.
A11: 12.4 | C11: M
D12: LOCALIZACIÓN | E12: MEDIDAS | H12: CANTIDAD | I12: TOTAL
E13: LARGO (m) | F13: ANCHO (m) | G13: ALTO (m)
D15: TUBERIA | H15: 540 | I15: =+H15 -> 540
D34: SUBTOTAL | I34: =SUM(I14:I33) -> 540
E35: CONTINUA EN LA FICHA FICHA Nº
D36: CANTIDAD | I36: =+I34+I35 -> 540
D37: OBSERVACIONES:
C42: NOMBRE
C43: FIRMA

Sheet MC 3,3
C1: MEMORIA DE CALCULO DE CANTIDADES DE OBRA | H1: Página 1 de 1
C3: Público Reservado Clasificado
A5: DIRECCIÓN OBRA: CARMEN DE VIBORAL - ANTIOQUIA
A9: CAPÍTULO: | D9: DESCRIPCIÓN ÍTEM
A10: ITEM Nº. | C10: UNIDAD | D10: ='PRESUPUESTO PLAZA 07042022'!B92 -> Construcción de entibado temporal en tablón de madera (4 usos), bajo cualquier altura y grado de humedad. Incluye suministro, transporte y colocación de elementos en madera, el cargue, transporte interno y externo y botada de material sobrantes en los sitios donde lo indique la interventoría y su medida será en el sitio, su forma de pago se hará por el área que se encuentre en contacto con la tierra
A11: 3.3 | C11: M2
D12: LOCALIZACIÓN | E12: MEDIDAS | H12: CANTIDAD | I12: TOTAL
E13: LARGO (m) | F13: ANCHO (m) | G13: ALTO (m)
D15: ENTIBADO | H15: 620 | I15: =+H15 -> 620
D34: SUBTOTAL | I34: =SUM(I14:I33) -> 620
E35: CONTINUA EN LA FICHA FICHA Nº
D36: CANTIDAD | I36: =+I34+I35 -> 620
D37: OBSERVACIONES:
C42: NOMBRE
C43: FIRMA

Sheet MC 13,1
C1: MEMORIA DE CALCULO DE CANTIDADES DE OBRA | H1: Página 1 de 1
C3: Público Reservado Clasificado
A5: DIRECCIÓN OBRA: CARMEN DE VIBORAL - ANTIOQUIA
A9: CAPÍTULO: | D9: DESCRIPCIÓN ÍTEM
A10: ITEM Nº. | C10: UNIDAD | D10: ='PRESUPUESTO PLAZA 07042022'!B96 -> Suministro, transporte y colocación de Rejas ventanas en perfilería 2x1" y 1x1" calibre 20. Incluye masilla, pintura anticorrosiva, esmalte brillante y demás elementos necesarios para su correcta instalación.
A11: 13.1 | C11: M2
D12: LOCALIZACIÓN | E12: MEDIDAS | H12: CANTIDAD | I12: TOTAL
E13: LARGO (m) | F13: ANCHO (m) | G13: ALTO (m)
D15: REJAS VENTANAS | H15: 300 | I15: =+H15 -> 300
D34: SUBTOTAL | I34: =SUM(I14:I33) -> 300
E35: CONTINUA EN LA FICHA FICHA Nº
D36: CANTIDAD | I36: =+I34+I35 -> 300
D37: OBSERVACIONES:
C42: NOMBRE
C43: FIRMA

Sheet MC 13,4
C1: MEMORIA DE CALCULO DE CANTIDADES DE OBRA | H1: Página 1 de 1
C3: Público Reservado Clasificado
A5: DIRECCIÓN OBRA: CARMEN DE VIBORAL - ANTIOQUIA
A9: CAPÍTULO: | D9: DESCRIPCIÓN ÍTEM
A10: ITEM Nº. | C10: UNIDAD | D10: ='PRESUPUESTO PLAZA 07042022'!B99 -> Suministro, transporte y colocación de Puerta metálica (marco y ala) calibre 20 de 0.8x2.10 m. Incluye chapa de seguridad tipo Yale o equivalente, anticorrosivo y esmalte de acabado y todo los demás elementos requeridos para su correcta fabricación e instalación, según diseño.
A11: 13.4 | C11: UNIDAD
D12: LOCALIZACIÓN | E12: MEDIDAS | H12: CANTIDAD | I12: TOTAL
E13: LARGO (m) | F13: ANCHO (m) | G13: ALTO (m)
D15: PUERTAS | H15: 14 | I15: =+H15 -> 14
D34: SUBTOTAL | I34: =SUM(I14:I33) -> 14
E35: CONTINUA EN LA FICHA FICHA Nº
D36: CANTIDAD | I36: =+I34+I35 -> 14
D37: OBSERVACIONES:
C42: NOMBRE
C43: FIRMA

Sheet MC 13,5
C1: MEMORIA DE CALCULO DE CANTIDADES DE OBRA | H1: Página 1 de 1
C3: Público Reservado Clasificado
A5: DIRECCIÓN OBRA: CARMEN DE VIBORAL - ANTIOQUIA
A9: CAPÍTULO: | D9: DESCRIPCIÓN ÍTEM
A10: ITEM Nº. | C10: UNIDAD | D10: ='PRESUPUESTO PLAZA 07042022'!B100 -> Suministro, transporte y colocación de Puerta metálica (marco y ala) calibre 20 de 0.9x2.10 m. Incluye chapa de seguridad tipo Yale o equivalente, anticorrosivo y esmalte de acabado y todo los demás elementos requeridos para su correcta fabricación e instalación, según diseño.
A11: 13.5 | C11: UNIDAD
D12: LOCALIZACIÓN | E12: MEDIDAS | H12: CANTIDAD | I12: TOTAL
E13: LARGO (m) | F13: ANCHO (m) | G13: ALTO (m)
D15: PUERTAS | H15: 10 | I15: =+H15 -> 10
D34: SUBTOTAL | I34: =SUM(I14:I33) -> 10
E35: CONTINUA EN LA FICHA FICHA Nº
D36: CANTIDAD | I36: =+I34+I35 -> 10
D37: OBSERVACIONES:
C42: NOMBRE
C43: FIRMA

Sheet MC 13,6
C1: MEMORIA DE CALCULO DE CANTIDADES DE OBRA | H1: Página 1 de 1
C3: Público Reservado Clasificado
A5: DIRECCIÓN OBRA: CARMEN DE VIBORAL - ANTIOQUIA
A9: CAPÍTULO: | D9: DESCRIPCIÓN ÍTEM
A10: ITEM Nº. | C10: UNIDAD | D10: ='PRESUPUESTO PLAZA 07042022'!B100 -> Suministro, transporte y colocación de Puerta metálica (marco y ala) calibre 20 de 0.9x2.10 m. Incluye chapa de seguridad tipo Yale o equivalente, anticorrosivo y esmalte de acabado y todo los demás elementos requeridos para su correcta fabricación e instalación, según diseño.
A11: 13.6 | C11: M2
D12: LOCALIZACIÓN | E12: MEDIDAS | H12: CANTIDAD | I12: TOTAL
E13: LARGO (m) | F13: ANCHO (m) | G13: ALTO (m)
D15: PUERTAS | H15: 40 | I15: =+H15 -> 40
D34: SUBTOTAL | I34: =SUM(I14:I33) -> 40
E35: CONTINUA EN LA FICHA FICHA Nº
D36: CANTIDAD | I36: =+I34+I35 -> 40
D37: OBSERVACIONES:
C42: NOMBRE
C43: FIRMA

Sheet MC 14,1
C1: MEMORIA DE CALCULO DE CANTIDADES DE OBRA | H1: Página 1 de 1
C3: Público Reservado Clasificado
A5: DIRECCIÓN OBRA: CARMEN DE VIBORAL - ANTIOQUIA
A9: CAPÍTULO: | D9: DESCRIPCIÓN ÍTEM
A10: ITEM Nº. | C10: UNIDAD | D10: ='PRESUPUESTO PLAZA 07042022'!B103 -> Suministro, transporte e instalación de poste de concreto octagonal de 12m x 750kgf, de acuerdo a la norma RA7-035. Incluye: ahoyada, hincada, aplomada, todos los elementos necesarios para su correcta instalación.
A11: 14.1 | C11: UNIDAD
D12: LOCALIZACIÓN | E12: MEDIDAS | H12: CANTIDAD | I12: TOTAL
E13: LARGO (m) | F13: ANCHO (m) | G13: ALTO (m)
D15: POSTE | H15: 1 | I15: =+H15 -> 1
D34: SUBTOTAL | I34: =SUM(I14:I33) -> 1
E35: CONTINUA EN LA FICHA FICHA Nº
D36: CANTIDAD | I36: =+I34+I35 -> 1
D37: OBSERVACIONES:
C42: NOMBRE
C43: FIRMA

Sheet MC 14,2
C1: MEMORIA DE CALCULO DE CANTIDADES DE OBRA | H1: Página 1 de 1
C3: Público Reservado Clasificado
A5: DIRECCIÓN OBRA: CARMEN DE VIBORAL - ANTIOQUIA
A9: CAPÍTULO: | D9: DESCRIPCIÓN ÍTEM
A10: ITEM Nº. | C10: UNIDAD | D10: ='PRESUPUESTO PLAZA 07042022'!B104 -> Suministro, transporte e instalación de subestación trifásica en poste según norma EPM RA2-026. Incluye: herrajes, protecciones, fusibles, conectores, barraje primario y demás elementos requeridos para su correcta operación. No incluye puesta a tierra.
A11: 14.2 | C11: UNIDAD
D12: LOCALIZACIÓN | E12: MEDIDAS | H12: CANTIDAD | I12: TOTAL
E13: LARGO (m) | F13: ANCHO (m) | G13: ALTO (m)
D15: SUBESTACION | H15: 1 | I15: =+H15 -> 1
D34: SUBTOTAL | I34: =SUM(I14:I33) -> 1
E35: CONTINUA EN LA FICHA FICHA Nº
D36: CANTIDAD | I36: =+I34+I35 -> 1
D37: OBSERVACIONES:
C42: NOMBRE
C43: FIRMA

Sheet MC 14,3
C1: MEMORIA DE CALCULO DE CANTIDADES DE OBRA | H1: Página 1 de 1
C3: Público Reservado Clasificado
A5: DIRECCIÓN OBRA: CARMEN DE VIBORAL - ANTIOQUIA
A9: CAPÍTULO: | D9: DESCRIPCIÓN ÍTEM
A10: ITEM Nº. | C10: UNIDAD | D10: ='PRESUPUESTO PLAZA 07042022'!B104 -> Suministro, transporte e instalación de subestación trifásica en poste según norma EPM RA2-026. Incluye: herrajes, protecciones, fusibles, conectores, barraje primario y demás elementos requeridos para su correcta operación. No incluye puesta a tierra.
A11: 14.3 | C11: UNIDAD
D12: LOCALIZACIÓN | E12: MEDIDAS | H12: CANTIDAD | I12: TOTAL
E13: LARGO (m) | F13: ANCHO (m) | G13: ALTO (m)
D15: TRANSFORMADOR | H15: 1 | I15: =+H15 -> 1
D34: SUBTOTAL | I34: =SUM(I14:I33) -> 1
E35: CONTINUA EN LA FICHA FICHA Nº
D36: CANTIDAD | I36: =+I34+I35 -> 1
D37: OBSERVACIONES:
C42: NOMBRE
C43: FIRMA

Sheet MC 14,4
C1: MEMORIA DE CALCULO DE CANTIDADES DE OBRA | H1: Página 1 de 1
C3: Público Reservado Clasificado
A5: DIRECCIÓN OBRA: CARMEN DE VIBORAL - ANTIOQUIA
A9: CAPÍTULO: | D9: DESCRIPCIÓN ÍTEM
A10: ITEM Nº. | C10: UNIDAD | D10: ='PRESUPUESTO PLAZA 07042022'!B106 -> Suministro, transporte e instalación de bajante en TMG ⌀4"x6m. Incluye: capacete con grapa de puesta a tierra, elementos de fijación y marcación.
A11: 14.4 | C11: UNIDAD
D12: LOCALIZACIÓN | E12: MEDIDAS | H12: CANTIDAD | I12: TOTAL
E13: LARGO (m) | F13: ANCHO (m) | G13: ALTO (m)
D15: BAJANTE | H15: 1 | I15: =+H15 -> 1
D34: SUBTOTAL | I34: =SUM(I14:I33) -> 1
E35: CONTINUA EN LA FICHA FICHA Nº
D36: CANTIDAD | I36: =+I34+I35 -> 1
D37: OBSERVACIONES:
C42: NOMBRE
C43: FIRMA

Sheet MC 14,5
C1: MEMORIA DE CALCULO DE CANTIDADES DE OBRA | H1: Página 1 de 1
C3: Público Reservado Clasificado
A5: DIRECCIÓN OBRA: CARMEN DE VIBORAL - ANTIOQUIA
A9: CAPÍTULO: | D9: DESCRIPCIÓN ÍTEM
A10: ITEM Nº. | C10: UNIDAD | D10: ='PRESUPUESTO PLAZA 07042022'!B107 -> Suministro, transporte e instalación de caja según norma RS3-003, con tapa según norma RS4-001. Incluye: marcación externa e interna.
A11: 14.5 | C11: UNIDAD
D12: LOCALIZACIÓN | E12: MEDIDAS | H12: CANTIDAD | I12: TOTAL
E13: LARGO (m) | F13: ANCHO (m) | G13: ALTO (m)
D15: CAJAS | H15: 3 | I15: =+H15 -> 3
D34: SUBTOTAL | I34: =SUM(I14:I33) -> 3
E35: CONTINUA EN LA FICHA FICHA Nº
D36: CANTIDAD | I36: =+I34+I35 -> 3
D37: OBSERVACIONES:
C42: NOMBRE
C43: FIRMA

Sheet MC 14,6
C1: MEMORIA DE CALCULO DE CANTIDADES DE OBRA | H1: Página 1 de 1
C3: Público Reservado Clasificado
A5: DIRECCIÓN OBRA: CARMEN DE VIBORAL - ANTIOQUIA
A9: CAPÍTULO: | D9: DESCRIPCIÓN ÍTEM
A10: ITEM Nº. | C10: UNIDAD | D10: ='PRESUPUESTO PLAZA 07042022'!B108 -> Suministro, transporte e instalación de tubería de 2x∅4" PVC-DB zona dura. Incluye: accesorios PVC (terminales, curvas, uniones), soldadura PVC, banda plástica riesgo eléctrico y demás requeridos para su correcta operación.
A11: 14.6 | C11: M
D12: LOCALIZACIÓN | E12: MEDIDAS | H12: CANTIDAD | I12: TOTAL
E13: LARGO (m) | F13: ANCHO (m) | G13: ALTO (m)
D15: CAJAS | H15: 3 | I15: =+H15 -> 3
D34: SUBTOTAL | I34: =SUM(I14:I33) -> 3
E35: CONTINUA EN LA FICHA FICHA Nº
D36: CANTIDAD | I36: =+I34+I35 -> 3
D37: OBSERVACIONES:
C42: NOMBRE
C43: FIRMA

Sheet MC 14,7
C1: MEMORIA DE CALCULO DE CANTIDADES DE OBRA | H1: Página 1 de 1
C3: Público Reservado Clasificado
A5: DIRECCIÓN OBRA: CARMEN DE VIBORAL - ANTIOQUIA
A9: CAPÍTULO: | D9: DESCRIPCIÓN ÍTEM
A10: ITEM Nº. | C10: UNIDAD | D10: ='PRESUPUESTO PLAZA 07042022'!B109 -> Suministro, transporte e instalación de acometida trifásica en cable de aluminio serie AA8000 6#4/0AWG-LSZH (Fases) + 2#2/0AWG-LSZH (Neutro). Incluye: terminales de ojo, cintas, marcación y de mas elementos para su correcta instalación
A11: 14.7 | C11: M
D12: LOCALIZACIÓN | E12: MEDIDAS | H12: CANTIDAD | I12: TOTAL
E13: LARGO (m) | F13: ANCHO (m) | G13: ALTO (m)
D15: CAJAS | H15: 60 | I15: =+H15 -> 60
D34: SUBTOTAL | I34: =SUM(I14:I33) -> 60
E35: CONTINUA EN LA FICHA FICHA Nº
D36: CANTIDAD | I36: =+I34+I35 -> 60
D37: OBSERVACIONES:
C42: NOMBRE
C43: FIRMA

Sheet MC 14,8
C1: MEMORIA DE CALCULO DE CANTIDADES DE OBRA | H1: Página 1 de 1
C3: Público Reservado Clasificado
A5: DIRECCIÓN OBRA: CARMEN DE VIBORAL - ANTIOQUIA
A9: CAPÍTULO: | D9: DESCRIPCIÓN ÍTEM
A10: ITEM Nº. | C10: UNIDAD | D10: ='PRESUPUESTO PLAZA 07042022'!B110 -> Suministro, transporte e instalación de armario de medidores fabricado en lamina Cold Rolled Cal. 18, pintura electrostática con espacio para alojar breaker industrial 3x250A, 3 medidores 3F-4H 5/100 Activa Cl. 1 Reactiva Cl. 2, 2 breaker industriales 3x60A, 1 breaker industrial 3x100A, 3 reservas no equipadas, construido cumpliendo norma EPM RA8-012. Incluye: elementos de fijación, marcación y demás requeridos para su correcta operación.
A11: 14.8 | C11: UNIDAD
D12: LOCALIZACIÓN | E12: MEDIDAS | H12: CANTIDAD | I12: TOTAL
E13: LARGO (m) | F13: ANCHO (m) | G13: ALTO (m)
D15: ARMARIO MEDIDORES | H15: 1 | I15: =+H15 -> 1
D34: SUBTOTAL | I34: =SUM(I14:I33) -> 1
E35: CONTINUA EN LA FICHA FICHA Nº
D36: CANTIDAD | I36: =+I34+I35 -> 1
D37: OBSERVACIONES:
C42: NOMBRE
C43: FIRMA

Sheet MC 14,9
C1: MEMORIA DE CALCULO DE CANTIDADES DE OBRA | H1: Página 1 de 1
C3: Público Reservado Clasificado
A5: DIRECCIÓN OBRA: CARMEN DE VIBORAL - ANTIOQUIA
A9: CAPÍTULO: | D9: DESCRIPCIÓN ÍTEM
A10: ITEM Nº. | C10: UNIDAD | D10: ='PRESUPUESTO PLAZA 07042022'!B112 -> Suministro, transporte e instalación de alimentación trifásica en cable de cobre 3#2AWG-LSZH (Fases) + 1#4AWG-LSZH (Neutro) + 1#6AWG-LSZH (Tierra). Incluye: terminales de ojo, cintas, marcación y de mas elementos para su correcta instalación
A11: 14.9 | C11: M
D12: LOCALIZACIÓN | E12: MEDIDAS | H12: CANTIDAD | I12: TOTAL
E13: LARGO (m) | F13: ANCHO (m) | G13: ALTO (m)
D15: ALIMENTACION TRIFASICA | H15: 5 | I15: =+H15 -> 5
D34: SUBTOTAL | I34: =SUM(I14:I33) -> 5
E35: CONTINUA EN LA FICHA FICHA Nº
D36: CANTIDAD | I36: =+I34+I35 -> 5
D37: OBSERVACIONES:
C42: NOMBRE
C43: FIRMA

Sheet MC 14,10
C1: MEMORIA DE CALCULO DE CANTIDADES DE OBRA | H1: Página 1 de 1
C3: Público Reservado Clasificado
A5: DIRECCIÓN OBRA: CARMEN DE VIBORAL - ANTIOQUIA
A9: CAPÍTULO: | D9: DESCRIPCIÓN ÍTEM
A10: ITEM Nº. | C10: UNIDAD | D10: ='PRESUPUESTO PLAZA 07042022'!B113 -> Suministro, transporte e instalación de ML Zonas Comunes fabricado en lamina Cold Rolled Cal. 18, pintura electrostática con espacio para alojar breaker industrial 3x100A, 1 breaker industrial 3x80A, 2 breakers industriales 3x60A, 1 breaker industrial 3x40A, 1 DPS tipo 1+2 FV40B+C/4-150S. Incluye: elementos de fijación, marcación y demás requeridos para su correcta operación.
A11: 14.1 | C11: UNIDAD
D12: LOCALIZACIÓN | E12: MEDIDAS | H12: CANTIDAD | I12: TOTAL
E13: LARGO (m) | F13: ANCHO (m) | G13: ALTO (m)
D15: ML ZONAS COMUNES | H15: 1 | I15: =+H15 -> 1
D34: SUBTOTAL | I34: =SUM(I14:I33) -> 1
E35: CONTINUA EN LA FICHA FICHA Nº
D36: CANTIDAD | I36: =+I34+I35 -> 1
D37: OBSERVACIONES:
C42: NOMBRE
C43: FIRMA

Sheet MC 14,11
C1: MEMORIA DE CALCULO DE CANTIDADES DE OBRA | H1: Página 1 de 1
C3: Público Reservado Clasificado
A5: DIRECCIÓN OBRA: CARMEN DE VIBORAL - ANTIOQUIA
A9: CAPÍTULO: | D9: DESCRIPCIÓN ÍTEM
A10: ITEM Nº. | C10: UNIDAD | D10: ='PRESUPUESTO PLAZA 07042022'!B114 -> Suministro, transporte e instalación de canaleta metálica cerrada de 30cmx8cm con tapa. Incluye: curvas, tees, elementos de fijación, cable de cobre desnudo #4 AWG a lo largo de todo el recorrido, marcación y demás requeridos para su correcta operación.
A11: 14.11 | C11: UNIDAD
D12: LOCALIZACIÓN | E12: MEDIDAS | H12: CANTIDAD | I12: TOTAL
E13: LARGO (m) | F13: ANCHO (m) | G13: ALTO (m)
D15: CANALETA | H15: 120 | I15: =+H15 -> 120
D34: SUBTOTAL | I34: =SUM(I14:I33) -> 120
E35: CONTINUA EN LA FICHA FICHA Nº
D36: CANTIDAD | I36: =+I34+I35 -> 120
D37: OBSERVACIONES:
C42: NOMBRE
C43: FIRMA

Sheet MC 14,12
C1: MEMORIA DE CALCULO DE CANTIDADES DE OBRA | H1: Página 1 de 1
C3: Público Reservado Clasificado
A5: DIRECCIÓN OBRA: CARMEN DE VIBORAL - ANTIOQUIA
A9: CAPÍTULO: | D9: DESCRIPCIÓN ÍTEM
A10: ITEM Nº. | C10: UNIDAD | D10: ='PRESUPUESTO PLAZA 07042022'!B115 -> Suministro, transporte e instalación de tubería EMT Ø2''. Incluye: uniones, entradas a caja, curvas, elementos de fijación y marcación.
A11: 14.12 | C11: UNIDAD
D12: LOCALIZACIÓN | E12: MEDIDAS | H12: CANTIDAD | I12: TOTAL
E13: LARGO (m) | F13: ANCHO (m) | G13: ALTO (m)
D15: TUBERIA | H15: 20 | I15: =+H15 -> 20
D34: SUBTOTAL | I34: =SUM(I14:I33) -> 20
E35: CONTINUA EN LA FICHA FICHA Nº
D36: CANTIDAD | I36: =+I34+I35 -> 20
D37: OBSERVACIONES:
C42: NOMBRE
C43: FIRMA

Sheet MC 14,13
C1: MEMORIA DE CALCULO DE CANTIDADES DE OBRA | H1: Página 1 de 1
C3: Público Reservado Clasificado
A5: DIRECCIÓN OBRA: CARMEN DE VIBORAL - ANTIOQUIA
A9: CAPÍTULO: | D9: DESCRIPCIÓN ÍTEM
A10: ITEM Nº. | C10: UNIDAD | D10: ='PRESUPUESTO PLAZA 07042022'!B116 -> Suministro, transporte e instalación de tablero de 42 circuitos trifásico 5H, 225 Amperios, 208/120 voltios, con espacio para totalizador, barraje en cobre electrolítico 99% de pureza, barras de neutro y tierra, para interruptores tipo QUICK-LAG. Incluye: puerta bisagrada, chapa con llave, elementos de fijación, tapa breaker, marcación, diagrama unifilar y demás accesorios necesarios para su correcta instalación.
A11: 14.13 | C11: UNIDAD
D12: LOCALIZACIÓN | E12: MEDIDAS | H12: CANTIDAD | I12: TOTAL
E13: LARGO (m) | F13: ANCHO (m) | G13: ALTO (m)
D15: TABLERO | H15: 1 | I15: =+H15 -> 1
D34: SUBTOTAL | I34: =SUM(I14:I33) -> 1
E35: CONTINUA EN LA FICHA FICHA Nº
D36: CANTIDAD | I36: =+I34+I35 -> 1
D37: OBSERVACIONES:
C42: NOMBRE
C43: FIRMA

Sheet MC 14,14
C1: MEMORIA DE CALCULO DE CANTIDADES DE OBRA | H1: Página 1 de 1
C3: Público Reservado Clasificado
A5: DIRECCIÓN OBRA: CARMEN DE VIBORAL - ANTIOQUIA
A9: CAPÍTULO: | D9: DESCRIPCIÓN ÍTEM
A10: ITEM Nº. | C10: UNIDAD | D10: ='PRESUPUESTO PLAZA 07042022'!B117 -> Suministro, transporte e instalación de tablero de 12 circuitos trifásico 5H, 225 Amperios, 208/120 voltios, con espacio para totalizador, barraje en cobre electrolítico 99% de pureza, barras de neutro y tierra, para interruptores tipo QUICK-LAG. Incluye: puerta bisagrada, chapa con llave, elementos de fijación, tapa breaker, marcación, diagrama unifilar y demás accesorios necesarios para su correcta instalación.
A11: 14.14 | C11: UNIDAD
D12: LOCALIZACIÓN | E12: MEDIDAS | H12: CANTIDAD | I12: TOTAL
E13: LARGO (m) | F13: ANCHO (m) | G13: ALTO (m)
D15: TABLERO | H15: 3 | I15: =+H15 -> 3
D34: SUBTOTAL | I34: =SUM(I14:I33) -> 3
E35: CONTINUA EN LA FICHA FICHA Nº
D36: CANTIDAD | I36: =+I34+I35 -> 3
D37: OBSERVACIONES:
C42: NOMBRE
C43: FIRMA

Sheet MC 14,15
C1: MEMORIA DE CALCULO DE CANTIDADES DE OBRA | H1: Página 1 de 1
C3: Público Reservado Clasificado
A5: DIRECCIÓN OBRA: CARMEN DE VIBORAL - ANTIOQUIA
A9: CAPÍTULO: | D9: DESCRIPCIÓN ÍTEM
A10: ITEM Nº. | C10: UNIDAD | D10: ='PRESUPUESTO PLAZA 07042022'!B118 -> Suministro, transporte e instalación de alimentador trifásico en cables de cobre 3No6(F) + 1No8(T) + 1No8(T) AWG-LSZH. Incluye: conectores, cintas, marcación, elementos de fijación y demás accesorios funcionamiento.
A11: 14.15 | C11: M
D12: LOCALIZACIÓN | E12: MEDIDAS | H12: CANTIDAD | I12: TOTAL
E13: LARGO (m) | F13: ANCHO (m) | G13: ALTO (m)
D15: TABLERO | H15: 23 | I15: =+H15 -> 23
D34: SUBTOTAL | I34: =SUM(I14:I33) -> 23
E35: CONTINUA EN LA FICHA FICHA Nº
D36: CANTIDAD | I36: =+I34+I35 -> 23
D37: OBSERVACIONES:
C42: NOMBRE
C43: FIRMA

Sheet MC 14,16
C1: MEMORIA DE CALCULO DE CANTIDADES DE OBRA | H1: Página 1 de 1
C3: Público Reservado Clasificado
A5: DIRECCIÓN OBRA: CARMEN DE VIBORAL - ANTIOQUIA
A9: CAPÍTULO: | D9: DESCRIPCIÓN ÍTEM
A10: ITEM Nº. | C10: UNIDAD | D10: ='PRESUPUESTO PLAZA 07042022'!B119 -> Suministro, transporte e instalación de alimentador trifásico en cables de cobre 3No4(F) + 1No6(T) + 1No6(T) AWG-LSZH. Incluye: conectores, cintas, marcación, elementos de fijación y demás accesorios funcionamiento.
A11: 14.16 | C11: M
D12: LOCALIZACIÓN | E12: MEDIDAS | H12: CANTIDAD | I12: TOTAL
E13: LARGO (m) | F13: ANCHO (m) | G13: ALTO (m)
D15: CABLE ALIMENTADOR | H15: 3 | I15: =+H15 -> 3
D34: SUBTOTAL | I34: =SUM(I14:I33) -> 3
E35: CONTINUA EN LA FICHA FICHA Nº
D36: CANTIDAD | I36: =+I34+I35 -> 3
D37: OBSERVACIONES:
C42: NOMBRE
C43: FIRMA

Sheet MC 14,17
C1: MEMORIA DE CALCULO DE CANTIDADES DE OBRA | H1: Página 1 de 1
C3: Público Reservado Clasificado
A5: DIRECCIÓN OBRA: CARMEN DE VIBORAL - ANTIOQUIA
A9: CAPÍTULO: | D9: DESCRIPCIÓN ÍTEM
A10: ITEM Nº. | C10: UNIDAD | D10: ='PRESUPUESTO PLAZA 07042022'!B120 -> Suministro, transporte e instalación de breaker industrial de 3x80A - Icc=10kA: Incluye: elementos de fijación.
A11: 14.17 | C11: UNIDAD
D12: LOCALIZACIÓN | E12: MEDIDAS | H12: CANTIDAD | I12: TOTAL
E13: LARGO (m) | F13: ANCHO (m) | G13: ALTO (m)
D15: BREAKER | H15: 1 | I15: =+H15 -> 1
D34: SUBTOTAL | I34: =SUM(I14:I33) -> 1
E35: CONTINUA EN LA FICHA FICHA Nº
D36: CANTIDAD | I36: =+I34+I35 -> 1
D37: OBSERVACIONES:
C42: NOMBRE
C43: FIRMA

Sheet MC 14,18
C1: MEMORIA DE CALCULO DE CANTIDADES DE OBRA | H1: Página 1 de 1
C3: Público Reservado Clasificado
A5: DIRECCIÓN OBRA: CARMEN DE VIBORAL - ANTIOQUIA
A9: CAPÍTULO: | D9: DESCRIPCIÓN ÍTEM
A10: ITEM Nº. | C10: UNIDAD | D10: ='PRESUPUESTO PLAZA 07042022'!B121 -> Suministro, transporte e instalación de breaker industrial de 3x60A - Icc=10kA: Incluye: elementos de fijación.
A11: 14.18 | C11: UNIDAD
D12: LOCALIZACIÓN | E12: MEDIDAS | H12: CANTIDAD | I12: TOTAL
E13: LARGO (m) | F13: ANCHO (m) | G13: ALTO (m)
D15: BREAKER | H15: 3 | I15: =+H15 -> 3
D34: SUBTOTAL | I34: =SUM(I14:I33) -> 3
E35: CONTINUA EN LA FICHA FICHA Nº
D36: CANTIDAD | I36: =+I34+I35 -> 3
D37: OBSERVACIONES:
C42: NOMBRE
C43: FIRMA

Sheet MC 14,19
C1: MEMORIA DE CALCULO DE CANTIDADES DE OBRA | H1: Página 1 de 1
C3: Público Reservado Clasificado
A5: DIRECCIÓN OBRA: CARMEN DE VIBORAL - ANTIOQUIA
A9: CAPÍTULO: | D9: DESCRIPCIÓN ÍTEM
A10: ITEM Nº. | C10: UNIDAD | D10: ='PRESUPUESTO PLAZA 07042022'!B122 -> Suministro, transporte e instalación de breaker monopolar enchufable 1x15A, 1x20A o 1x30A - Icc=10kA.
A11: 14.19 | C11: UNIDAD
D12: LOCALIZACIÓN | E12: MEDIDAS | H12: CANTIDAD | I12: TOTAL
E13: LARGO (m) | F13: ANCHO (m) | G13: ALTO (m)
D15: BREAKER | H15: 44 | I15: =+H15 -> 44
D34: SUBTOTAL | I34: =SUM(I14:I33) -> 44
E35: CONTINUA EN LA FICHA FICHA Nº
D36: CANTIDAD | I36: =+I34+I35 -> 44
D37: OBSERVACIONES:
C42: NOMBRE
C43: FIRMA

Sheet MC 14,20
C1: MEMORIA DE CALCULO DE CANTIDADES DE OBRA | H1: Página 1 de 1
C3: Público Reservado Clasificado
A5: DIRECCIÓN OBRA: CARMEN DE VIBORAL - ANTIOQUIA
A9: CAPÍTULO: | D9: DESCRIPCIÓN ÍTEM
A10: ITEM Nº. | C10: UNIDAD | D10: ='PRESUPUESTO PLAZA 07042022'!B123 -> Suministro, transporte e instalación de breaker bipolar enchufable de 2x15A, 2x20A o 2x30A - Icc=10kA.
A11: 14.2 | C11: UNIDAD
D12: LOCALIZACIÓN | E12: MEDIDAS | H12: CANTIDAD | I12: TOTAL
E13: LARGO (m) | F13: ANCHO (m) | G13: ALTO (m)
D15: BREAKER | H15: 1 | I15: =+H15 -> 1
D34: SUBTOTAL | I34: =SUM(I14:I33) -> 1
E35: CONTINUA EN LA FICHA FICHA Nº
D36: CANTIDAD | I36: =+I34+I35 -> 1
D37: OBSERVACIONES:
C42: NOMBRE
C43: FIRMA

Sheet MC 14,21
C1: MEMORIA DE CALCULO DE CANTIDADES DE OBRA | H1: Página 1 de 1
C3: Público Reservado Clasificado
A5: DIRECCIÓN OBRA: CARMEN DE VIBORAL - ANTIOQUIA
A9: CAPÍTULO: | D9: DESCRIPCIÓN ÍTEM
A10: ITEM Nº. | C10: UNIDAD | D10: ='PRESUPUESTO PLAZA 07042022'!B124 -> Canaleta metálica de 12x5cm con división central, pestañas para tapar hacia afuera, calibre 22 USG, lamina cold-rolled, pintura electroestática en polvo horneable color gris texturizada. Incluye accesorios (curvas, derivaciones, etc.), elementos de fijación, puente eléctrico en cable de cobre N° 12 AWG y terminales de ojo en todas las uniones. Se debe garantizar la continuidad de las divisiones centrales.
A11: 14.21 | C11: M
D12: LOCALIZACIÓN | E12: MEDIDAS | H12: CANTIDAD | I12: TOTAL
E13: LARGO (m) | F13: ANCHO (m) | G13: ALTO (m)
D15: CANALETA | H15: 50 | I15: =+H15 -> 50
D34: SUBTOTAL | I34: =SUM(I14:I33) -> 50
E35: CONTINUA EN LA FICHA FICHA Nº
D36: CANTIDAD | I36: =+I34+I35 -> 50
D37: OBSERVACIONES:
C42: NOMBRE
C43: FIRMA

Sheet MC 14,22
C1: MEMORIA DE CALCULO DE CANTIDADES DE OBRA | H1: Página 1 de 1
C3: Público Reservado Clasificado
A5: DIRECCIÓN OBRA: CARMEN DE VIBORAL - ANTIOQUIA
A9: CAPÍTULO: | D9: DESCRIPCIÓN ÍTEM
A10: ITEM Nº. | C10: UNIDAD | D10: ='PRESUPUESTO PLAZA 07042022'!B125 -> Suministro, transporte e instalación de tubería EMT Ø3''. Incluye: uniones, entradas a caja, curvas, elementos de fijación y marcación.
A11: 14.22 | C11: M
D12: LOCALIZACIÓN | E12: MEDIDAS | H12: CANTIDAD | I12: TOTAL
E13: LARGO (m) | F13: ANCHO (m) | G13: ALTO (m)
D15: TUBERIA MT | H15: 20 | I15: =+H15 -> 20
D34: SUBTOTAL | I34: =SUM(I14:I33) -> 20
E35: CONTINUA EN LA FICHA FICHA Nº
D36: CANTIDAD | I36: =+I34+I35 -> 20
D37: OBSERVACIONES:
C42: NOMBRE
C43: FIRMA

Sheet MC 14,23
C1: MEMORIA DE CALCULO DE CANTIDADES DE OBRA | H1: Página 1 de 1
C3: Público Reservado Clasificado
A5: DIRECCIÓN OBRA: CARMEN DE VIBORAL - ANTIOQUIA
A9: CAPÍTULO: | D9: DESCRIPCIÓN ÍTEM
A10: ITEM Nº. | C10: UNIDAD | D10: ='PRESUPUESTO PLAZA 07042022'!B126 -> Suministro, transporte e instalación de tubería EMT Ø1 1/2''. Incluye: uniones, entradas a caja, curvas, elementos de fijación y marcación.
A11: 14.23 | C11: M
D12: LOCALIZACIÓN | E12: MEDIDAS | H12: CANTIDAD | I12: TOTAL
E13: LARGO (m) | F13: ANCHO (m) | G13: ALTO (m)
D15: TUBERIA MT | H15: 30 | I15: =+H15 -> 30
D34: SUBTOTAL | I34: =SUM(I14:I33) -> 30
E35: CONTINUA EN LA FICHA FICHA Nº
D36: CANTIDAD | I36: =+I34+I35 -> 30
D37: OBSERVACIONES:
C42: NOMBRE
C43: FIRMA

Sheet MC 14,24
C1: MEMORIA DE CALCULO DE CANTIDADES DE OBRA | H1: Página 1 de 1
C3: Público Reservado Clasificado
A5: DIRECCIÓN OBRA: CARMEN DE VIBORAL - ANTIOQUIA
A9: CAPÍTULO: | D9: DESCRIPCIÓN ÍTEM
A10: ITEM Nº. | C10: UNIDAD | D10: ='PRESUPUESTO PLAZA 07042022'!B128 -> Suministro, transporte e instalación de salida eléctrica para toma corriente doble con polo a tierra color blanco, 125V, 15A (NEMA 5-15R) en caja caja metálica 12x12x5cm. Incluye: 3m de tubo EMT de 3/4, 9m de cable de cobre 3xNo.12 AWG-LSZH, caja metálica 12x12x5, aparato con placa, conectores tipo resorte, marcación, elementos de fijación y demás requeridos para su correcta operación.
A11: 14.24 | C11: UNIDAD
D12: LOCALIZACIÓN | E12: MEDIDAS | H12: CANTIDAD | I12: TOTAL
E13: LARGO (m) | F13: ANCHO (m) | G13: ALTO (m)
D15: SALIDA ELECTRICA | H15: 158 | I15: =+H15 -> 158
D34: SUBTOTAL | I34: =SUM(I14:I33) -> 158
E35: CONTINUA EN LA FICHA FICHA Nº
D36: CANTIDAD | I36: =+I34+I35 -> 158
D37: OBSERVACIONES:
C42: NOMBRE
C43: FIRMA

Sheet MC 14,25
C1: MEMORIA DE CALCULO DE CANTIDADES DE OBRA | H1: Página 1 de 1
C3: Público Reservado Clasificado
A5: DIRECCIÓN OBRA: CARMEN DE VIBORAL - ANTIOQUIA
A9: CAPÍTULO: | D9: DESCRIPCIÓN ÍTEM
A10: ITEM Nº. | C10: UNIDAD | D10: ='PRESUPUESTO PLAZA 07042022'!B129 -> Suministro, transporte e instalación de salida eléctrica para toma corriente doble con polo a tierra GFCI, 125V, 15A (NEMA 5-15R) en caja pvc 12x12x5cm. Incluye: 3m de tubo PVC de 3/4, 9m de cable de cobre 3xNo.12 AWG-LSZH, caja PVC 12x12x5, aparato con placa, conectores tipo resorte, marcación, elementos de fijación y demás requeridos para su correcta operación.
A11: 14.25 | C11: UNIDAD
D12: LOCALIZACIÓN | E12: MEDIDAS | H12: CANTIDAD | I12: TOTAL
E13: LARGO (m) | F13: ANCHO (m) | G13: ALTO (m)
D15: SALIDA ELECTRICA | H15: 2 | I15: =+H15 -> 2
D34: SUBTOTAL | I34: =SUM(I14:I33) -> 2
E35: CONTINUA EN LA FICHA FICHA Nº
D36: CANTIDAD | I36: =+I34+I35 -> 2
D37: OBSERVACIONES:
C42: NOMBRE
C43: FIRMA

Sheet MC 14,26
C1: MEMORIA DE CALCULO DE CANTIDADES DE OBRA | H1: Página 1 de 1
C3: Público Reservado Clasificado
A5: DIRECCIÓN OBRA: CARMEN DE VIBORAL - ANTIOQUIA
A9: CAPÍTULO: | D9: DESCRIPCIÓN ÍTEM
A10: ITEM Nº. | C10: UNIDAD | D10: ='PRESUPUESTO PLAZA 07042022'!B130 -> Suministro, transporte e instalación de salida eléctrica para iluminación con toma corriente doble con polo a tierra color blanco, 125V, 15A (NEMA 5-15R) en caja caja metálica 12x12x5cm. Incluye: 3m de tubo EMT de 3/4, 9m de cable de cobre 3xNo.12 AWG-LSZH, caja metálica 12x12x5, aparato con placa, conectores tipo resorte, marcación, elementos de fijación y demás requeridos para su correcta operación.
A11: 14.26 | C11: UNIDAD
D12: LOCALIZACIÓN | E12: MEDIDAS | H12: CANTIDAD | I12: TOTAL
E13: LARGO (m) | F13: ANCHO (m) | G13: ALTO (m)
D15: SALIDA ELECTRICA | H15: 171 | I15: =+H15 -> 171
D34: SUBTOTAL | I34: =SUM(I14:I33) -> 171
E35: CONTINUA EN LA FICHA FICHA Nº
D36: CANTIDAD | I36: =+I34+I35 -> 171
D37: OBSERVACIONES:
C42: NOMBRE
C43: FIRMA

Sheet MC 14,27
C1: MEMORIA DE CALCULO DE CANTIDADES DE OBRA | H1: Página 1 de 1
C3: Público Reservado Clasificado
A5: DIRECCIÓN OBRA: CARMEN DE VIBORAL - ANTIOQUIA
A9: CAPÍTULO: | D9: DESCRIPCIÓN ÍTEM
A10: ITEM Nº. | C10: UNIDAD | D10: ='PRESUPUESTO PLAZA 07042022'!B131 -> Suministro, transporte e instalación de salida eléctrica para interruptor sencillo 125V - 10A color blanco en caja metálica tipo Rawelt. Incluye: 3m de tubo EMT de 3/4, 9m de cable de cobre 3xNo.12 AWG-LSZH, caja metálica tipo Rawelt 2x4, aparato con placa, conectores tipo resorte, marcación, elementos de fijación y demás requeridos para su correcta operación.
A11: 14.27 | C11: UNIDAD
D12: LOCALIZACIÓN | E12: MEDIDAS | H12: CANTIDAD | I12: TOTAL
E13: LARGO (m) | F13: ANCHO (m) | G13: ALTO (m)
D15: SALIDA ELECTRICA | H15: 12 | I15: =+H15 -> 12
D34: SUBTOTAL | I34: =SUM(I14:I33) -> 12
E35: CONTINUA EN LA FICHA FICHA Nº
D36: CANTIDAD | I36: =+I34+I35 -> 12
D37: OBSERVACIONES:
C42: NOMBRE
C43: FIRMA

Sheet MC 14,28
C1: MEMORIA DE CALCULO DE CANTIDADES DE OBRA | H1: Página 1 de 1
C3: Público Reservado Clasificado
A5: DIRECCIÓN OBRA: CARMEN DE VIBORAL - ANTIOQUIA
A9: CAPÍTULO: | D9: DESCRIPCIÓN ÍTEM
A10: ITEM Nº. | C10: UNIDAD | D10: ='PRESUPUESTO PLAZA 07042022'!B132 -> Suministro, transporte e instalación de tubería EMT Ø3/4''. Incluye: uniones, entradas a caja, curvas, elementos de fijación y marcación.
A11: 14.28 | C11: M
D12: LOCALIZACIÓN | E12: MEDIDAS | H12: CANTIDAD | I12: TOTAL
E13: LARGO (m) | F13: ANCHO (m) | G13: ALTO (m)
D15: TUBERIA | H15: 1260 | I15: =+H15 -> 1260
D34: SUBTOTAL | I34: =SUM(I14:I33) -> 1260
E35: CONTINUA EN LA FICHA FICHA Nº
D36: CANTIDAD | I36: =+I34+I35 -> 1260
D37: OBSERVACIONES:
C42: NOMBRE
C43: FIRMA

Sheet MC 14,29
C1: MEMORIA DE CALCULO DE CANTIDADES DE OBRA | H1: Página 1 de 1
C3: Público Reservado Clasificado
A5: DIRECCIÓN OBRA: CARMEN DE VIBORAL - ANTIOQUIA
A9: CAPÍTULO: | D9: DESCRIPCIÓN ÍTEM
A10: ITEM Nº. | C10: UNIDAD | D10: ='PRESUPUESTO PLAZA 07042022'!B132 -> Suministro, transporte e instalación de tubería EMT Ø3/4''. Incluye: uniones, entradas a caja, curvas, elementos de fijación y marcación.
A11: 14.29 | C11: M
D12: LOCALIZACIÓN | E12: MEDIDAS | H12: CANTIDAD | I12: TOTAL
E13: LARGO (m) | F13: ANCHO (m) | G13: ALTO (m)
D15: TUBERIA | H15: 40 | I15: =+H15 -> 40
D34: SUBTOTAL | I34: =SUM(I14:I33) -> 40
E35: CONTINUA EN LA FICHA FICHA Nº
D36: CANTIDAD | I36: =+I34+I35 -> 40
D37: OBSERVACIONES:
C42: NOMBRE
C43: FIRMA

Sheet MC 14,30
C1: MEMORIA DE CALCULO DE CANTIDADES DE OBRA | H1: Página 1 de 1
C3: Público Reservado Clasificado
A5: DIRECCIÓN OBRA: CARMEN DE VIBORAL - ANTIOQUIA
A9: CAPÍTULO: | D9: DESCRIPCIÓN ÍTEM
A10: ITEM Nº. | C10: UNIDAD | D10: ='PRESUPUESTO PLAZA 07042022'!B134 -> Suministro, transporte e instalación de conector curvo o recto ⌀3/4'' para coraza.
A11: 14.3 | C11: UNIDAD
D12: LOCALIZACIÓN | E12: MEDIDAS | H12: CANTIDAD | I12: TOTAL
E13: LARGO (m) | F13: ANCHO (m) | G13: ALTO (m)
D15: CONECTOR | H15: 40 | I15: =+H15 -> 40
D34: SUBTOTAL | I34: =SUM(I14:I33) -> 40
E35: CONTINUA EN LA FICHA FICHA Nº
D36: CANTIDAD | I36: =+I34+I35 -> 40
D37: OBSERVACIONES:
C42: NOMBRE
C43: FIRMA

Sheet MC 14,31
C1: MEMORIA DE CALCULO DE CANTIDADES DE OBRA | H1: Página 1 de 1
C3: Público Reservado Clasificado
A5: DIRECCIÓN OBRA: CARMEN DE VIBORAL - ANTIOQUIA
A9: CAPÍTULO: | D9: DESCRIPCIÓN ÍTEM
A10: ITEM Nº. | C10: UNIDAD | D10: ='PRESUPUESTO PLAZA 07042022'!B135 -> Suministro, transporte e instalación de caja de paso metálica 12x12x5cm con tapa troquel universal y/o tapa lisa. Incluye: elementos de fijación y marcación.
A11: 14.31 | C11: UNIDAD
D12: LOCALIZACIÓN | E12: MEDIDAS | H12: CANTIDAD | I12: TOTAL
E13: LARGO (m) | F13: ANCHO (m) | G13: ALTO (m)
D15: CAJA | H15: 40 | I15: =+H15 -> 40
D34: SUBTOTAL | I34: =SUM(I14:I33) -> 40
E35: CONTINUA EN LA FICHA FICHA Nº
D36: CANTIDAD | I36: =+I34+I35 -> 40
D37: OBSERVACIONES:
C42: NOMBRE
C43: FIRMA

Sheet MC 14,32
C1: MEMORIA DE CALCULO DE CANTIDADES DE OBRA | H1: Página 1 de 1
C3: Público Reservado Clasificado
A5: DIRECCIÓN OBRA: CARMEN DE VIBORAL - ANTIOQUIA
A9: CAPÍTULO: | D9: DESCRIPCIÓN ÍTEM
A10: ITEM Nº. | C10: UNIDAD | D10: ='PRESUPUESTO PLAZA 07042022'!B136 -> Suministro, transporte e instalación de cable de cobre #12 AWG-LSZH. Incluye: elementos de fijación y marcación.
A11: 14.32 | C11: M
D12: LOCALIZACIÓN | E12: MEDIDAS | H12: CANTIDAD | I12: TOTAL
E13: LARGO (m) | F13: ANCHO (m) | G13: ALTO (m)
D15: CABLE | H15: 8500 | I15: =+H15 -> 8500
D34: SUBTOTAL | I34: =SUM(I14:I33) -> 8500
E35: CONTINUA EN LA FICHA FICHA Nº
D36: CANTIDAD | I36: =+I34+I35 -> 8500
D37: OBSERVACIONES:
C42: NOMBRE
C43: FIRMA

Sheet MC 14,33
C1: MEMORIA DE CALCULO DE CANTIDADES DE OBRA | H1: Página 1 de 1
C3: Público Reservado Clasificado
A5: DIRECCIÓN OBRA: CARMEN DE VIBORAL - ANTIOQUIA
A9: CAPÍTULO: | D9: DESCRIPCIÓN ÍTEM
A10: ITEM Nº. | C10: UNIDAD | D10: ='PRESUPUESTO PLAZA 07042022'!B137 -> Suministro, transporte e instalación de cable de cobre #10 AWG-LSZH. Incluye: elementos de fijación y marcación.
A11: 14.33 | C11: M
D12: LOCALIZACIÓN | E12: MEDIDAS | H12: CANTIDAD | I12: TOTAL
E13: LARGO (m) | F13: ANCHO (m) | G13: ALTO (m)
D15: CABLE | H15: 100 | I15: =+H15 -> 100
D34: SUBTOTAL | I34: =SUM(I14:I33) -> 100
E35: CONTINUA EN LA FICHA FICHA Nº
D36: CANTIDAD | I36: =+I34+I35 -> 100
D37: OBSERVACIONES:
C42: NOMBRE
C43: FIRMA

Sheet MC 14,34
C1: MEMORIA DE CALCULO DE CANTIDADES DE OBRA | H1: Página 1 de 1
C3: Público Reservado Clasificado
A5: DIRECCIÓN OBRA: CARMEN DE VIBORAL - ANTIOQUIA
A9: CAPÍTULO: | D9: DESCRIPCIÓN ÍTEM
A10: ITEM Nº. | C10: UNIDAD | D10: ='PRESUPUESTO PLAZA 07042022'!B138 -> Suministro, transporte e instalación de salida eléctrica para toma corriente doble con polo a tierra intemperie, 125V, 15A (NEMA 5-15R) en caja pvc 12x12x5cm. Incluye: 3m de tubo PVC de 3/4, 9m de cable de cobre 3xNo.12 AWG-LSZH, caja PVC 12x12x5, aparato con placa, conectores tipo resorte, marcación, elementos de fijación y demás requeridos para su correcta operación.
A11: 14.34 | C11: UNIDAD
D12: LOCALIZACIÓN | E12: MEDIDAS | H12: CANTIDAD | I12: TOTAL
E13: LARGO (m) | F13: ANCHO (m) | G13: ALTO (m)
D15: SALIDA | H15: 10 | I15: =+H15 -> 10
D34: SUBTOTAL | I34: =SUM(I14:I33) -> 10
E35: CONTINUA EN LA FICHA FICHA Nº
D36: CANTIDAD | I36: =+I34+I35 -> 10
D37: OBSERVACIONES:
C42: NOMBRE
C43: FIRMA

Sheet MC 14,35
C1: MEMORIA DE CALCULO DE CANTIDADES DE OBRA | H1: Página 1 de 1
C3: Público Reservado Clasificado
A5: DIRECCIÓN OBRA: CARMEN DE VIBORAL - ANTIOQUIA
A9: CAPÍTULO: | D9: DESCRIPCIÓN ÍTEM
A10: ITEM Nº. | C10: UNIDAD | D10: ='PRESUPUESTO PLAZA 07042022'!B138 -> Suministro, transporte e instalación de salida eléctrica para toma corriente doble con polo a tierra intemperie, 125V, 15A (NEMA 5-15R) en caja pvc 12x12x5cm. Incluye: 3m de tubo PVC de 3/4, 9m de cable de cobre 3xNo.12 AWG-LSZH, caja PVC 12x12x5, aparato con placa, conectores tipo resorte, marcación, elementos de fijación y demás requeridos para su correcta operación.
A11: 14.35 | C11: M
D12: LOCALIZACIÓN | E12: MEDIDAS | H12: CANTIDAD | I12: TOTAL
E13: LARGO (m) | F13: ANCHO (m) | G13: ALTO (m)
D15: TUBERIA | H15: 1260 | I15: =+H15 -> 1260
D34: SUBTOTAL | I34: =SUM(I14:I33) -> 1260
E35: CONTINUA EN LA FICHA FICHA Nº
D36: CANTIDAD | I36: =+I34+I35 -> 1260
D37: OBSERVACIONES:
C42: NOMBRE
C43: FIRMA

Sheet MC 14,36
C1: MEMORIA DE CALCULO DE CANTIDADES DE OBRA | H1: Página 1 de 1
C3: Público Reservado Clasificado
A5: DIRECCIÓN OBRA: CARMEN DE VIBORAL - ANTIOQUIA
A9: CAPÍTULO: | D9: DESCRIPCIÓN ÍTEM
A10: ITEM Nº. | C10: UNIDAD | D10: ='PRESUPUESTO PLAZA 07042022'!B141 -> Suministro, transporte e instalación de luminaria hermética LED 50W DL HIGH FLUX, 140 lm/W, 7000 lm, 50000h L70, IP65, IK05. Incluye: elementos de fijación, cable encauchetado 3x16AWG y clavija.
A11: 14.36 | C11: UNIDAD
D12: LOCALIZACIÓN | E12: MEDIDAS | H12: CANTIDAD | I12: TOTAL
E13: LARGO (m) | F13: ANCHO (m) | G13: ALTO (m)
D15: LUMINARIA | H15: 129 | I15: =+H15 -> 129
D34: SUBTOTAL | I34: =SUM(I14:I33) -> 129
E35: CONTINUA EN LA FICHA FICHA Nº
D36: CANTIDAD | I36: =+I34+I35 -> 129
D37: OBSERVACIONES:
C42: NOMBRE
C43: FIRMA

Sheet MC 14,37
C1: MEMORIA DE CALCULO DE CANTIDADES DE OBRA | H1: Página 1 de 1
C3: Público Reservado Clasificado
A5: DIRECCIÓN OBRA: CARMEN DE VIBORAL - ANTIOQUIA
A9: CAPÍTULO: | D9: DESCRIPCIÓN ÍTEM
A10: ITEM Nº. | C10: UNIDAD | D10: ='PRESUPUESTO PLAZA 07042022'!B142 -> Suministro, transporte e instalación de panel LED redondo de 18W tipo cilindro de sobreponer, color 6500K , 1080lm, 60lm/W, ángulo de apertura 140°, CRI>70. Incluye: elementos de fijación, cable encauchetado 3x16AWG y clavija.
A11: 14.37 | C11: UNIDAD
D12: LOCALIZACIÓN | E12: MEDIDAS | H12: CANTIDAD | I12: TOTAL
E13: LARGO (m) | F13: ANCHO (m) | G13: ALTO (m)
D15: PANEL | H15: 16 | I15: =+H15 -> 16
D34: SUBTOTAL | I34: =SUM(I14:I33) -> 16
E35: CONTINUA EN LA FICHA FICHA Nº
D36: CANTIDAD | I36: =+I34+I35 -> 16
D37: OBSERVACIONES:
C42: NOMBRE
C43: FIRMA

Sheet MC 14,38
C1: MEMORIA DE CALCULO DE CANTIDADES DE OBRA | H1: Página 1 de 1
C3: Público Reservado Clasificado
A5: DIRECCIÓN OBRA: CARMEN DE VIBORAL - ANTIOQUIA
A9: CAPÍTULO: | D9: DESCRIPCIÓN ÍTEM
A10: ITEM Nº. | C10: UNIDAD | D10: ='PRESUPUESTO PLAZA 07042022'!B143 -> Suministro, transporte e instalación de luminaria LED de emergencia con botón de prueba e indicador de carga, simétrica dirigible de 2x1.6W, flujo luminoso 2x130lm, 6000K y autonomía de 90min. Incluye: elementos de fijación, cable encauchetado 3x16AWG y clavija.
A11: 14.38 | C11: UNIDAD
D12: LOCALIZACIÓN | E12: MEDIDAS | H12: CANTIDAD | I12: TOTAL
E13: LARGO (m) | F13: ANCHO (m) | G13: ALTO (m)
D15: LUMINARIAS | H15: 22 | I15: =+H15 -> 22
D34: SUBTOTAL | I34: =SUM(I14:I33) -> 22
E35: CONTINUA EN LA FICHA FICHA Nº
D36: CANTIDAD | I36: =+I34+I35 -> 22
D37: OBSERVACIONES:
C42: NOMBRE
C43: FIRMA

Sheet MC 14,39
C1: MEMORIA DE CALCULO DE CANTIDADES DE OBRA | H1: Página 1 de 1
C3: Público Reservado Clasificado
A5: DIRECCIÓN OBRA: CARMEN DE VIBORAL - ANTIOQUIA
A9: CAPÍTULO: | D9: DESCRIPCIÓN ÍTEM
A10: ITEM Nº. | C10: UNIDAD | D10: ='PRESUPUESTO PLAZA 07042022'!B145 -> Suministro, transporte e instalación de varilla de puesta a tierra de 5/8''x2400mm.
A11: 14.39 | C11: UNIDAD
D12: LOCALIZACIÓN | E12: MEDIDAS | H12: CANTIDAD | I12: TOTAL
E13: LARGO (m) | F13: ANCHO (m) | G13: ALTO (m)
D15: VARILLA | H15: 4 | I15: =+H15 -> 4
D34: SUBTOTAL | I34: =SUM(I14:I33) -> 4
E35: CONTINUA EN LA FICHA FICHA Nº
D36: CANTIDAD | I36: =+I34+I35 -> 4
D37: OBSERVACIONES:
C42: NOMBRE
C43: FIRMA

Sheet MC 14,40
C1: MEMORIA DE CALCULO DE CANTIDADES DE OBRA | H1: Página 1 de 1
C3: Público Reservado Clasificado
A5: DIRECCIÓN OBRA: CARMEN DE VIBORAL - ANTIOQUIA
A9: CAPÍTULO: | D9: DESCRIPCIÓN ÍTEM
A10: ITEM Nº. | C10: UNIDAD | D10: ='PRESUPUESTO PLAZA 07042022'!B146 -> Suministro, transporte e instalación de cable de cobre desnudo No.1/0AWG.
A11: 14.4 | C11: UNIDAD
D12: LOCALIZACIÓN | E12: MEDIDAS | H12: CANTIDAD | I12: TOTAL
E13: LARGO (m) | F13: ANCHO (m) | G13: ALTO (m)
D15: CABLE | H15: 32 | I15: =+H15 -> 32
D34: SUBTOTAL | I34: =SUM(I14:I33) -> 32
E35: CONTINUA EN LA FICHA FICHA Nº
D36: CANTIDAD | I36: =+I34+I35 -> 32
D37: OBSERVACIONES:
C42: NOMBRE
C43: FIRMA

Sheet MC 14,41
C1: MEMORIA DE CALCULO DE CANTIDADES DE OBRA | H1: Página 1 de 1
C3: Público Reservado Clasificado
A5: DIRECCIÓN OBRA: CARMEN DE VIBORAL - ANTIOQUIA
A9: CAPÍTULO: | D9: DESCRIPCIÓN ÍTEM
A10: ITEM Nº. | C10: UNIDAD | D10: ='PRESUPUESTO PLAZA 07042022'!B147 -> Suministro, transporte e instalación de soldadura exotérmica de 115gr.
A11: 14.41 | C11: UNIDAD
D12: LOCALIZACIÓN | E12: MEDIDAS | H12: CANTIDAD | I12: TOTAL
E13: LARGO (m) | F13: ANCHO (m) | G13: ALTO (m)
D15: SOLDADURA | H15: 10 | I15: =+H15 -> 10
D34: SUBTOTAL | I34: =SUM(I14:I33) -> 10
E35: CONTINUA EN LA FICHA FICHA Nº
D36: CANTIDAD | I36: =+I34+I35 -> 10
D37: OBSERVACIONES:
C42: NOMBRE
C43: FIRMA

Sheet MC 14,42
C1: MEMORIA DE CALCULO DE CANTIDADES DE OBRA | H1: Página 1 de 1
C3: Público Reservado Clasificado
A5: DIRECCIÓN OBRA: CARMEN DE VIBORAL - ANTIOQUIA
A9: CAPÍTULO: | D9: DESCRIPCIÓN ÍTEM
A10: ITEM Nº. | C10: UNIDAD | D10: ='PRESUPUESTO PLAZA 07042022'!B148 -> Suministro, transporte e instalación de caja de inspección según norma EPM RS3-001.
A11: 14.42 | C11: UNIDAD
D12: LOCALIZACIÓN | E12: MEDIDAS | H12: CANTIDAD | I12: TOTAL
E13: LARGO (m) | F13: ANCHO (m) | G13: ALTO (m)
D15: SOLDADURA | H15: 10 | I15: =+H15 -> 10
D34: SUBTOTAL | I34: =SUM(I14:I33) -> 10
E35: CONTINUA EN LA FICHA FICHA Nº
D36: CANTIDAD | I36: =+I34+I35 -> 10
D37: OBSERVACIONES:
C42: NOMBRE
C43: FIRMA

Sheet MC 14,43
C1: MEMORIA DE CALCULO DE CANTIDADES DE OBRA | H1: Página 1 de 1
C3: Público Reservado Clasificado
A5: DIRECCIÓN OBRA: CARMEN DE VIBORAL - ANTIOQUIA
A9: CAPÍTULO: | D9: DESCRIPCIÓN ÍTEM
A10: ITEM Nº. | C10: UNIDAD | D10: ='PRESUPUESTO PLAZA 07042022'!B150 -> Suministro, transporte e instalación de gabinete para control de iluminación exterior y puntos fijos fabricado en lamina cold rolled Cal. 18, pintura electrostática con espacio para alojar 8 contactores AC3 de 30A, 8 muletillas de 2 posiciones, 8 pilotos verdes, 16 borneras de 6mm2 y dimensiones aproximadas de 80x80x25cm. Incluye: equipamiento eléctrico, marcación y elementos de fijación.
A11: 14.43 | C11: UNIDAD
D12: LOCALIZACIÓN | E12: MEDIDAS | H12: CANTIDAD | I12: TOTAL
E13: LARGO (m) | F13: ANCHO (m) | G13: ALTO (m)
D15: GABINETE | H15: 1 | I15: =+H15 -> 1
D34: SUBTOTAL | I34: =SUM(I14:I33) -> 1
E35: CONTINUA EN LA FICHA FICHA Nº
D36: CANTIDAD | I36: =+I34+I35 -> 1
D37: OBSERVACIONES:
C42: NOMBRE
C43: FIRMA

Sheet MC 14,44
C1: MEMORIA DE CALCULO DE CANTIDADES DE OBRA | H1: Página 1 de 1
C3: Público Reservado Clasificado
A5: DIRECCIÓN OBRA: CARMEN DE VIBORAL - ANTIOQUIA
A9: CAPÍTULO: | D9: DESCRIPCIÓN ÍTEM
A10: ITEM Nº. | C10: UNIDAD | D10: ='PRESUPUESTO PLAZA 07042022'!B151 -> Suministro, transporte e instalación de herraje para caja según norma RS3-001. Incluye: herraje, marcación y demás elementos requeridos para su correcta instalación.
A11: 14.44 | C11: UNIDAD
D12: LOCALIZACIÓN | E12: MEDIDAS | H12: CANTIDAD | I12: TOTAL
E13: LARGO (m) | F13: ANCHO (m) | G13: ALTO (m)
D15: HERRAJE | H15: 28 | I15: =+H15 -> 28
D34: SUBTOTAL | I34: =SUM(I14:I33) -> 28
E35: CONTINUA EN LA FICHA FICHA Nº
D36: CANTIDAD | I36: =+I34+I35 -> 28
D37: OBSERVACIONES:
C42: NOMBRE
C43: FIRMA

Sheet MC 14,45
C1: MEMORIA DE CALCULO DE CANTIDADES DE OBRA | H1: Página 1 de 1
C3: Público Reservado Clasificado
A5: DIRECCIÓN OBRA: CARMEN DE VIBORAL - ANTIOQUIA
A9: CAPÍTULO: | D9: DESCRIPCIÓN ÍTEM
A10: ITEM Nº. | C10: UNIDAD | D10: ='PRESUPUESTO PLAZA 07042022'!B152 -> Suministro, transporte e instalación de tubería de 1∅2" PVC-DB , incluye entradas tipo campana PVC de 2" y todos los elementos necesarios para su correcta instalación y puesta en marcha.
A11: 14.45 | C11: UNIDAD
D12: LOCALIZACIÓN | E12: MEDIDAS | H12: CANTIDAD | I12: TOTAL
E13: LARGO (m) | F13: ANCHO (m) | G13: ALTO (m)
D15: TUBERIA | H15: 450 | I15: =+H15 -> 450
D34: SUBTOTAL | I34: =SUM(I14:I33) -> 450
E35: CONTINUA EN LA FICHA FICHA Nº
D36: CANTIDAD | I36: =+I34+I35 -> 450
D37: OBSERVACIONES:
C42: NOMBRE
C43: FIRMA

Sheet MC 14,46
C1: MEMORIA DE CALCULO DE CANTIDADES DE OBRA | H1: Página 1 de 1
C3: Público Reservado Clasificado
A5: DIRECCIÓN OBRA: CARMEN DE VIBORAL - ANTIOQUIA
A9: CAPÍTULO: | D9: DESCRIPCIÓN ÍTEM
A10: ITEM Nº. | C10: UNIDAD | D10: ='PRESUPUESTO PLAZA 07042022'!B153 -> Suministro, transporte e instalación de poste de concreto ornamental tipo Carabobo. Incluye: ahoyada, hincada y aplomada.
A11: 14.46 | C11: UNIDAD
D12: LOCALIZACIÓN | E12: MEDIDAS | H12: CANTIDAD | I12: TOTAL
E13: LARGO (m) | F13: ANCHO (m) | G13: ALTO (m)
D15: POSTE | H15: 28 | I15: =+H15 -> 28
D34: SUBTOTAL | I34: =SUM(I14:I33) -> 28
E35: CONTINUA EN LA FICHA FICHA Nº
D36: CANTIDAD | I36: =+I34+I35 -> 28
D37: OBSERVACIONES:
C42: NOMBRE
C43: FIRMA

Sheet MC 14,47
C1: MEMORIA DE CALCULO DE CANTIDADES DE OBRA | H1: Página 1 de 1
C3: Público Reservado Clasificado
A5: DIRECCIÓN OBRA: CARMEN DE VIBORAL - ANTIOQUIA
A9: CAPÍTULO: | D9: DESCRIPCIÓN ÍTEM
A10: ITEM Nº. | C10: UNIDAD | D10: ='PRESUPUESTO PLAZA 07042022'!B154 -> Suministro, transporte e instalación de brazo ornamental sencillo tipo Carabobo (Largo).
A11: 14.47 | C11: UNIDAD
D12: LOCALIZACIÓN | E12: MEDIDAS | H12: CANTIDAD | I12: TOTAL
E13: LARGO (m) | F13: ANCHO (m) | G13: ALTO (m)
D15: POSTE | H15: 28 | I15: =+H15 -> 28
D34: SUBTOTAL | I34: =SUM(I14:I33) -> 28
E35: CONTINUA EN LA FICHA FICHA Nº
D36: CANTIDAD | I36: =+I34+I35 -> 28
D37: OBSERVACIONES:
C42: NOMBRE
C43: FIRMA

Sheet MC 14,48
C1: MEMORIA DE CALCULO DE CANTIDADES DE OBRA | H1: Página 1 de 1
C3: Público Reservado Clasificado
A5: DIRECCIÓN OBRA: CARMEN DE VIBORAL - ANTIOQUIA
A9: CAPÍTULO: | D9: DESCRIPCIÓN ÍTEM
A10: ITEM Nº. | C10: UNIDAD | D10: ='PRESUPUESTO PLAZA 07042022'!B156 -> Suministro, transporte e instalación de alimentador para alumbrado público exterior en cables 2No.8(F) + 1No.8(T) AWG-THWN. Incluye: Cintas, marcación y demás accesorios para su correcta instalación.
A11: 14.48 | C11: M
D12: LOCALIZACIÓN | E12: MEDIDAS | H12: CANTIDAD | I12: TOTAL
E13: LARGO (m) | F13: ANCHO (m) | G13: ALTO (m)
D15: ILUMINACION EXTERIOR | H15: 450 | I15: =+H15 -> 450
D34: SUBTOTAL | I34: =SUM(I14:I33) -> 450
E35: CONTINUA EN LA FICHA FICHA Nº
D36: CANTIDAD | I36: =+I34+I35 -> 450
D37: OBSERVACIONES:
C42: NOMBRE
C43: FIRMA

Sheet MC 14,49
C1: MEMORIA DE CALCULO DE CANTIDADES DE OBRA | H1: Página 1 de 1
C3: Público Reservado Clasificado
A5: DIRECCIÓN OBRA: CARMEN DE VIBORAL - ANTIOQUIA
A9: CAPÍTULO: | D9: DESCRIPCIÓN ÍTEM
A10: ITEM Nº. | C10: UNIDAD | D10: ='PRESUPUESTO PLAZA 07042022'!B156 -> Suministro, transporte e instalación de alimentador para alumbrado público exterior en cables 2No.8(F) + 1No.8(T) AWG-THWN. Incluye: Cintas, marcación y demás accesorios para su correcta instalación.
A11: 14.49 | C11: M
D12: LOCALIZACIÓN | E12: MEDIDAS | H12: CANTIDAD | I12: TOTAL
E13: LARGO (m) | F13: ANCHO (m) | G13: ALTO (m)
D15: ILUMINACION EXTERIOR | H15: 450 | I15: =+H15 -> 450
D34: SUBTOTAL | I34: =SUM(I14:I33) -> 450
E35: CONTINUA EN LA FICHA FICHA Nº
D36: CANTIDAD | I36: =+I34+I35 -> 450
D37: OBSERVACIONES:
C42: NOMBRE
C43: FIRMA

Sheet MC 14,50
C1: MEMORIA DE CALCULO DE CANTIDADES DE OBRA | H1: Página 1 de 1
C3: Público Reservado Clasificado
A5: DIRECCIÓN OBRA: CARMEN DE VIBORAL - ANTIOQUIA
A9: CAPÍTULO: | D9: DESCRIPCIÓN ÍTEM
A10: ITEM Nº. | C10: UNIDAD | D10: ='PRESUPUESTO PLAZA 07042022'!B157 -> Suministro, transporte e instalación de varilla de puesta a tierra de 5/8''x2400mm.
A11: 14.5 | C11: UNIDAD
D12: LOCALIZACIÓN | E12: MEDIDAS | H12: CANTIDAD | I12: TOTAL
E13: LARGO (m) | F13: ANCHO (m) | G13: ALTO (m)
D15: VARILLA | H15: 28 | I15: =+H15 -> 28
D34: SUBTOTAL | I34: =SUM(I14:I33) -> 28
E35: CONTINUA EN LA FICHA FICHA Nº
D36: CANTIDAD | I36: =+I34+I35 -> 28
D37: OBSERVACIONES:
C42: NOMBRE
C43: FIRMA

Sheet MC 14,51
C1: MEMORIA DE CALCULO DE CANTIDADES DE OBRA | H1: Página 1 de 1
C3: Público Reservado Clasificado
A5: DIRECCIÓN OBRA: CARMEN DE VIBORAL - ANTIOQUIA
A9: CAPÍTULO: | D9: DESCRIPCIÓN ÍTEM
A10: ITEM Nº. | C10: UNIDAD | D10: ='PRESUPUESTO PLAZA 07042022'!B159 -> Suministro, transporte e instalación de bajante en TMG ⌀2"x4.5m. Incluye: capacete con grapa de puesta a tierra, elementos de fijación y marcación.
A11: 14.51 | C11: UNIDAD
D12: LOCALIZACIÓN | E12: MEDIDAS | H12: CANTIDAD | I12: TOTAL
E13: LARGO (m) | F13: ANCHO (m) | G13: ALTO (m)
D15: BAJANTE | H15: 1 | I15: =+H15 -> 1
D34: SUBTOTAL | I34: =SUM(I14:I33) -> 1
E35: CONTINUA EN LA FICHA FICHA Nº
D36: CANTIDAD | I36: =+I34+I35 -> 1
D37: OBSERVACIONES:
C42: NOMBRE
C43: FIRMA

Sheet MC14,52
C1: MEMORIA DE CALCULO DE CANTIDADES DE OBRA | H1: Página 1 de 1
C3: Público Reservado Clasificado
A5: DIRECCIÓN OBRA: CARMEN DE VIBORAL - ANTIOQUIA
A9: CAPÍTULO: | D9: DESCRIPCIÓN ÍTEM
A10: ITEM Nº. | C10: UNIDAD | D10: ='PRESUPUESTO PLAZA 07042022'!B160 -> Suministro, transporte e instalación de caja según norma TEL -NIN114. Incluye: marcación externa e interna.
A11: 14.52 | C11: UNIDAD
D12: LOCALIZACIÓN | E12: MEDIDAS | H12: CANTIDAD | I12: TOTAL
E13: LARGO (m) | F13: ANCHO (m) | G13: ALTO (m)
D15: CAJA | H15: 3 | I15: =+H15 -> 3
D34: SUBTOTAL | I34: =SUM(I14:I33) -> 3
E35: CONTINUA EN LA FICHA FICHA Nº
D36: CANTIDAD | I36: =+I34+I35 -> 3
D37: OBSERVACIONES:
C42: NOMBRE
C43: FIRMA

Sheet MC 14,53
C1: MEMORIA DE CALCULO DE CANTIDADES DE OBRA | H1: Página 1 de 1
C3: Público Reservado Clasificado
A5: DIRECCIÓN OBRA: CARMEN DE VIBORAL - ANTIOQUIA
A9: CAPÍTULO: | D9: DESCRIPCIÓN ÍTEM
A10: ITEM Nº. | C10: UNIDAD | D10: ='PRESUPUESTO PLAZA 07042022'!B161 -> Suministro, transporte e instalación de tubería de 2x∅2" PVC-DB zona dura. Incluye: accesorios PVC (terminales, curvas, uniones), soldadura PVC, banda plástica riesgo eléctrico y demás requeridos para su correcta operación.
A11: 14.53 | C11: UNIDAD
D12: LOCALIZACIÓN | E12: MEDIDAS | H12: CANTIDAD | I12: TOTAL
E13: LARGO (m) | F13: ANCHO (m) | G13: ALTO (m)
D15: TUBERIA | H15: 50 | I15: =+H15 -> 50
D34: SUBTOTAL | I34: =SUM(I14:I33) -> 50
E35: CONTINUA EN LA FICHA FICHA Nº
D36: CANTIDAD | I36: =+I34+I35 -> 50
D37: OBSERVACIONES:
C42: NOMBRE
C43: FIRMA

Sheet PRESUPUESTO PLAZA 07042022
A2: PRESUPUESTO OFICIAL
A3: ITEM | B3: ESPECIFICACIONES | C3: UND. | D3: CANT. | E3: VALOR UNITARIO | F3: VALOR TOTAL | G3: VALOR CAP.
A4: 3 | B4: MOVIMIENTOS DE TIERRA Y LLENOS | G4: =SUM(F5:F8) -> 45876377
A5: 3.1 | B5: Excavación manual de material heterogéneo de 0-2 m., bajo cualquier grado de humedad. Incluye: roca descompuesta, bolas de roca de volumen inferior a 0.35 m³., el cargue, transporte interno y externo, botada de material proveniente de las excavaciones en los sitios donde lo indique la interventoría y su medida será en el sitio. No incluye entibado. | C5: m3 | D5: 268 | E5: 42794 | F5: =E5*D5 -> 11468792 | H5: Concertado
A6: 3.2 | B6: Excavación mecanica bajo cualquier grado de humedad. Incluye: roca descompuesta, bolas de roca de volumen inferior a 0.35 m³., el cargue, transporte interno y externo, botada de material proveniente de las excavaciones en los sitios donde lo indique la interventoría y su medida será en el sitio. No incluye entibado. | C6: m2 | D6: 266 | E6: 38137 | F6: =E6*D6 -> 10144442 | H6: Concertado
A7: 3.5 | B7: Llenos con material de préstamo, compactados mecánicamente hasta obtener una densidad del 98% de la máxima obtenida en el ensayo del próctor modificado. Incluye el suministro, transporte, colocación de material, la compactación de la misma y transporte interno. Y su medida será en sitio ya compactado. | C7: m3 | D7: 345.8 | E7: 69573 | F7: =E7*D7 -> 24058343 | H7: Concertado
A8: 3.6 | B8: Llenos con material proveniente de excavación compactados mecánicamente. Incluye transporte interno. Su medida será en sitio ya compactado. | C8: m3 | D8: 20 | E8: 10240 | F8: =E8*D8 -> 204800 | H8: Concertado
A9: 4.0 | B9: CONCRETOS Y ACEROS | G9: =SUM(F10:F11) -> 883547238
A10: 4.1 | B10: Concreto preparado en obra de 21 MPa para estructuras con acabado a la vista. Incluye suministro, transporte e instalación del concreto, mano de obra, vibrado, protección y curado, para estructuras de acuerdo con las diferentes dimensiones establecidas en los planos y diseños. No incluye acero de refuerzo. Según diseño. | C10: m3 | D10: 742.42 | E10: 615350 | F10: =E10*D10 -> 456848147 | H10: Concertado
A11: 4.2 | B11: Suministro de acero estructural Grado 60 (fy=4,200 kg/cm²). Incluye Figurado y Colocación. Según diseño. | C11: kg | D11: 66703 | E11: 6397 | F11: =E11*D11 -> 426699091 | H11: Concertado | J11: El precio debe coincidir con el concertado $6,397
A12: 5 | B12: MAMPOSTERÍA, REVOQUE, ESTUCO Y PINTURA | G12: =SUM(F13:F17) -> 3.0683233e+08
A13: 5.1 | B13: Construcción de mampostería en ladrillo de 10x20x40cm, revitado ambas caras. Incluye el suministro y transporte del ladrillo, el mortero de pega 1:4 espesor máx.=0.01 m y todos los demás elementos necesarios para su correcta construcción y funcionamiento. Se deben lavar muy bien los muros una vez han sido brechadas debidamente todas las juntas, garantizando una apariencia adecuada para mampostería a la vista. | C13: m2 | D13: 3479.015 | E13: 41354 | F13: =E13*D13 -> 1.4387119e+08 | H13: Concertado
A14: 5.2 | B14: Colocación de revoque con mortero 1:4 impermeabilizado con Sika 1 o equivalente, en muros. Incluye suministro y transporte de los materiales, fajas, ranuras, filetes, y todos los demás elementos necesarios para su correcta construcción. | C14: m2 | D14: 4332 | E14: 15684 | F14: =E14*D14 -> 67943088 | H14: Concertado
A15: 5.3 | B15: Instalación de estuco plástico para interiores y exteriores sobre muros revocados. Incluye suministro y transporte de los materiales, fajas, ranuras, filetes, y todos los demás elementos necesarios para su correcta construcción. | C15: m2 | D15: 4206 | E15: 5830 | F15: =E15*D15 -> 24520980 | H15: Concertado
A16: 5.4 | B16: Aplicación de pintura a base de agua en muros interiores con vinilo tipo 1 de primera calidad sobre muros revocados, estucados o revitados, tres manos o las necesarias hasta obtener una superficie pareja y homogénea. Incluye suministro y transporte de los materiales, resanes, tapa poros en estuco plástico tipo plastestuco o equivalente diluido en agua proporción 1:2, adecuación de la superficie a intervenir hasta obtener una superficie pareja y homogénea, color a definir según aprobación de la interventoría. | C16: m2 | D16: 2748 | E16: 9562 | F16: =E16*D16 -> 26276376 | H16: Concertado
A17: 5.5 | B17: Aplicación de pintura a base de agua en muros exteriores con vinilo tipo Koraza o similar primera calidad sobre muros revocados, estucados o revitados, tres manos o las necesarias hasta obtener una superficie pareja y homogénea. Incluye suministro y transporte de los materiales, resanes, tapa poros en estuco plástico tipo plastestuco o equivalente diluido en agua proporción 1:2, adecuación de la superficie a intervenir hasta obtener una superficie pareja y homogénea, color a definir según aprobación de la interventoría. | C17: m2 | D17: 3138 | E17: 14092 | F17: =E17*D17 -> 44220696 | H17: Concertado
A18: 6 | B18: PISOS Y ENCHAPES | G18: =SUM(F19:F22) -> 3.3108153e+08
A19: 6.1 | B19: Construcción de mortero para acabados en piso de espesor de 0.08 m., . Incluye suministro y transporte de los materiales, nivelación del terreno y adecuación de la superficie, malla electrosoldada D-84, curado y todo lo necesario para su correcta construcción y funcionamiento. Según diseño. Las excavaciones o descapotes se pagarán en su ítem respectivo. | C19: m2 | D19: 2484.2978 | E19: 40420 | F19: =E19*D19 -> 1.0041532e+08 | H19: Concertado
A20: 6.2 | B20: Colocación de Piso en Baldosa antideslizante para interiores tipo trafico alto, acabado satinado tipo y calidad Atmósferas o equivalente. Incluye suministro y transporte de los materiales, adhesivo o equivalente, juntas de dilatación y todos los demás elementos necesarios para su correcta construcción y funcionamiento. Muestras previas y color para la aprobación del arquitecto y la interventoría. Los ensayos que se requieran serán por cuenta del contratista y las muestras se escogerán del material puesto en obra. Incluye morteo de nivelación y pulida. | C20: m2 | D20: 3170 | E20: 51038 | F20: =E20*D20 -> 161790460 | H20: Concertado
A21: 6.3 | B21: Construcción de zócalo en media caña en granito pulido y brillado de color igual al de la baldosa, desarrollo de 20 cm, con una altura de 10 cm sobre el nivel de piso acabado y embebido en muro. Incluye mortero de nivelación, cemento color, grano No. 1, varilla de aluminio de 3 mm a lo largo del muro y mediacañas cada 0,90m, cortes en piso y muro, remates, pulida y brillada, y todos los demás elementos necesarios para su correcto vaciado. La capa de desgaste no debe ser inferior a 10 mm después de pulida. | C21: m | D21: 678 | E21: 36845 | F21: =E21*D21 -> 24980910 | H21: Concertado
A22: 6.4 | B22: Instalación de Enchape cerámico de 20,5x30,5 cm, Macedonia de Corona o equivalente, combinado 70% color blanco y 30% a color. Incluye suministro y transporte de los materiales, adhesivo para cerámica tipo pegacor o su equivalente, remate en varilla de PVC intermatex acolillado color blanco y todos los elementos necesarios para su correcta instalación y funcionamiento. | C22: m2 | D22: 855 | E22: 51339 | F22: =E22*D22 -> 43894845 | H22: Concertado
A23: 7 | B23: INSTALACIONES HIDROSANITARIAS | G23: =SUM(F24:F47) -> 1.1798668e+08
A24: 7.1 | B24: Suministro, transporte e instalación de salidas de abasto en diametro de 1/2"con tubería RDE 9, 500 PSI, incluye todos los accesorios en PVC de diámetro 1/2" que se requieran para su correcta instalación. Estos deberán estar correctamente pegados usando limpiador, soldadura y teflón apropiados, sin presentar fugas, fisuras o cualquier otra clase de anomalía. Se debe garantizar la correcta instalación y funcionamiento. Incluye además las perforaciones (canchas) de paredes o pisos que lo requieran incluyendo cargue, transporte y botada de escombros en botaderos oficiales o donde indique la interventoría. | C24: un | D24: 165 | E24: 23384 | F24: =E24*D24 -> 3858360 | H24: Concertado
A25: 7.2 | B25: Suministro, transporte e instalación de tubería presión diámetro 1/2", RDE 9, 500 PSI, incluye todos los accesorios en PVC de diámetro 1/2" incluyendo todos los accesorios reducidos que se requieran para su correcta instalación. Estos deberán estar correctamente pegados usando limpiador, soldadura y teflón apropiados, sin presentar fugas, fisuras o cualquier otra clase de anomalía. Se debe garantizar la correcta instalación y funcionamiento. Incluye conexión a red de abasto existente. Incluye además las perforaciones (canchas) de paredes o pisos que lo requieran incluyendo cargue, transporte y botada de escombros en botaderos oficiales o donde indique la interventoría. | C25: m | D25: 330 | E25: 7692 | F25: =E25*D25 -> 2538360 | H25: Concertado
A26: 7.3 | B26: Suministro, transporte e instalación de válvula compuerta marca RW 1/2" o equivalente. Se entregará debidamente instalada sin presencia de fugas ni fisuras, sometida al sistema ya presurizado. Incluye todos los elementos requeridos para su correcta instalación y funcionamiento. | C26: un | D26: 138 | E26: 39075 | F26: =E26*D26 -> 5392350 | H26: Concertado
A27: 7.4 | B27: Suministro, transporte e instalación de medidor en 1/2" con acometida de 1/2" (el ítem no incluye la tubería de acometida pues está en otro ítem) incluye caja de andén, tee partida o collar de derivación según como se requiera, válvula de incorporación, codos o medios codos de cobre, llave de corte universal, universal, machos cobre, filtro de 1",válvula de paso, cheque y accesorios necesarios para su adecuada instalación de acuerdo a las normas de EE.PP.M. Todos los accesorios serán en 1/2". La rotura de pavimento, cargue, transporte, botada de escombros y pavimentación o parcheo no están incluidas pues se tendrán en cuenta en su ítem respectivo. | C27: un | D27: 90 | E27: 551983 | F27: =E27*D27 -> 49678470 | H27: Concertado
A28: 7.5 | B28: Suministro, transporte e instalación de tubería presión diámetro 1", RDE 9, 500 PSI, incluye todos los accesorios en PVC de diámetro 1" incluyendo todos los accesorios reducidos que se requieran para su correcta instalación. Estos deberán estar correctamente pegados usando limpiador, soldadura y teflón apropiados, sin presentar fugas, fisuras o cualquier otra clase de anomalía. Se debe garantizar la correcta instalación y funcionamiento. Incluye conexión a red de abasto existente. Incluye además las perforaciones (canchas) de paredes o pisos que lo requieran incluyendo cargue, transporte y botada de escombros en botaderos oficiales o donde indique la interventoría. | C28: m | D28: 282 | E28: 9501 | F28: =E28*D28 -> 2679282 | H28: Concertado
A29: 7.6 | B29: Suministro, transporte e instalación de válvula compuerta marca RW 1" o equivalente. Se entregará debidamente instalada sin presencia de fugas ni fisuras, sometida al sistema ya presurizado. Incluye todos los elementos requeridos para su correcta instalación y funcionamiento. | C29: un | D29: 5 | E29: 69776 | F29: =E29*D29 -> 348880 | H29: Concertado
A30: 7.7 | B30: Suministro, transporte e instalación de medidor en 1" con acometida de 1" (el ítem no incluye la tubería de acometida pues está en otro ítem) incluye caja de andén, tee partida o collar de derivación según como se requiera, válvula de incorporación, codos o medios codos de cobre, llave de corte universal, universal, machos cobre, filtro de 1",válvula de paso, cheque y accesorios necesarios para su adecuada instalación de acuerdo a las normas de EE.PP.M. Todos los accesorios serán en 1". La rotura de pavimento, cargue, transporte, botada de escombros y pavimentación o parcheo no están incluidas pues se tendrán en cuenta en su ítem respectivo. | C30: un | D30: 1 | E30: 2249310 | F30: =E30*D30 -> 2249310 | H30: Concertado
A31: 7.8 | B31: Suministro, transporte e instalación de salida sanitaria de 1-1/2". Incluye todos los accesorios hasta el tapón de prueba. Se pagará dicha salida hasta un recorrido máximo de tubería no mayor a 2 m. Estos deberán estar correctamente pegados usando limpiador, soldadura y teflón apropiados, sin presentar fugas, fisuras o cualquier otra clase de anomalía. Incluye además las perforaciones (canchas) de paredes o pisos que lo requieran incluyendo cargue, transporte y botada de escombros en botaderos oficiales o donde indique la interventoría o supervisión de obra. | C31: un | D31: 150 | E31: 40807 | F31: =E31*D31 -> 6121050 | H31: Concertado
A32: 7.9 | B32: Suministro, transporte e instalación de tubería sanitaria de 1-1/2". Incluye todos los accesorios en PVC de diámetro 1 1/2" incluyendo todos los accesorios reducidos que se requieran para su correcta instalación. Estos deberán estar correctamente pegados usando limpiador, soldadura y teflón apropiados, sin presentar fugas, fisuras o cualquier otra clase de anomalía. Se debe garantizar la correcta instalación y funcionamiento. Incluye conexión a red sanitaria existente. Incluye además las perforaciones (canchas) de paredes o pisos que lo requieran incluyendo cargue, transporte y botada de escombros en botaderos oficiales o donde indique la interventoría. | C32: m | D32: 75 | E32: 15317 | F32: =E32*D32 -> 1148775 | H32: Concertado
A33: 7.1 | B33: Suministro, transporte e instalación de salida sanitaria de 2". Incluye todos los accesorios hasta el tapón de prueba. Se pagará dicha salida hasta un recorrido máximo de tubería no mayor a 2 m. Estos deberán estar correctamente pegados usando limpiador, soldadura y teflón apropiados, sin presentar fugas, fisuras o cualquier otra clase de anomalía. Incluye además las perforaciones (canchas) de paredes o pisos que lo requieran incluyendo cargue, transporte y botada de escombros en botaderos oficiales o donde indique la interventoría o supervisión de obra. | C33: un | D33: 195 | E33: 44238 | F33: =E33*D33 -> 8626410 | H33: Concertado
A34: 7.11 | B34: Suministro, transporte e instalación de tubería sanitaria de 2". Incluye todos los accesorios en PVC de diámetro 2" incluyendo todos los accesorios reducidos que se requieran para su correcta instalación. Estos deberán estar correctamente pegados usando limpiador, soldadura y teflón apropiados, sin presentar fugas, fisuras o cualquier otra clase de anomalía. Se debe garantizar la correcta instalación y funcionamiento. Incluye conexión a red sanitaria existente. Incluye además las perforaciones (canchas) de paredes o pisos que lo requieran incluyendo cargue, transporte y botada de escombros en botaderos oficiales o donde indique la interventoría. | C34: m | D34: 75 | E34: 17867 | F34: =E34*D34 -> 1340025 | H34: Concertado
A35: 7.12 | B35: Suministro, transporte e instalación de salida sanitaria de 3". Incluye todos los accesorios hasta el tapón de prueba. Se pagará dicha salida hasta un recorrido máximo de tubería no mayor a 2 m. Estos deberán estar correctamente pegados usando limpiador, soldadura y teflón apropiados, sin presentar fugas, fisuras o cualquier otra clase de anomalía. Incluye además las perforaciones (canchas) de paredes o pisos que lo requieran incluyendo cargue, transporte y botada de escombros en botaderos oficiales o donde indique la interventoría o supervisión de obra. | C35: un | D35: 30 | E35: 64467 | F35: =E35*D35 -> 1934010 | H35: Concertado
A36: 7.13 | B36: Suministro, transporte e instalación de tubería sanitaria de 3". Incluye todos los accesorios en PVC de diámetro 3" incluyendo todos los accesorios reducidos que se requieran para su correcta instalación. Estos deberán estar correctamente pegados usando limpiador, soldadura y teflón apropiados, sin presentar fugas, fisuras o cualquier otra clase de anomalía. Se debe garantizar la correcta instalación y funcionamiento. Incluye conexión a red sanitaria existente. Incluye además las perforaciones (canchas) de paredes o pisos que lo requieran incluyendo cargue, transporte y botada de escombros en botaderos oficiales o donde indique la interventoría. | C36: m | D36: 75 | E36: 26418 | F36: =E36*D36 -> 1981350 | H36: Concertado
A37: 7.14 | B37: Suministro, transporte e instalación de salida sanitaria de 4". Incluye todos los accesorios hasta el tapón de prueba. Se pagará dicha salida hasta un recorrido máximo de tubería no mayor a 2 m. Estos deberán estar correctamente pegados usando limpiador, soldadura y teflón apropiados, sin presentar fugas, fisuras o cualquier otra clase de anomalía. Incluye además las perforaciones (canchas) de paredes o pisos que lo requieran incluyendo cargue, transporte y botada de escombros en botaderos oficiales o donde indique la interventoría o supervisión de obra. | C37: un | D37: 10 | E37: 84009 | F37: =E37*D37 -> 840090 | H37: Concertado | J37: El precio debe coincidir con el concertado $84,009
A38: 7.15 | B38: Suministro, transporte e instalación de tubería sanitaria de 4". Incluye todos los accesorios en PVC de diámetro 4" incluyendo todos los accesorios reducidos que se requieran para su correcta instalación. Estos deberán estar correctamente pegados usando limpiador, soldadura y teflón apropiados, sin presentar fugas, fisuras o cualquier otra clase de anomalía. Se debe garantizar la correcta instalación y funcionamiento. Incluye conexión a red sanitaria existente. Incluye además las perforaciones (canchas) de paredes o pisos que lo requieran incluyendo cargue, transporte y botada de escombros en botaderos oficiales o donde indique la interventoría. | C38: m | D38: 210 | E38: 34338 | F38: =E38*D38 -> 7210980 | H38: Concertado
A39: 7.16 | B39: Suministro, transporte e instalación de salida sanitaria de 6". Incluye todos los accesorios hasta el tapón de prueba. Se pagará dicha salida hasta un recorrido máximo de tubería no mayor a 2 m. Estos deberán estar correctamente pegados usando limpiador, soldadura y teflón apropiados, sin presentar fugas, fisuras o cualquier otra clase de anomalía. Incluye además las perforaciones (canchas) de paredes o pisos que lo requieran incluyendo cargue, transporte y botada de escombros en botaderos oficiales o donde indique la interventoría o supervisión de obra. | C39: un | D39: 4 | E39: 164010 | F39: =E39*D39 -> 656040 | H39: Concertado
A40: 7.17 | B40: Suministro, transporte e instalación de tubería sanitaria de 6". Incluye todos los accesorios en PVC de diámetro 6" incluyendo todos los accesorios reducidos que se requieran para su correcta instalación. Estos deberán estar correctamente pegados usando limpiador, soldadura y teflón apropiados, sin presentar fugas, fisuras o cualquier otra clase de anomalía. Se debe garantizar la correcta instalación y funcionamiento. Incluye conexión a red sanitaria existente. Incluye además las perforaciones (canchas) de paredes o pisos que lo requieran incluyendo cargue, transporte y botada de escombros en botaderos oficiales o donde indique la interventoría. | C40: m | D40: 85 | E40: 54034 | F40: =E40*D40 -> 4592890 | H40: Concertado
A41: 7.18 | B41: Suministro, transporte e instalación de Tubería PVC- NOVAFORT con un Diámetro 8" (200 mm). Incluye suministro y transporte de los materiales, bocas, accesorios, acondicionador de superficie y adhesivo Novafort y todos los elementos necesarios para su correcta instalación y funcionamiento. La excavación, encamado, atraques y los llenos se pagaran en su ítem respectivo. | C41: m | D41: 149.577 | E41: 66840 | F41: =E41*D41 -> 9997726.7 | H41: Concertado
A42: 7.19 | B42: Suministro, transporte e instalación de Tubería PVC- NOVAFORT, con un Diámetro DE 10" (250 mm). Incluye suministro y transporte de los materiales, bocas, accesorios, acondicionador de superficie y adhesivo Novafort y todos los elementos necesarios para su correcta instalación y funcionamiento. La excavación, encamado, atraques y los llenos se pagaran en su ítem respectivo. | C42: m | D42: 0 | E42: 113927 | F42: =E42*D42 -> 0 | H42: Concertado
A43: 7.2 | B43: Suministro, transporte e instalación de Tubería PVC- NOVAFORT, con un Diámetro DE 12" (315 mm). Incluye suministro y transporte de los materiales, bocas, accesorios, acondicionador de superficie y adhesivo Novafort y todos los elementos necesarios para su correcta instalación y funcionamiento. La excavación, encamado, atraques y los llenos se pagaran en su ítem respectivo. | C43: m | D43: 0 | E43: 143407 | F43: =E43*D43 -> 0 | H43: Concertado
A44: 7.21 | B44: Suministro, transporte e instalación de Kit silla YEE o silla TEE 8" (200 mm) x 4" (110 mm). Incluye suministro y transporte de los materiales, caucho, abrazaderas metálicas acondicionador de superficie y adhesivo Novafort y todos los elementos necesarios para su correcta instalación y funcionamiento. La excavación, encamado, atraques y los llenos se pagaran en su ítem respectivo. | C44: un | D44: 20 | E44: 139433 | F44: =E44*D44 -> 2788660 | H44: Concertado
A45: 7.22 | B45: Suministro, transporte e instalación de Kit silla YEE o silla TEE 8" (200 mm) x 6" (160 mm). Incluye suministro y transporte de los materiales, caucho, abrazaderas metálicas acondicionador de superficie y adhesivo Novafort y todos los elementos necesarios para su correcta instalación y funcionamiento. La excavación, encamado, atraques y los llenos se pagaran en su ítem respectivo. | C45: un | D45: 10 | E45: 169433 | F45: =E45*D45 -> 1694330 | H45: Concertado
A46: 7.23 | B46: Suministro, transporte e instalación de Kit silla YEE o silla TEE 10" (250 mm) x 6" (160 mm). Incluye suministro y transporte de los materiales, caucho, abrazaderas metálicas acondicionador de superficie y adhesivo Novafort y todos los elementos necesarios para su correcta instalación y funcionamiento. La excavación, encamado, atraques y los llenos se pagaran en su ítem respectivo. | C46: un | D46: 5 | E46: 192433 | F46: =E46*D46 -> 962165 | H46: Concertado
A47: 7.24 | B47: Suministro, transporte e instalación de Kit silla YEE o silla TEE 12" (315 mm) x 6" (160 mm). Incluye suministro y transporte de los materiales, caucho, abrazaderas metálicas acondicionador de superficie y adhesivo Novafort y todos los elementos necesarios para su correcta instalación y funcionamiento. La excavación, encamado, atraques y los llenos se pagaran en su ítem respectivo. | C47: un | D47: 5 | E47: 269433 | F47: =E47*D47 -> 1347165 | H47: Concertado
A48: 8 | B48: CAJAS, TANQUES, SUMIDEROS Y MH | G48: =SUM(F49:F56) -> 39714841 | I48: =+E48-H48 -> 0
A49: 8.1 | B49: Construcción de cajas de registro de 0.8m x 0.8m medidas externas altura 0.90m espesor de 0.10m en concreto de 21MPa. con impermeabilizante integral tipo Sika o equivalente, con concrefibra el piso y tapa en concreto, la tapa con su respectivo herraje. Incluye suministro, transporte e instalación de los materiales, formaleta, vibrado y todos los elementos necesarios apara su correcta construcción y funcionamiento. Según diseño y especificaciones de E.P.M. La excavación, llenos, entresuelo y acero de refuerzo se pagarán en su ítem respectivo. | C49: un | D49: 9 | E49: 519431 | F49: =E49*D49 -> 4674879 | H49: Concertado
A50: 8.2 | B50: Construcción de sumidero de aguas lluvias 1.10m x 0.80m medidas externas y altura 0.90m espesor de 0.10m en concreto de 21 MPa. Incluye suministro, transporte y colocación del concreto, reja metálica, formaleta, vibrado y todo lo necesario para su correcta construcción y funcionamiento, según diseño y especificaciones de E.P.M. La excavación, llenos y entresuelo se pagarán en su ítem respectivo. | C50: un | D50: 6 | E50: 785922 | F50: =E50*D50 -> 4715532 | H50: Concertado
A51: 8.3 | B51: Construcción de tanque para almacenamiento de agua de 4 x 4 x 4m medidas internas en concreto de 21MPa. espesor de 0.2m con impermeabilizante integral tipo Sika o equivalente, enchapado en ceramica de paredes internas con concrefibra el piso y tapa en concreto, la tapa con su respectivo herraje. Incluye suministro, transporte e instalación de los materiales, formaleta, vibrado y todos los elementos necesarios apara su correcta construcción y funcionamiento. Según diseño y especificaciones de E.P.M. La excavación, llenos, entresuelo y acero de refuerzo se pagarán en su ítem respectivo. | C51: un | D51: 3 | E51: 6850000 | F51: =E51*D51 -> 20550000 | H51: Concertado
A52: 8.4 | B52: Construcción de base y cañuela para MH de diametro hasta de 1,50m. El cuello, cono y la tapa se pagan por aparte. | C52: un | D52: 5 | E52: 335449 | F52: =E52*D52 -> 1677245 | H52: Concertado
A53: 8.5 | B53: Suministro transporte e instalación de Cilindro MH (incluye ganchos) para diámetro hasta de 1,50 m | C53: un | D53: 5 | E53: 549813 | F53: =E53*D53 -> 2749065 | H53: Concertado
A54: 8.6 | B54: Suministro, transporte e instalación de Cono en concreto de 21 MPa para MH, según normas EPM. MH de díámetro hasta de 1,50 m | C54: un | D54: 5 | E54: 516252 | F54: =E54*D54 -> 2581260 | H54: Concertado
A55: 8.7 | B55: Suministro, transporte e instalación de Cuello en concreto de 21 Mpa para MH de diametro hasta de 1,50 m según diseños y normas EPM. | C55: un | D55: 5 | E55: 324784 | F55: =E55*D55 -> 1623920 | H55: Concertado
A56: 8.8 | B56: Suministro, transporte e instalación de Tapa en concreto de 21 MPa para MH de 1,20; 1,50 y 2,0m de diámetro, según normas EPM. | C56: un | D56: 5 | E56: 228588 | F56: =E56*D56 -> 1142940 | H56: Concertado
A57: 9 | B57: APARATOS HIDROSANITARIOS | G57: =SUM(F58:F63) -> 34592915 | I57: =+E57-H57 -> 0
A58: 9.1 | B58: Instalación de Sanitario Integral Uso Institucional color Blanco con fluxómetro anti-vandálico, incluye el suministro y transporte del sanitario, sifón esmaltado, grifería antisifón, anillo abierto, abasto metálico, válvula de regulación metálica con manguera flexible, brida de fijación, tapón roscado y todos los demás elementos necesarios para su correcta instalación y funcionamiento. | C58: un | D58: 6 | E58: 992884 | F58: =E58*D58 -> 5957304 | H58: Concertado
A59: 9.2 | B59: Suministro, transporte y Colocación de lavamanos Uso institucional. Incluye Grifería galaxia, abasto metálico, sifón botella y todos los demás elementos necesarios para su correcta instalación y funcionamiento. | C59: un | D59: 7 | E59: 257744 | F59: =E59*D59 -> 1804208 | H59: Concertado
A60: 9.3 | B60: Suministro, transporte y colocación de orinal mediano línea institucional de corona o equivalente con fluxómetro anti vandálico, color blanco con grifería automatica de push antivandalica ref 71300. Incluye grifería, abasto metálico y todos los elementos necesarios para su correcta instalación y funcionamiento. | C60: un | D60: 2 | E60: 298360 | F60: =E60*D60 -> 596720 | H60: Concertado
A61: 9.4 | B61: Modulos elaborados en lámina de Acero inoxidable para divisiones de baños AISI SAE 304 con estructura interna en polímero de alta densidad inyectado. | C61: m2 | D61: 37.6 | E61: 676025 | F61: =E61*D61 -> 25418540 | H61: Concertado
A62: 9.5 | B62: Suministro, transporte y colocación de barra de seguridad para personas con movilidad reducida, con una longitud de 60 cm. y un diámetro de 1¼" en acero inoxidable. Incluye pernos para anclaje, escudos en acero inoxidable y todos los elementos necesarios para su correcta instalación y funcionamiento, según diseño. | C62: un | D62: 3 | E62: 188103 | F62: =E62*D62 -> 564309 | H62: Concertado
A63: 9.6 | B63: Suministro, transporte y colocación de lavaescobas prefabricado en concreto forrado en granito de 42 x 60 x 25 cm. fondo gris. Incluye mortero 1:4, llave bocamanguera, sifón y todo los demás elementos necesarios para su correcta instalación y funcionamiento. | C63: un | D63: 2 | E63: 125917 | F63: =E63*D63 -> 251834 | H63: Concertado
A64: 11 | B64: URBANISMO | G64: =SUM(F65:F72) -> 103921270 | I64: =+E64-H64 -> 0
A65: 11.1 | B65: Construcción de Anden en concreto preparado en obra de 21 MPa. con un espesor de 0.10m. Incluye suministro, transporte e instalación del concreto, mano de obra, vibrado, protección y curado, para estructuras de acuerdo con las diferentes dimensiones establecidas en los planos y diseños. Según diseño. | C65: m2 | D65: 120 | E65: 64686 | F65: =E65*D65 -> 7762320 | H65: Concertado
A66: 11.2 | B66: Suministro, transporte y colocación deTableta tipo loserna lisa de dimension 0.6 x 0.3 x 0.04 m color a definir por la interventoría. Incluye suministro y transporte de los materiales, cortes a máquina. Seguir recomendación del MEP MEDELLÍN y patrones de instalación del ICPC. Incluye: mortero para cama de asiento con espesor de 4cm compactados, sello con boquilla con látex, cortes con equipo manual y/o mecanico y todas las demás actividades necesarias para su correcta colocación y funcionamiento. | C66: m2 | D66: 400 | E66: 52848 | F66: =E66*D66 -> 21139200 | H66: Concertado
A67: 11.3 | B67: Suministro, transporte y colocación de adoquín de concreto tipo guía táctil de 0,20 x 0,20 x 0,04 m, color amarillo. Incluye suministro y transporte de los materiales, cortes a máquina. Seguir recomendación del MEP MEDELLÍN y patrones de instalación del ICPC. Incluye: mortero para cama de asiento con espesor de 4cm compactados, sello con boquilla con látex, cortes con equipo manual y/o mecanico y todas las demás actividades necesarias para su correcta colocación y funcionamiento. | C67: m | D67: 0 | E67: 66151 | F67: =E67*D67 -> 0 | I67: =+E67-H67 -> 66151
A68: 11.4 | B68: Colocación de piso en bloque en adoquín demarcador visual de 0.10 x 0.20 x 0.04 m, (color amarillo). Incluye suministro y transporte de los materiales, cortes a máquina. Seguir recomendación del MEP y patrones de instalación del ICPC. Incluye: arena para cama de asiento con espesor de 4cm compactados (segun granulometria MEP), arena para sello libre de materia organica (segun granulometria MEP), cortes con equipo manual y/o mecanico. | C68: m | D68: 0 | E68: 19276 | F68: =E68*D68 -> 0 | I68: =+E68-H68 -> 19276
A69: 11.5 | B69: Suministro, transporte e instalación de Basurero urbano. Fabricado en Acero Inoxidable T304 cal 20. Contenedor batiente. Altura 1,00 metro y diámetro 39 cms. Capacidad 75 lts | C69: un | D69: 0 | E69: 655397 | F69: =E69*D69 -> 0 | I69: =+E69-H69 -> 655397
A70: 11.6 | B70: Suministro, transporte e instalación de Silla de 1,80 mts de largo. Estructura en hierro modular Norma A536 65-45-12 - ensamble de la banca. Incluye superficie de asiento y espaldar en POLIPROPILENO de 9x3 cm (7 listones). capacidad para 4 persona. | C70: un | D70: 0 | E70: 522772 | F70: =E70*D70 -> 0 | I70: =+E70-H70 -> 522772
A71: 11.7 | B71: Suministro, transporte e instalación de grama macana. | C71: m2 | D71: 0 | E71: 14942 | F71: =E71*D71 -> 0 | I71: =+E71-H71 -> 14942
A72: 11.8 | B72: Suministro, transporte y colocación de Cerramiento en malla eslabonada calibre 10 ojo No. 5, tubería galvanizada de 1.9" calibre 14, cerramiento tipo Inder. altura de 3.0m medidos a partir de la cara superior de la viga de fundación, dos hilas de mampostería en bloque de 20x20x40, columna cada 2m de 20cmx20cm, viga de fundación en concreto ciclópeo 40% piedra y concreto de 21Mpa al 60% de 40cm x 30cm, incluye acero de refuerzo y todo lo necesario para su correcta construcción. Según diseño. | C72: m | D72: 250 | E72: 300079 | F72: =E72*D72 -> 75019750 | H72: Concertado
A73: 11.9 | B73: Suministro, transporte y colocación de Puerta en malla eslabonada con ala sencilla o doble. pivotante conformada por un bastidor en tubería metálica PTS . Incluye cerradura de seguridad de primera calidad tipo Yale o equivalente, picaportes, manija. pintura anticorrosiva y adherente, base catalizador, acabado en pintura esmalte tipo poliuretano para exteriores y todos los demás elementos necesarios para su correcta instalación y funcionamiento. Según diseño. | C73: m2 | D73: 0 | E73: 117395 | F73: =E73*D73 -> 0 | I73: =+E73-H73 -> 117395
A74: 12 | B74: CUBIERTA | G74: =SUM(F75:F77) -> 5.1275837e+08 | I74: =+E74-H74 -> 0
A75: 12.1 | B75: Construcción de estructura metálica para soporte principal de cubierta. Incluye columnas, cerchas, correas, viga perimetral amarre, platinas de apoyo, pernos de anclaje, arrostramientos principal y secundario, pintura anticorrosiva cromato de zinc y esmalte de primera calidad para intemperie y todo lo necesario para su correcta construcción. | C75: Kg | D75: 24511.16 | E75: 14237 | F75: =E75*D75 -> 3.4896538e+08 | H75: Concertado Ing Ianos 07042022
A76: 12.2 | B76: Suministro e instalación de teja termo-acustica tipo standing seam de 1-1/2 cal 26 pintada por ambas caras, incluye tornillos y ganchos de fijación. | C76: m2 | D76: 2443 | E76: 61258 | F76: =E76*D76 -> 149653294 | H76: Concertado | J76: En planos se habla de (Teja metaldeck sanwich deck tipo c)
A77: 12.3 | B77: Suministro e instalación de canoa en lámina galvanizada calibre 20 grafada, desarrollo de 120 cm y soldada en las uniones, incluye pintura anticorrosiva y de acabado y todos los elementos necesarios para su correcta instalación y funcionamiento. | C77: m | D77: 339 | E77: 41710 | F77: =E77*D77 -> 14139690 | H77: Concertado
C78: Total Costos Directos | F78: =+G74+G64+G57+G48+G23+G18+G12+G9+G4 -> 2.3763115e+09
C79: Administración | E79: 0.24 | F79: =F78*E79 -> 5.7031477e+08
C80: Imprevistos | E80: 0.01 | F80: =+F78*E80 -> 23763115
C81: Utilidad | E81: 0.04 | F81: =+F78*E81 -> 95052462
C82: Total Obra | F82: =F81+F80+F79+F78 -> 3.0654419e+09
C84: PGIO | F84: 52482300 | G84: =F84/F78 -> 0.022085614
C86: TOTAL PRESUPUESTO | F86: =F84+F82-38 -> 3.1179242e+09 | H86: 2624135504 | I86: DEBE CERRAR AL VALOR DEL CONVENIO DPS | J86: =F86-H86 -> 4.9378865e+08
A89: PRESUPUESTO OFICIAL
A90: ITEM | B90: ESPECIFICACIONES | C90: UND. | D90: CANT. | E90: VALOR UNITARIO | F90: VALOR TOTAL | G90: VALOR CAP.
A91: 3 | B91: MOVIMIENTOS DE TIERRA Y LLENOS | G91: =SUM(F92:F92) -> 13948169
A92: 3.3 | B92: Construcción de entibado temporal en tablón de madera (4 usos), bajo cualquier altura y grado de humedad. Incluye suministro, transporte y colocación de elementos en madera, el cargue, transporte interno y externo y botada de material sobrantes en los sitios donde lo indique la interventoría y su medida será en el sitio, su forma de pago se hará por el área que se encuentre en contacto con la tierra | C92: m2 | D92: 620 | E92: 22497 | F92: 13948169 | H92: Concertado | I92: =+E92-H92 -> #VALUE!
A93: 12 | B93: CUBIERTA | G93: =SUM(F94:F94) -> 18369720
A94: 12.4 | B94: Suministro, transporte e instalación de tubería PVC Ventilación en bajantes con un diámetro de 4", agua lluvias. Incluye suministro y transporte de los materiales, bocas, accesorios, pegante, limpiador, wash primer, acabado en esmalte mate, color a definir por parte de interventoría, andamios, abrazaderas y todos los elementos necesarios para su correcta instalación y funcionamiento. | C94: m | D94: 540 | E94: 34018 | F94: =E94*D94 -> 18369720 | H94: Concertado | I94: =+E94-H94 -> #VALUE!
A95: 13 | B95: PUERTAS Y VENTANAS | G95: =SUM(F96:F101) -> 1.3085972e+08 | I95: NO SE INCLUYE LA PUERTA CORREDIZA CONFORME A LO ARQUITECTONICO
A96: 13.1 | B96: Suministro, transporte y colocación de Rejas ventanas en perfilería 2x1" y 1x1" calibre 20. Incluye masilla, pintura anticorrosiva, esmalte brillante y demás elementos necesarios para su correcta instalación. | C96: m2 | D96: 300 | E96: 101613 | F96: =E96*D96 -> 30483900 | H96: Concertado | I96: =+E96-H96 -> #VALUE!
A97: 13.2 | B97: Suministro, transporte y colocación de ventanas vidrieras fijas y corredizas reforzadas, sistema VP-3831 de alúmina o equivalente. Marco y estructura en aluminio anodizado color natural. Compuesta de marco y parales verticales piso-techo en tubería rectangular de 3x1½" (ref. T-103), cristal templado claro, espesor de 6 mm. Incluye pisavidrios a presión (ref. 177), empaques, sellado del marco (interior y exterior) fondo de junta con espuma de poliolefina tipo sikarod o equivalente de Ø= 6 mm. y acabado de junta con masilla elástica de poliuretano tipo sikaflex-1a o equivalente y todos los elementos necesarios para su correcta fabricación, instalación y funcionamiento. Ver cuadro de puertas y ventanas. | C97: m2 | D97: 570 | E97: 142522 | F97: =E97*D97 -> 81237540 | H97: Concertado
A98: 13.3 | B98: Suministro, transporte y colocación de puertas vidrieras fijas reforzadas, sistema VP-3831 de alúmina o equivalente. Marco y estructura en aluminio anodizado color natural. Compuesta de marco y parales verticales piso-techo en tubería rectangular de 3x1½" (ref. T-103), cristal templado claro, espesor de 6 mm. Incluye pisavidrios a presión (ref. 177), empaques, sellado del marco (interior y exterior) fondo de junta con espuma de poliolefina tipo sikarod o equivalente de Ø= 6 mm. y acabado de junta con masilla elástica de poliuretano tipo sikaflex-1a o equivalente y todos los elementos necesarios para su correcta fabricación, instalación y funcionamiento. Ver cuadro de puertas y ventanas. | C98: m2 | D98: 27.5 | E98: 175087 | F98: =E98*D98 -> 4814892.5 | H98: Concertado
A99: 13.4 | B99: Suministro, transporte y colocación de Puerta metálica (marco y ala) calibre 20 de 0.8x2.10 m. Incluye chapa de seguridad tipo Yale o equivalente, anticorrosivo y esmalte de acabado y todo los demás elementos requeridos para su correcta fabricación e instalación, según diseño. | C99: un | D99: 14 | E99: 373938 | F99: =E99*D99 -> 5235132 | H99: Concertado
A100: 13.5 | B100: Suministro, transporte y colocación de Puerta metálica (marco y ala) calibre 20 de 0.9x2.10 m. Incluye chapa de seguridad tipo Yale o equivalente, anticorrosivo y esmalte de acabado y todo los demás elementos requeridos para su correcta fabricación e instalación, según diseño. | C100: un | D100: 10 | E100: 403938 | F100: =E100*D100 -> 4039380 | H100: Concertado
A101: 13.6 | B101: Puerta de interior en madera entamborada, sencilla, con alma alveolada, triple de 4mm, bastidor de madera maciza, y paneles de tablero contrachapado de madera nacional; marco metálico para pintar; con herrajes de colgar y de cierre. | C101: m2 | D101: 40 | E101: 126222 | F101: =E101*D101 -> 5048880 | H101: Concertado
A102: 14 | B102: INSTALACIONES ELECTRICAS | G102: =SUM(F103:F161) -> 445163543
A103: 14.1 | B103: Suministro, transporte e instalación de poste de concreto octagonal de 12m x 750kgf, de acuerdo a la norma RA7-035. Incluye: ahoyada, hincada, aplomada, todos los elementos necesarios para su correcta instalación. | C103: un | D103: 1 | E103: 3032884 | F103: =E103*D103 -> 3032884 | H103: APU
A104: 14.2 | B104: Suministro, transporte e instalación de subestación trifásica en poste según norma EPM RA2-026. Incluye: herrajes, protecciones, fusibles, conectores, barraje primario y demás elementos requeridos para su correcta operación. No incluye puesta a tierra. | C104: un | D104: 1 | E104: 2720037 | F104: =E104*D104 -> 2720037 | H104: APU
A105: 14.3 | B105: Suministro, transporte e instalación de transformador trifásico en poste 75kVA aislado en aceite 13200/220-127V. Incluye: elementos de fijación, DPS's primarios, bujes protectores de vida silvestre, numeración y chequeo por parte de EPM. | C105: un | D105: 1 | E105: 15436753 | F105: =E105*D105 -> 15436753 | H105: APU
...

Sheet MC 15,1
C1: MEMORIA DE CALCULO DE CANTIDADES DE OBRA | H1: Página 1 de 1
C3: Público Reservado Clasificado
A5: DIRECCIÓN OBRA: CARMEN DE VIBORAL - ANTIOQUIA
A9: CAPÍTULO: | D9: DESCRIPCIÓN ÍTEM
A10: ITEM Nº. | C10: UNIDAD | D10: ='PRESUPUESTO PLAZA 07042022'!B163 -> Suministro, transporte e instalación de tubería ASTM A53 con costura sch 40 diámetro 1 1/2", incluye todos los accesorios con certificación UL/FM ranurados que se requieran para su correcta instalación . Estos deberán estar correctamente ranurados, sin presentar fugas, fisuras o cualquier otra clase de anomalía. Incluye además los soportes de la tubería sobre concreto o cercha, incluye la pintura anticorrosiva y esmaltada para señalizarción. Incluye las perforaciones (canchas) de paredes o pisos que lo requieran incluyendo cargue, transporte y botada de escombros en botaderos oficiales o donde indique la interventoría. Está se instalará para la red contra incendios que se encuentre expuesta.
A11: 15.1 | C11: M
D12: LOCALIZACIÓN | E12: MEDIDAS | H12: CANTIDAD | I12: TOTAL
E13: LARGO (m) | F13: ANCHO (m) | G13: ALTO (m)
D15: TUBERIA | H15: 350 | I15: =+H15 -> 350
D34: SUBTOTAL | I34: =SUM(I14:I33) -> 350
E35: CONTINUA EN LA FICHA FICHA Nº
D36: CANTIDAD | I36: =+I34+I35 -> 350
D37: OBSERVACIONES:
C42: NOMBRE
C43: FIRMA

Sheet MC 15,2
C1: MEMORIA DE CALCULO DE CANTIDADES DE OBRA | H1: Página 1 de 1
C3: Público Reservado Clasificado
A5: DIRECCIÓN OBRA: CARMEN DE VIBORAL - ANTIOQUIA
A9: CAPÍTULO: | D9: DESCRIPCIÓN ÍTEM
A10: ITEM Nº. | C10: UNIDAD | D10: ='PRESUPUESTO PLAZA 07042022'!B164 -> Suministro, transporte e instalaciónde tubería ASTM A53 con costura sch 40 diámetro 2", incluye todos los accesorios con certificación UL/FM ranurados que se requieran para su correcta instalación . Estos deberán estar correctamente ranurados, sin presentar fugas, fisuras o cualquier otra clase de anomalía. Incluye además los soportes de la tubería sobre concreto o cercha, incluye la pintura anticorrosiva y esmaltada para señalizarción. Incluye las perforaciones (canchas) de paredes o pisos que lo requieran incluyendo cargue, transporte y botada de escombros en botaderos oficiales o donde indique la interventoría. Está se instalará para la red contra incendios que se encuentre expuesta.
A11: 15.2 | C11: M
D12: LOCALIZACIÓN | E12: MEDIDAS | H12: CANTIDAD | I12: TOTAL
E13: LARGO (m) | F13: ANCHO (m) | G13: ALTO (m)
D15: TUBERIA | H15: 350 | I15: =+H15 -> 350
D34: SUBTOTAL | I34: =SUM(I14:I33) -> 350
E35: CONTINUA EN LA FICHA FICHA Nº
D36: CANTIDAD | I36: =+I34+I35 -> 350
D37: OBSERVACIONES:
C42: NOMBRE
C43: FIRMA

Sheet MC 15,3
C1: MEMORIA DE CALCULO DE CANTIDADES DE OBRA | H1: Página 1 de 1
C3: Público Reservado Clasificado
A5: DIRECCIÓN OBRA: CARMEN DE VIBORAL - ANTIOQUIA
A9: CAPÍTULO: | D9: DESCRIPCIÓN ÍTEM
A10: ITEM Nº. | C10: UNIDAD | D10: ='PRESUPUESTO PLAZA 07042022'!B165 -> Suministro, transporte e instalación de tubería 4" DE HIERRO DUCTIL CENTRIFUGADA EN CEMENTO O CPVC esta última bajo la norma AWWWC900 o AWWAC906 listada para sistemas contra incendio de diámetro 4", se debe apretar y bloquear toda la tubería subterránea, donde sea requerido, de acuerdo al requerimiento de NFPA 24 anclándola en los puntos de cambio de dirección, usando solamente bloques de diseño aprobado. Incluye todos los accesorios codos , tees, niples de transición de HIERRO DUCTIL a la tubería de acero al carbono ASTM A53, deberán ser en hierro dúltil y podrán ser unidos con flanches . Todos los accesorios y tuberías deberán estar correctamente instalados, sin presentar fugas, fisuras o cualquier otra clase de anomalía. Incluye además los soportes de la tubería sobre concreto anclajes, incluye la pintura anticorrosiva y esmaltada para señalización.
A11: 15.3 | C11: M
D12: LOCALIZACIÓN | E12: MEDIDAS | H12: CANTIDAD | I12: TOTAL
E13: LARGO (m) | F13: ANCHO (m) | G13: ALTO (m)
D15: TUBERIA | H15: 90 | I15: =+H15 -> 90
D34: SUBTOTAL | I34: =SUM(I14:I33) -> 90
E35: CONTINUA EN LA FICHA FICHA Nº
D36: CANTIDAD | I36: =+I34+I35 -> 90
D37: OBSERVACIONES:
C42: NOMBRE
C43: FIRMA

Sheet MC 15,4
C1: MEMORIA DE CALCULO DE CANTIDADES DE OBRA | H1: Página 1 de 1
C3: Público Reservado Clasificado
A5: DIRECCIÓN OBRA: CARMEN DE VIBORAL - ANTIOQUIA
A9: CAPÍTULO: | D9: DESCRIPCIÓN ÍTEM
A10: ITEM Nº. | C10: UNIDAD | D10: ='PRESUPUESTO PLAZA 07042022'!B166 -> Suministro, transporte e instalación de HIDRANTE con tubería 4" DE HIERRO DUCTIL , se debe apretar y bloquear toda la tubería subterránea, donde sea requerido, de acuerdo al requerimiento de NFPA 24 anclándola en los puntos de cambio de dirección, usando solamente bloques de diseño aprobado. Incluye todos los accesorios codos , tees, niples de transición de HIERRO DUCTIL a la tubería de acero al carbono ASTM A53, deberán ser en hierro dúltil y podrán ser unidos bridas y uniones dresser para transición. Todos los accesorios y tuberías deberán estar correctamente instalados, sin presentar fugas, fisuras o cualquier otra clase de anomalía. Incluye además los soportes de la tubería sobre concreto anclajes, incluye la pintura anticorrosiva y esmaltada para señalización.
A11: 15.4 | C11: M
D12: LOCALIZACIÓN | E12: MEDIDAS | H12: CANTIDAD | I12: TOTAL
E13: LARGO (m) | F13: ANCHO (m) | G13: ALTO (m)
D15: HIDRANTE | H15: 3 | I15: =+H15 -> 3
D34: SUBTOTAL | I34: =SUM(I14:I33) -> 3
E35: CONTINUA EN LA FICHA FICHA Nº
D36: CANTIDAD | I36: =+I34+I35 -> 3
D37: OBSERVACIONES:
C42: NOMBRE
C43: FIRMA

Sheet MC 15,5
C1: MEMORIA DE CALCULO DE CANTIDADES DE OBRA | H1: Página 1 de 1
C3: Público Reservado Clasificado
A5: DIRECCIÓN OBRA: CARMEN DE VIBORAL - ANTIOQUIA
A9: CAPÍTULO: | D9: DESCRIPCIÓN ÍTEM
A10: ITEM Nº. | C10: UNIDAD | D10: ='PRESUPUESTO PLAZA 07042022'!B167 -> Suministro transporte e instalación de TUBERÍA PVC-PRESIÓN, con un DIÁMETRO DE 3" RDE 21, 200 PSI. Incluye todos los accesorios en PVC de diámetro 3" incluyendo todos los accesorios reducidos que se requieran para su instalación. Estos deberán estar correctamente pegados usando limpiador, soldadura y teflón apropiados, sin presentar fugas, fisuras o cualquier otra clase de anomalía. Incluye además las perforaciones (canchas) de paredes o pisos que lo requieran incluyendo cargue, transporte y botada de escombros en botaderos oficiales o donde indique la interventoría.
A11: 15.5 | C11: M
D12: LOCALIZACIÓN | E12: MEDIDAS | H12: CANTIDAD | I12: TOTAL
E13: LARGO (m) | F13: ANCHO (m) | G13: ALTO (m)
D15: TUBERIA | H15: 90 | I15: =+H15 -> 90
D34: SUBTOTAL | I34: =SUM(I14:I33) -> 90
E35: CONTINUA EN LA FICHA FICHA Nº
D36: CANTIDAD | I36: =+I34+I35 -> 90
D37: OBSERVACIONES:
C42: NOMBRE
C43: FIRMA

Sheet MC 15,6
C1: MEMORIA DE CALCULO DE CANTIDADES DE OBRA | H1: Página 1 de 1
C3: Público Reservado Clasificado
A5: DIRECCIÓN OBRA: CARMEN DE VIBORAL - ANTIOQUIA
A9: CAPÍTULO: | D9: DESCRIPCIÓN ÍTEM
A10: ITEM Nº. | C10: UNIDAD | D10: ='PRESUPUESTO PLAZA 07042022'!B168 -> Suministro transporte e instalación de TUBERÍA PVC-PRESIÓN, con un DIÁMETRO DE 2 1/2" RDE 21, 200 PSI. Incluye todos los accesorios en PVC de diámetro 2 1/2" incluyendo todos los accesorios reducidos que se requieran para su instalación. Estos deberán estar correctamente pegados usando limpiador, soldadura y teflón apropiados, sin presentar fugas, fisuras o cualquier otra clase de anomalía. Incluye además las perforaciones (canchas) de paredes o pisos que lo requieran incluyendo cargue, transporte y botada de escombros en botaderos oficiales o donde indique la interventoría.
A11: 15.6 | C11: M
D12: LOCALIZACIÓN | E12: MEDIDAS | H12: CANTIDAD | I12: TOTAL
E13: LARGO (m) | F13: ANCHO (m) | G13: ALTO (m)
D15: TUBERIA | H15: 300 | I15: =+H15 -> 300
D34: SUBTOTAL | I34: =SUM(I14:I33) -> 300
E35: CONTINUA EN LA FICHA FICHA Nº
D36: CANTIDAD | I36: =+I34+I35 -> 300
D37: OBSERVACIONES:
C42: NOMBRE
C43: FIRMA

Sheet MC 15,7
C1: MEMORIA DE CALCULO DE CANTIDADES DE OBRA | H1: Página 1 de 1
C3: Público Reservado Clasificado
A5: DIRECCIÓN OBRA: CARMEN DE VIBORAL - ANTIOQUIA
A9: CAPÍTULO: | D9: DESCRIPCIÓN ÍTEM
A10: ITEM Nº. | C10: UNIDAD | D10: ='PRESUPUESTO PLAZA 07042022'!B169 -> Suministro, transporte y colocación de GABINETE PARA RED CONTRAINCENDIO DE 0,77x0,99x0,22 con canastilla para soporte de manguera de incendio. Incluye manguera de doble chaqueta, de 11/2" de 100 pies, 250psi, aprobada por FM y listada por UL, pitón en bronce aprobado por Fm y certificado por UL, un hacha , una llave spanner y un empaque de repuesto para la manguera. Incluye válvula 1 1/2" diámetro 38mm que debe ser aprobada por FM y listadas por UL para gabinetes de incendio. El precio unitario incluye el suministro e instalación y anclaje del gabinete, válvula de 1 1/2", la manguera, su conexión, boquilla, hacha, llave para manguera de 11/2", extintor multipropósito tapa en vidrio esmerilado y todos los elementos necesarios para su correcta instalación.
A11: 15.7 | C11: UNIDAD
D12: LOCALIZACIÓN | E12: MEDIDAS | H12: CANTIDAD | I12: TOTAL
E13: LARGO (m) | F13: ANCHO (m) | G13: ALTO (m)
D15: GABINETE | H15: 6 | I15: =+H15 -> 6
D34: SUBTOTAL | I34: =SUM(I14:I33) -> 6
E35: CONTINUA EN LA FICHA FICHA Nº
D36: CANTIDAD | I36: =+I34+I35 -> 6
D37: OBSERVACIONES:
C42: NOMBRE
C43: FIRMA

Sheet MC 15,8
C1: MEMORIA DE CALCULO DE CANTIDADES DE OBRA | H1: Página 1 de 1
C3: Público Reservado Clasificado
A5: DIRECCIÓN OBRA: CARMEN DE VIBORAL - ANTIOQUIA
A9: CAPÍTULO: | D9: DESCRIPCIÓN ÍTEM
A10: ITEM Nº. | C10: UNIDAD | D10: ='PRESUPUESTO PLAZA 07042022'!B170 -> Suministro, transporte e instalación de Válvula de prueba de acuerdo a NFPA 13 del sistema de regaderas ser una válvula aprobada por U.L o F.M . Debe instalarse con un orificio de descarga de 1/2" o 3/4" (dependerá del orificio del rociador) equivalente a la descarga de un rociador (al abrir la válvula de prueba la alarma de flujo debe activarse). Incluye todos los elementos requeridos para su correcta instalación y funcionamiento.
A11: 15.8 | C11: UNIDAD
D12: LOCALIZACIÓN | E12: MEDIDAS | H12: CANTIDAD | I12: TOTAL
E13: LARGO (m) | F13: ANCHO (m) | G13: ALTO (m)
D15: VALVULA | H15: 6 | I15: =+H15 -> 6
D34: SUBTOTAL | I34: =SUM(I14:I33) -> 6
E35: CONTINUA EN LA FICHA FICHA Nº
D36: CANTIDAD | I36: =+I34+I35 -> 6
D37: OBSERVACIONES:
C42: NOMBRE
C43: FIRMA

Sheet PRESUPUESTO PLAZA ET V29032022
B2: PRESUPUESTO OFICIAL
B3: ITEM | C3: ESPECIFICACIONES | D3: UND. | E3: CANT. | F3: VALOR UNITARIO | G3: VALOR TOTAL | H3: VALOR CAP.
B4: 3 | C4: MOVIMIENTOS DE TIERRA Y LLENOS | H4: =SUM(G5:G5) -> 13948169
B5: 3.3 | C5: Construcción de entibado temporal en tablón de madera (4 usos), bajo cualquier altura y grado de humedad. Incluye suministro, transporte y colocación de elementos en madera, el cargue, transporte interno y externo y botada de material sobrantes en los sitios donde lo indique la interventoría y su medida será en el sitio, su forma de pago se hará por el área que se encuentre en contacto con la tierra | D5: m2 | E5: 620 | F5: 22497 | G5: 13948169
B6: 12 | C6: CUBIERTA | H6: =SUM(G7:G7) -> 18369720
B7: 12.4 | C7: Suministro, transporte e instalación de tubería PVC Ventilación en bajantes con un diámetro de 4", agua lluvias. Incluye suministro y transporte de los materiales, bocas, accesorios, pegante, limpiador, wash primer, acabado en esmalte mate, color a definir por parte de interventoría, andamios, abrazaderas y todos los elementos necesarios para su correcta instalación y funcionamiento. | D7: m | E7: 540 | F7: 34018 | G7: =F7*E7 -> 18369720
B8: 13 | C8: PUERTAS Y VENTANAS | H8: =SUM(G9:G14) -> 1.3085972e+08
B9: 13.1 | C9: Suministro, transporte y colocación de Rejas ventanas en perfilería 2x1" y 1x1" calibre 20. Incluye masilla, pintura anticorrosiva, esmalte brillante y demás elementos necesarios para su correcta instalación. | D9: m2 | E9: 300 | F9: 101613 | G9: =F9*E9 -> 30483900
B10: 13.2 | C10: Suministro, transporte y colocación de ventanas vidrieras fijas y corredizas reforzadas, sistema VP-3831 de alúmina o equivalente. Marco y estructura en aluminio anodizado color natural. Compuesta de marco y parales verticales piso-techo en tubería rectangular de 3x1½" (ref. T-103), cristal templado claro, espesor de 6 mm. Incluye pisavidrios a presión (ref. 177), empaques, sellado del marco (interior y exterior) fondo de junta con espuma de poliolefina tipo sikarod o equivalente de Ø= 6 mm. y acabado de junta con masilla elástica de poliuretano tipo sikaflex-1a o equivalente y todos los elementos necesarios para su correcta fabricación, instalación y funcionamiento. Ver cuadro de puertas y ventanas. | D10: m2 | E10: 570 | F10: 142522 | G10: =F10*E10 -> 81237540
B11: 13.3 | C11: Suministro, transporte y colocación de puertas vidrieras fijas reforzadas, sistema VP-3831 de alúmina o equivalente. Marco y estructura en aluminio anodizado color natural. Compuesta de marco y parales verticales piso-techo en tubería rectangular de 3x1½" (ref. T-103), cristal templado claro, espesor de 6 mm. Incluye pisavidrios a presión (ref. 177), empaques, sellado del marco (interior y exterior) fondo de junta con espuma de poliolefina tipo sikarod o equivalente de Ø= 6 mm. y acabado de junta con masilla elástica de poliuretano tipo sikaflex-1a o equivalente y todos los elementos necesarios para su correcta fabricación, instalación y funcionamiento. Ver cuadro de puertas y ventanas. | D11: m2 | E11: 27.5 | F11: 175087 | G11: =F11*E11 -> 4814892.5
B12: 13.4 | C12: Suministro, transporte y colocación de Puerta metálica (marco y ala) calibre 20 de 0.8x2.10 m. Incluye chapa de seguridad tipo Yale o equivalente, anticorrosivo y esmalte de acabado y todo los demás elementos requeridos para su correcta fabricación e instalación, según diseño. | D12: un | E12: 14 | F12: 373938 | G12: =F12*E12 -> 5235132
B13: 13.5 | C13: Suministro, transporte y colocación de Puerta metálica (marco y ala) calibre 20 de 0.9x2.10 m. Incluye chapa de seguridad tipo Yale o equivalente, anticorrosivo y esmalte de acabado y todo los demás elementos requeridos para su correcta fabricación e instalación, según diseño. | D13: un | E13: 10 | F13: 403938 | G13: =F13*E13 -> 4039380
B14: 13.6 | C14: Puerta de interior en madera entamborada, sencilla, con alma alveolada, triple de 4mm, bastidor de madera maciza, y paneles de tablero contrachapado de madera nacional; marco metálico para pintar; con herrajes de colgar y de cierre. | D14: m2 | E14: 40 | F14: 126222 | G14: =F14*E14 -> 5048880
B15: 14 | C15: INSTALACIONES ELECTRICAS | H15: =SUM(G16:G86) -> 4.8014109e+08
C16: CANALIZACIONES, ALIMENTADORES Y DISTRIBUCIÓN
C17: Suministro, transporte e instalación de alimentación trifásica en cable de cobre 3#2AWG-LSZH (Fases) + 1#4AWG-LSZH (Neutro) + 1#6AWG-LSZH (Tierra). Incluye: terminales de ojo, cintas, marcación y de mas elementos para su correcta instalación | D17: m | E17: 5 | F17: 144803 | G17: =F17*E17 -> 724015
C18: Suministro, transporte e instalación de ML Zonas Comunes fabricado en lamina Cold Rolled Cal. 18, pintura electrostática con espacio para alojar breaker industrial 3x100A, 1 breaker industrial 3x80A, 2 breakers industriales 3x60A, 1 breaker industrial 3x40A, 1 DPS tipo 1+2 FV40B+C/4-150S. Incluye: elementos de fijación, marcación y demás requeridos para su correcta operación. | D18: un | E18: 1 | F18: 6670107 | G18: =F18*E18 -> 6670107
C19: Suministro, transporte e instalación de canaleta metálica cerrada de 30cmx8cm con tapa. Incluye: curvas, tees, elementos de fijación, cable de cobre desnudo #4 AWG a lo largo de todo el recorrido, marcación y demás requeridos para su correcta operación. | D19: m | E19: 120 | F19: 184239 | G19: =F19*E19 -> 22108680
C20: Suministro, transporte e instalación de tubería EMT Ø2''. Incluye: uniones, entradas a caja, curvas, elementos de fijación y marcación. | D20: m | E20: 20 | F20: 74500 | G20: =F20*E20 -> 1490000
C21: Suministro, transporte e instalación de tablero de 42 circuitos trifásico 5H, 225 Amperios, 208/120 voltios, con espacio para totalizador, barraje en cobre electrolítico 99% de pureza, barras de neutro y tierra, para interruptores tipo QUICK-LAG. Incluye: puerta bisagrada, chapa con llave, elementos de fijación, tapa breaker, marcación, diagrama unifilar y demás accesorios necesarios para su correcta instalación. | D21: un | E21: 1 | F21: 940578 | G21: =F21*E21 -> 940578
C22: Suministro, transporte e instalación de tablero de 12 circuitos trifásico 5H, 225 Amperios, 208/120 voltios, con espacio para totalizador, barraje en cobre electrolítico 99% de pureza, barras de neutro y tierra, para interruptores tipo QUICK-LAG. Incluye: puerta bisagrada, chapa con llave, elementos de fijación, tapa breaker, marcación, diagrama unifilar y demás accesorios necesarios para su correcta instalación. | D22: un | E22: 3 | F22: 606255 | G22: =F22*E22 -> 1818765
C23: Suministro, transporte e instalación de alimentador trifásico en cables de cobre 3No6(F) + 1No8(T) + 1No8(T) AWG-LSZH. Incluye: conectores, cintas, marcación, elementos de fijación y demás accesorios funcionamiento. | D23: m | E23: =120+50+50 -> 220 | F23: 63706 | G23: =F23*E23 -> 14015320
C24: Suministro, transporte e instalación de alimentador trifásico en cables de cobre 3No4(F) + 1No6(T) + 1No6(T) AWG-LSZH. Incluye: conectores, cintas, marcación, elementos de fijación y demás accesorios funcionamiento. | D24: m | E24: 10 | F24: 98206 | G24: =F24*E24 -> 982060
C25: Suministro, transporte e instalación de breaker industrial de 3x80A - Icc=10kA: Incluye: elementos de fijación. | D25: un | E25: 1 | F25: 303418 | G25: =F25*E25 -> 303418
C26: Suministro, transporte e instalación de breaker industrial de 3x60A - Icc=10kA: Incluye: elementos de fijación. | D26: un | E26: 3 | F26: 254188 | G26: =F26*E26 -> 762564
C27: Suministro, transporte e instalación de breaker monopolar enchufable 1x15A, 1x20A o 1x30A - Icc=10kA. | D27: un | E27: 43 | F27: 24936 | G27: =F27*E27 -> 1072248
C28: Suministro, transporte e instalación de breaker bipolar enchufable de 2x15A, 2x20A o 2x30A - Icc=10kA. | D28: un | E28: 1 | F28: 52940 | G28: =F28*E28 -> 52940
C29: Canaleta metálica de 12x5cm con división central, pestañas para tapar hacia afuera, calibre 22 USG, lamina cold-rolled, pintura electroestática en polvo horneable color gris texturizada. Incluye accesorios (curvas, derivaciones, etc.), elementos de fijación, puente eléctrico en cable de cobre N° 12 AWG y terminales de ojo en todas las uniones. Se debe garantizar la continuidad de las divisiones centrales. | D29: m | E29: 50 | F29: 118486 | G29: =F29*E29 -> 5924300
C30: Suministro, transporte e instalación de tubería EMT Ø3''. Incluye: uniones, entradas a caja, curvas, elementos de fijación y marcación. | D30: m | E30: 20 | F30: 269581 | G30: =F30*E30 -> 5391620
C31: Suministro, transporte e instalación de tubería EMT Ø1 1/2''. Incluye: uniones, entradas a caja, curvas, elementos de fijación y marcación. | D31: m | E31: 230 | F31: 84893 | G31: =F31*E31 -> 19525390
C32: SALIDAS DE FUERZA E ILUMINACIÓN
C33: Suministro, transporte e instalación de salida eléctrica para toma corriente doble con polo a tierra color blanco, 125V, 15A (NEMA 5-15R) en caja caja metálica 12x12x5cm. Incluye: 3m de tubo EMT de 3/4, 9m de cable de cobre 3xNo.12 AWG-LSZH, caja metálica 12x12x5, aparato con placa, conectores tipo resorte, marcación, elementos de fijación y demás requeridos para su correcta operación. | D33: un | E33: 147 | F33: 132544 | G33: =F33*E33 -> 19483968
C34: Suministro, transporte e instalación de salida eléctrica para toma corriente doble con polo a tierra GFCI, 125V, 15A (NEMA 5-15R) en caja pvc 12x12x5cm. Incluye: 3m de tubo PVC de 3/4, 9m de cable de cobre 3xNo.12 AWG-LSZH, caja PVC 12x12x5, aparato con placa, conectores tipo resorte, marcación, elementos de fijación y demás requeridos para su correcta operación. | D34: un | E34: 2 | F34: 193451 | G34: =F34*E34 -> 386902
C35: Suministro, transporte e instalación de salida eléctrica para iluminación con toma corriente doble con polo a tierra color blanco, 125V, 15A (NEMA 5-15R) en caja caja metálica 12x12x5cm. Incluye: 3m de tubo EMT de 3/4, 9m de cable de cobre 3xNo.12 AWG-LSZH, caja metálica 12x12x5, aparato con placa, conectores tipo resorte, marcación, elementos de fijación y demás requeridos para su correcta operación. | D35: un | E35: 131 | F35: 132544 | G35: =F35*E35 -> 17363264
C36: Suministro, transporte e instalación de salida eléctrica para interruptor sencillo 125V - 10A color blanco en caja metálica tipo Rawelt. Incluye: 3m de tubo EMT de 3/4, 9m de cable de cobre 3xNo.12 AWG-LSZH, caja metálica tipo Rawelt 2x4, aparato con placa, conectores tipo resorte, marcación, elementos de fijación y demás requeridos para su correcta operación. | D36: un | E36: 12 | F36: 157235 | G36: =F36*E36 -> 1886820
C37: Suministro, transporte e instalación de tubería EMT Ø3/4''. Incluye: uniones, entradas a caja, curvas, elementos de fijación y marcación. | D37: m | E37: 1260 | F37: 23407 | G37: =F37*E37 -> 29492820
C38: Suministro, transporte e instalación de coraza americana de ⌀3/4''. Incluye: elementos de fijación, marcación y demás elementos para su correcta instalación. | D38: m | E38: 40 | F38: 15897 | G38: =F38*E38 -> 635880
C39: Suministro, transporte e instalación de conector curvo o recto ⌀3/4'' para coraza. | D39: un | E39: 40 | F39: 14401 | G39: =F39*E39 -> 576040
C40: Suministro, transporte e instalación de caja de paso metálica 12x12x5cm con tapa troquel universal y/o tapa lisa. Incluye: elementos de fijación y marcación. | D40: un | E40: 40 | F40: 21570 | G40: =F40*E40 -> 862800
C41: Suministro, transporte e instalación de cable de cobre #12 AWG-LSZH. Incluye: elementos de fijación y marcación. | D41: m | E41: 3800 | F41: 4391 | G41: =F41*E41 -> 16685800
C42: Suministro, transporte e instalación de cable de cobre #10 AWG-LSZH. Incluye: elementos de fijación y marcación. | D42: m | E42: 100 | F42: 6035 | G42: =F42*E42 -> 603500 | H42: 0.0266
C43: Suministro, transporte e instalación de salida eléctrica para toma corriente doble con polo a tierra intemperie, 125V, 15A (NEMA 5-15R) en caja pvc 12x12x5cm. Incluye: 3m de tubo PVC de 3/4, 9m de cable de cobre 3xNo.12 AWG-LSZH, caja PVC 12x12x5, aparato con placa, conectores tipo resorte, marcación, elementos de fijación y demás requeridos para su correcta operación. | D43: un | E43: 10 | F43: 132544 | G43: =F43*E43 -> 1325440
C44: Suministro, transporte e instalación de tubería PVC Ø3/4''. Incluye: uniones, entradas a caja, curvas, elementos de fijación y marcación. | D44: m | E44: 1260 | F44: 8657 | G44: =F44*E44 -> 10907820
C45: LUMINARIAS
C46: Suministro, transporte e instalación de luminaria hermética LED 50W DL HIGH FLUX, 140 lm/W, 7000 lm, 50000h L70, IP65, IK05. Incluye: elementos de fijación, cable encauchetado 3x16AWG y clavija. | D46: un | E46: 129 | F46: 263897 | G46: =F46*E46 -> 34042713
C47: Suministro, transporte e instalación de panel LED redondo de 18W tipo cilindro de sobreponer, color 6500K , 1080lm, 60lm/W, ángulo de apertura 140°, CRI>70. Incluye: elementos de fijación, cable encauchetado 3x16AWG y clavija. | D47: un | E47: 4 | F47: 85745 | G47: =F47*E47 -> 342980
C48: Suministro, transporte e instalación de luminaria LED de emergencia con botón de prueba e indicador de carga, simétrica dirigible de 2x1.6W, flujo luminoso 2x130lm, 6000K y autonomía de 90min. Incluye: elementos de fijación, cable encauchetado 3x16AWG y clavija. | D48: un | E48: 22 | F48: 186850 | G48: =F48*E48 -> 4110700
C49: COMUNICACIONES
C50: Suministro, transporte e instalación de bajante en TMG ⌀2"x4.5m. Incluye: capacete con grapa de puesta a tierra, elementos de fijación y marcación. | D50: un | E50: 1 | F50: 546802 | G50: =F50*E50 -> 546802
C51: Suministro, transporte e instalación de caja según norma TEL -NIN114. Incluye: marcación externa e interna. | D51: un | E51: 3 | F51: 915452 | G51: =F51*E51 -> 2746356
C52: Suministro, transporte e instalación de tubería de 2x∅2" PVC-DB zona dura. Incluye: accesorios PVC (terminales, curvas, uniones), soldadura PVC, banda plástica riesgo eléctrico y demás requeridos para su correcta operación. | D52: m | E52: 50 | F52: 105517 | G52: =F52*E52 -> 5275850
C53: Suministro, transporte e instalación de bandeja portacable tipo malla de 30cmx5cm. Incluye: uniones, chapetas, chapeta puesta a tierra, cable de cobre desnudo No. 8 AWG a lo largo del recorrido, soporte tipo peldaño, cuelgas, soportes para tubo y demás elementos requeridos para su correcta instalación. | D53: m | E53: 120 | F53: 111955 | G53: =F53*E53 -> 13434600
C54: Suministro, transporte e instalación de tubería EMT Ø3/4''. Incluye: uniones, entradas a caja, curvas, elementos de fijación y marcación. | D54: m | E54: 500 | F54: 23407 | G54: =F54*E54 -> 11703500
C55: Suministro, transporte e instalación de de cajas metálica PAU 50x30x6cm. Incluye: elementos de fijación. | D55: un | E55: 1 | F55: 319729 | G55: =F55*E55 -> 319729
C56: Instalación de rack abierto de 19" estándar, 4 postes, EIA, 45RU, 23" de profundidad, perforado y unido. Incluye: elementos de fijación. | D56: un | E56: 1 | F56: 2149140 | G56: =F56*E56 -> 2149140
C57: Instalación de rack de pared de 19" estándar, 52cm ancho, 29cm alto, 40cm profundida, perforado y unido. Incluye: elementos de fijación. | D57: un | E57: 1 | F57: 1135587 | G57: =F57*E57 -> 1135587
C58: S.T.I. de bandeja porta equipos. Incluye: elementos de fijación. | D58: un | E58: 2 | F58: 146052 | G58: =F58*E58 -> 292104
C59: S.T.I. de organizador horizontal de 40mmx60mm. | D59: un | E59: 12 | F59: 388476 | G59: =F59*E59 -> 4661712
C60: S.T.I. de organizador vertical de alta densidad de 45RU. Incluye: elementos de fijación. | D60: un | E60: 2 | F60: 507951 | G60: =F60*E60 -> 1015902
C61: S.T.I. de salida de datos Cat. 6A F/UTP. Incluye: Face plate, Jack, marcación y demas elementos requeridos para su correcta instalación. | D61: un | E61: 14 | F61: 146453 | G61: =F61*E61 -> 2050342
... C67: Certificaciónes | D67: un | E67: 14 | F67: 25000 | G67: =F67*E67 -> 350000
C68: MALLA DE PUESTA A TIERRA Y SISTEMA DE PROTECCIÓN CONTRA RAYOS
C69: Suministro, transporte e instalación de varilla de puesta a tierra de 5/8''x2400mm. | D69: un | E69: 8 | F69: 125499 | G69: =F69*E69 -> 1003992
C70: Suministro, transporte e instalación de cable de cobre desnudo No.1/0AWG. | D70: un | E70: =30+15+20+6+10+2 -> 83 | F70: 50074 | G70: =F70*E70 -> 4156142
C71: Suministro, transporte e instalación de soldadura exotérmica de 115gr. | D71: un | E71: =14+11 -> 25 | F71: 58582 | G71: =F71*E71 -> 1464550
C72: Suministro, transporte e instalación de caja de inspección según norma EPM RS3-001. | D72: un | E72: 1 | F72: 547207 | G72: =F72*E72 -> 547207
C73: ILUMINACIÓN URBANISMO
C74: Suministro, transporte e instalación de gabinete para control de iluminación exterior y puntos fijos fabricado en lamina cold rolled Cal. 18, pintura electrostática con espacio para alojar 8 contactores AC3 de 30A, 8 muletillas de 2 posiciones, 8 pilotos verdes, 16 borneras de 6mm2 y dimensiones aproximadas de 80x80x25cm. Incluye: equipamiento eléctrico, marcación y elementos de fijación. | D74: un | E74: 1 | F74: 4356654 | G74: =F74*E74 -> 4356654
C75: Suministro, transporte e instalación de herraje para caja según norma RS3-001. Incluye: herraje, marcación y demás elementos requeridos para su correcta instalación. | D75: un | E75: 28 | F75: 547207 | G75: =F75*E75 -> 15321796
C76: Suministro, transporte e instalación de tubería de 1∅2" PVC-DB , incluye entradas tipo campana PVC de 2" y todos los elementos necesarios para su correcta instalación y puesta en marcha. | D76: un | E76: 450 | F76: 90555 | G76: =F76*E76 -> 40749750
C77: Suministro, transporte e instalación de poste de concreto ornamental tipo Carabobo. Incluye: ahoyada, hincada y aplomada. | D77: un | E77: 28 | F77: 1033793 | G77: =F77*E77 -> 28946204
C78: Suministro, transporte e instalación de brazo ornamental sencillo tipo Carabobo (Largo). | D78: un | E78: 28 | F78: 434282 | G78: =F78*E78 -> 12159896
C79: Suministro, transporte e instalación de luminaria de alumbrado público LED de 48W, 132,7 lm/W, 3557 lm, 100000 h L70, IP66, IK09. Incluye: 12m de cable encauchetado 3x14AWG, fotocelda, empalmes y cintas. | D79: un | E79: 28 | F79: 1723534 | G79: =F79*E79 -> 48258952
C80: Suministro, transporte e instalación de alimentador para alumbrado público exterior en cables 2No.8(F) + 1No.8(T) AWG-THWN. Incluye: Cintas, marcación y demás accesorios para su correcta instalación. | D80: m | E80: 450 | F80: 25880 | G80: =F80*E80 -> 11646000
C81: Suministro, transporte e instalación de varilla de puesta a tierra de 5/8''x2400mm. | D81: un | E81: 7 | F81: 125499 | G81: =F81*E81 -> 878493
C82: DISEÑOS Y TRAMITES
C83: Certificación RETIE | D83: un | E83: 1 | F83: 11000000 | G83: =F83*E83 -> 11000000
C84: Certificación RETILAP | D84: un | E84: 1 | F84: 11000000 | G84: =F84*E84 -> 11000000
C85: Tramites operador de red EPM | D85: un | E85: 1 | F85: 2000000 | G85: =F85*E85 -> 2000000
C86: Suministro, transporte e instalación de Acometida de alambre 3 No12 cobre THHN/THWN-90ºC. Incluye accesorios para su correcta instalación y funcionamiento según Retie. | D86: ml | E86: 2294.18 | F86: 4971 | G86: =F86*E86 -> 11404369
